Workbook
Name PredDLR: [1]Parameters!$C$45
Name PredOHR: [1]Parameters!$C$38
Name VAT: [1]Parameters!$C$20

Sheet Physician Comparative Tariffs
A1: HEALTHMAN PHYSICIAN COSTING GUIDE 2026
A3: COMPARATIVE TARIFFS
D4: HealthMan | F4: BankMed | Q4: Bonitas | U4: Discovery | AE4: FedHealth | AJ4: GEMS | AN4: KeyHealth | AQ4: POLMED | AU4: Other
A5: Code | B5: Terminology | C5: Average Duration Professional | D5: Upper Benchmark Tariff | E5: RCF | F5: Non-Network Base Rate | G5: Non-Network RCF | H5: Network Base Rate | I5: Network RCF | J5: DPA | K5: DPA | L5: DPA | M5: DPA | N5: DPA | O5: DPA | P5: DPA | Q5: Base Rate | R5: RCF | S5: DPA | T5: DPA | U5: Non-Network Base Rate | V5: Non-Network RCF | W5: Network Base Rate | X5: Network RCF | Y5: KeyCare | Z5: Prem A (IH) | AA5: Prem A (OH) | AB5: Prem B | AC5: Classic Rate | AD5: Exec Rate | AE5: Base Rate | AF5: RCF | AG5: DPA | AH5: DPA | AI5: DPA | AJ5: Non-Contracted Base Rate | AK5: Non-Contracted RCF | AL5: Contracted Base Rate | AM5: Contracted RCF | AN5: Base Rate | AO5: RCF | AP5: DPA | AQ5: Contracted Base Rate | AR5: RCF | AS5: POLMED DPA | AT5: POLMED DPA | AU5: BestMed Base Rate | AV5: BestMed RCF | AW5: CAMAF Base Rate | AX5: CAMAF RCF | AY5: Medihelp Base Rate | AZ5: Medihelp RCF | BA5: Profmed Base Rate | BB5: Profmed RCF
J6: 1.1 | K6: 1.37 | L6: 1.47 | M6: 1.62 | N6: 2 | O6: 2.15 | P6: 3 | S6: 1.3 | T6: 1.5 | Y6: 1.1 | Z6: 1.37 | AA6: 1.62 | AB6: 1.47 | AC6: 2.17 | AD6: 3 | AG6: 1.65 | AH6: 2.1 | AI6: 3 | AP6: 1.5 | AS6: 1.3 | AT6: 1.45
C7: Units | D7: R | E7: R | F7: R | G7: R | H7: R | I7: R | J7: R | K7: R | L7: R | M7: R | N7: R | O7: R | P7: R | Q7: R | R7: R | S7: R | T7: R | U7: R | V7: R | W7: R | X7: R | Y7: R | Z7: R | AA7: R | AB7: R | AC7: R | AD7: R | AE7: R | AF7: R | AG7: R | AH7: R | AI7: R | AJ7: R | AK7: R | AL7: R | AM7: R | AN7: R | AO7: R | AP7: R | AQ7: R | AR7: R | AS7: R | AT7: R | AU7: R | AV7: R | AW7: R | AX7: R | AY7: R | AZ7: R | BA7: R | BB7: R
B8: Consultations:
B10: See the Notes below for All Tariffs
A11: 0109 | B11: Hospital follow-up visit | C11: 15 | D11: =ROUND(E11*C11,1) -> 1129 | E11: =RCFs!C$43 -> 75.268515 | F11: =ROUNDDOWN((H11/1.039),1) -> 432.6 | G11: =F11/C11 -> 28.84 | H11: 449.5 | I11: =H11/C11 -> 29.966667 | J11: =ROUND($C11*$I11*J$6,1) -> 494.5 | K11: =ROUND($C11*$I11*K$6,1) -> 615.8 | L11: =ROUND($C11*$I11*L$6,1) -> 660.8 | M11: =ROUND($C11*$I11*M$6,1) -> 728.2 | N11: =ROUND($C11*$I11*N$6,1) -> 899 | O11: =ROUND($C11*$I11*O$6,1) -> 966.4 | P11: =ROUND($C11*$I11*P$6,1) -> 1348.5 | Q11: 467.5 | R11: =Q11/C11 -> 31.166667 | S11: =ROUNDDOWN($Q11*S$6,1) -> 607.7 | T11: =ROUNDDOWN($Q11*T$6,1) -> 701.2 | U11: 303 | V11: =U11/C11 -> 20.2 | W11: 322.9 | X11: =W11/C11 -> 21.526667 | Y11: =ROUNDDOWN($W11*Y$6,1) -> 355.1 | Z11: =ROUNDDOWN($W11*Z$6,1) -> 442.3 | AA11: =ROUNDDOWN($W11*AA$6,1) -> 523 | AB11: =ROUNDDOWN($W11*AB$6,1) -> 474.6 | AC11: =ROUNDDOWN($W11*AC$6,1) -> 700.6 | AD11: =ROUNDDOWN($W11*AD$6,1) -> 968.7 | AE11: 463.4 | AF11: =AE11/C11 -> 30.893333 | AG11: =ROUND($AE11*AG$6,1) -> 764.6 | AH11: =ROUND($AE11*AH$6,1) -> 973.1 | AI11: =ROUND($AE11*AI$6,1) -> 1390.2 | AJ11: 446.9 | AK11: =AJ11/C11 -> 29.793333 | AL11: 607.8 | AM11: =AL11/C11 -> 40.52 | AN11: 486.9 | AO11: =AN11/C11 -> 32.46 | AP11: =ROUNDDOWN($AN11*AP$6,1) -> 730.3 | AQ11: 487.5 | AR11: =AQ11/C11 -> 32.5 | AS11: =ROUNDDOWN($AQ11*AS$6,1) -> 633.7 | AT11: =ROUNDDOWN($AQ11*AT$6,1) -> 706.8 | AU11: 472.4 | AV11: =AU11/C11 -> 31.493333 | AW11: 480.2 | AX11: =AW11/C11 -> 32.013333 | AZ11: =AY11/C11 -> 0 | BA11: =ROUNDDOWN(C11*BB11,1) -> 461.8 | BB11: =RCFs!I$41 -> 30.791
A12: 0113 | B12: Newborn Attendance - Emergency at all hours | C12: 45 | D12: =ROUND(E12*C12,1) -> 3387.1 | E12: =RCFs!C$43 -> 75.268515 | F12: =ROUNDDOWN((H12/1.039),1) -> 1298 | G12: =F12/C12 -> 28.844444 | H12: 1348.7 | I12: =H12/C12 -> 29.971111 | J12: =ROUND($C12*$I12*J$6,1) -> 1483.6 | K12: =ROUND($C12*$I12*K$6,1) -> 1847.7 | L12: =ROUND($C12*$I12*L$6,1) -> 1982.6 | M12: =ROUND($C12*$I12*M$6,1) -> 2184.9 | N12: =ROUND($C12*$I12*N$6,1) -> 2697.4 | O12: =ROUND($C12*$I12*O$6,1) -> 2899.7 | P12: =ROUND($C12*$I12*P$6,1) -> 4046.1 | Q12: 1402.5 | R12: =Q12/C12 -> 31.166667 | S12: =ROUNDDOWN($Q12*S$6,1) -> 1823.2 | T12: =ROUNDDOWN($Q12*T$6,1) -> 2103.7 | U12: 1269 | V12: =U12/C12 -> 28.2 | W12: 1351.6 | X12: =W12/C12 -> 30.035556 | Y12: =ROUNDDOWN($W12*Y$6,1) -> 1486.7 | Z12: =ROUNDDOWN($W12*Z$6,1) -> 1851.6 | AA12: =ROUNDDOWN($W12*AA$6,1) -> 2189.5 | AB12: =ROUNDDOWN($W12*AB$6,1) -> 1986.8 | AC12: =ROUNDDOWN($W12*AC$6,1) -> 2932.9 | AD12: =ROUNDDOWN($W12*AD$6,1) -> 4054.8 | AE12: 1390.8 | AF12: =AE12/C12 -> 30.906667 | AG12: =ROUND($AE12*AG$6,1) -> 2294.8 | AH12: =ROUND($AE12*AH$6,1) -> 2920.7 | AI12: =ROUND($AE12*AI$6,1) -> 4172.4 | AJ12: 0 | AK12: =AJ12/C12 -> 0 | AL12: 0 | AM12: =AL12/C12 -> 0 | AO12: =AN12/C12 -> 0 | AP12: =ROUNDDOWN($AN12*AP$6,1) -> 0 | AQ12: 1463.8 | AR12: =AQ12/C12 -> 32.528889 | AS12: =ROUNDDOWN($AQ12*AS$6,1) -> 1902.9 | AT12: =ROUNDDOWN($AQ12*AT$6,1) -> 2122.5 | AU12: 1416.5 | AV12: =AU12/C12 -> 31.477778 | AW12: 0 | AX12: =AW12/C12 -> 0 | AZ12: =AY12/C12 -> 0 | BA12: =ROUNDDOWN(C12*BB12,1) -> 1385.5 | BB12: =RCFs!I$41 -> 30.791
A13: 0129 | B13: Prolonged first/follow-up consultation : 15 min | C13: 15 | D13: =ROUND(E13*C13,1) -> 1129 | E13: =RCFs!C$43 -> 75.268515 | F13: =ROUNDDOWN((H13/1.039),1) -> 432.6 | G13: =F13/C13 -> 28.84 | H13: 449.5 | I13: =H13/C13 -> 29.966667 | J13: =ROUND($C13*$I13*J$6,1) -> 494.5 | K13: =ROUND($C13*$I13*K$6,1) -> 615.8 | L13: =ROUND($C13*$I13*L$6,1) -> 660.8 | M13: =ROUND($C13*$I13*M$6,1) -> 728.2 | N13: =ROUND($C13*$I13*N$6,1) -> 899 | O13: =ROUND($C13*$I13*O$6,1) -> 966.4 | P13: =ROUND($C13*$I13*P$6,1) -> 1348.5 | Q13: 467.5 | R13: =Q13/C13 -> 31.166667 | S13: =ROUNDDOWN($Q13*S$6,1) -> 607.7 | T13: =ROUNDDOWN($Q13*T$6,1) -> 701.2 | U13: 422.9 | V13: =U13/C13 -> 28.193333 | W13: 450.4 | X13: =W13/C13 -> 30.026667 | Y13: =ROUNDDOWN($W13*Y$6,1) -> 495.4 | Z13: =ROUNDDOWN($W13*Z$6,1) -> 617 | AA13: =ROUNDDOWN($W13*AA$6,1) -> 729.6 | AB13: =ROUNDDOWN($W13*AB$6,1) -> 662 | AC13: =ROUNDDOWN($W13*AC$6,1) -> 977.3 | AD13: =ROUNDDOWN($W13*AD$6,1) -> 1351.2 | AE13: 463.4 | AF13: =AE13/C13 -> 30.893333 | AG13: =ROUND($AE13*AG$6,1) -> 764.6 | AH13: =ROUND($AE13*AH$6,1) -> 973.1 | AI13: =ROUND($AE13*AI$6,1) -> 1390.2 | AJ13: 437.7 | AK13: =AJ13/C13 -> 29.18 | AL13: 607.8 | AM13: =AL13/C13 -> 40.52 | AN13: 486.9 | AO13: =AN13/C13 -> 32.46 | AP13: =ROUNDDOWN($AN13*AP$6,1) -> 730.3 | AQ13: 487.5 | AR13: =AQ13/C13 -> 32.5 | AS13: =ROUNDDOWN($AQ13*AS$6,1) -> 633.7 | AT13: =ROUNDDOWN($AQ13*AT$6,1) -> 706.8 | AU13: 472.4 | AV13: =AU13/C13 -> 31.493333 | AW13: 480.2 | AX13: =AW13/C13 -> 32.013333 | AZ13: =AY13/C13 -> 0 | BA13: =ROUNDDOWN(C13*BB13,1) -> 461.8 | BB13: =RCFs!I$41 -> 30.791
A14: 0130 | B14: Telephone consultation (all hours) | C14: 12 | D14: =ROUND(E14*C14,1) -> 903.2 | E14: =RCFs!C$43 -> 75.268515 | F14: =ROUNDDOWN((H14/1.039),1) -> 374.8 | G14: =F14/C14 -> 31.233333 | H14: 389.5 | I14: =H14/C14 -> 32.458333 | J14: =ROUND($C14*$I14*J$6,1) -> 428.5 | K14: =ROUND($C14*$I14*K$6,1) -> 533.6 | L14: =ROUND($C14*$I14*L$6,1) -> 572.6 | M14: =ROUND($C14*$I14*M$6,1) -> 631 | N14: =ROUND($C14*$I14*N$6,1) -> 779 | O14: =ROUND($C14*$I14*O$6,1) -> 837.4 | P14: =ROUND($C14*$I14*P$6,1) -> 1168.5 | Q14: 560.9 | R14: =Q14/C14 -> 46.741667 | S14: =ROUNDDOWN($Q14*S$6,1) -> 729.1 | T14: =ROUNDDOWN($Q14*T$6,1) -> 841.3 | U14: 387.9 | V14: =U14/C14 -> 32.325 | W14: 413 | X14: =W14/C14 -> 34.416667 | Y14: =ROUNDDOWN($W14*Y$6,1) -> 454.3 | Z14: =ROUNDDOWN($W14*Z$6,1) -> 565.8 | AA14: =ROUNDDOWN($W14*AA$6,1) -> 669 | AB14: =ROUNDDOWN($W14*AB$6,1) -> 607.1 | AC14: =ROUNDDOWN($W14*AC$6,1) -> 896.2 | AD14: =ROUNDDOWN($W14*AD$6,1) -> 1239 | AE14: 556.1 | AF14: =AE14/C14 -> 46.341667 | AG14: =ROUND($AE14*AG$6,1) -> 917.6 | AH14: =ROUND($AE14*AH$6,1) -> 1167.8 | AI14: =ROUND($AE14*AI$6,1) -> 1668.3 | AJ14: 523 | AK14: =AJ14/C14 -> 43.583333 | AL14: 711.4 | AM14: =AL14/C14 -> 59.283333 | AN14: 585.1 | AO14: =AN14/C14 -> 48.758333 | AP14: =ROUNDDOWN($AN14*AP$6,1) -> 877.6 | AQ14: 585.5 | AR14: =AQ14/C14 -> 48.791667 | AS14: =ROUNDDOWN($AQ14*AS$6,1) -> 761.1 | AT14: =ROUNDDOWN($AQ14*AT$6,1) -> 848.9 | AU14: 378 | AV14: =AU14/C14 -> 31.5 | AW14: 0 | AX14: =AW14/C14 -> 0 | AZ14: =AY14/C14 -> 0 | BA14: =ROUNDDOWN(C14*BB14,1) -> 369.4 | BB14: =RCFs!I$41 -> 30.791
A15: 0132 | B15: Repeat Script | C15: 5 | D15: =ROUND(E15*C15,1) -> 376.3 | E15: =RCFs!C$43 -> 75.268515 | F15: =ROUNDDOWN((H15/1.039),1) -> 144.3 | G15: =F15/C15 -> 28.86 | H15: 150 | I15: =H15/C15 -> 30 | J15: =ROUND($C15*$I15*J$6,1) -> 165 | K15: =ROUND($C15*$I15*K$6,1) -> 205.5 | L15: =ROUND($C15*$I15*L$6,1) -> 220.5 | M15: =ROUND($C15*$I15*M$6,1) -> 243 | N15: =ROUND($C15*$I15*N$6,1) -> 300 | O15: =ROUND($C15*$I15*O$6,1) -> 322.5 | P15: =ROUND($C15*$I15*P$6,1) -> 450 | Q15: 156.2 | R15: =Q15/C15 -> 31.24 | S15: =ROUNDDOWN($Q15*S$6,1) -> 203 | T15: =ROUNDDOWN($Q15*T$6,1) -> 234.3 | U15: 140.9 | V15: =U15/C15 -> 28.18 | W15: 149.8 | X15: =W15/C15 -> 29.96 | Y15: =ROUNDDOWN($W15*Y$6,1) -> 164.7 | Z15: =ROUNDDOWN($W15*Z$6,1) -> 205.2 | AA15: =ROUNDDOWN($W15*AA$6,1) -> 242.6 | AB15: =ROUNDDOWN($W15*AB$6,1) -> 220.2 | AC15: =ROUNDDOWN($W15*AC$6,1) -> 325 | AD15: =ROUNDDOWN($W15*AD$6,1) -> 449.4 | AE15: 154.9 | AF15: =AE15/C15 -> 30.98 | AG15: =ROUND($AE15*AG$6,1) -> 255.6 | AH15: =ROUND($AE15*AH$6,1) -> 325.3 | AI15: =ROUND($AE15*AI$6,1) -> 464.7 | AJ15: 148.9 | AK15: =AJ15/C15 -> 29.78 | AL15: 202.9 | AM15: =AL15/C15 -> 40.58 | AN15: 162.7 | AO15: =AN15/C15 -> 32.54 | AP15: =ROUNDDOWN($AN15*AP$6,1) -> 244 | AQ15: 162.4 | AR15: =AQ15/C15 -> 32.48 | AS15: =ROUNDDOWN($AQ15*AS$6,1) -> 211.1 | AT15: =ROUNDDOWN($AQ15*AT$6,1) -> 235.4 | AU15: 157.4 | AV15: =AU15/C15 -> 31.48 | AW15: 160.1 | AX15: =AW15/C15 -> 32.02 | AZ15: =AY15/C15 -> 0 | BA15: =ROUNDDOWN(C15*BB15,1) -> 153.9 | BB15: =RCFs!I$41 -> 30.791
A16: 0133 | B16: Special motivations for procedures and treatment | C16: 9 | D16: =ROUND(E16*C16,1) -> 677.4 | E16: =RCFs!C$43 -> 75.268515 | F16: =ROUNDDOWN((H16/1.039),1) -> 259.5 | G16: =F16/C16 -> 28.833333 | H16: 269.7 | I16: =H16/C16 -> 29.966667 | J16: =ROUND($C16*$I16*J$6,1) -> 296.7 | K16: =ROUND($C16*$I16*K$6,1) -> 369.5 | L16: =ROUND($C16*$I16*L$6,1) -> 396.5 | M16: =ROUND($C16*$I16*M$6,1) -> 436.9 | N16: =ROUND($C16*$I16*N$6,1) -> 539.4 | O16: =ROUND($C16*$I16*O$6,1) -> 579.9 | P16: =ROUND($C16*$I16*P$6,1) -> 809.1 | Q16: 280.5 | R16: =Q16/C16 -> 31.166667 | S16: =ROUNDDOWN($Q16*S$6,1) -> 364.6 | T16: =ROUNDDOWN($Q16*T$6,1) -> 420.7 | U16: 253.5 | V16: =U16/C16 -> 28.166667 | W16: 269.8 | X16: =W16/C16 -> 29.977778 | Y16: =ROUNDDOWN($W16*Y$6,1) -> 296.7 | Z16: =ROUNDDOWN($W16*Z$6,1) -> 369.6 | AA16: =ROUNDDOWN($W16*AA$6,1) -> 437 | AB16: =ROUNDDOWN($W16*AB$6,1) -> 396.6 | AC16: =ROUNDDOWN($W16*AC$6,1) -> 585.4 | AD16: =ROUNDDOWN($W16*AD$6,1) -> 809.4 | AE16: 277.9 | AF16: =AE16/C16 -> 30.877778 | AG16: =ROUND($AE16*AG$6,1) -> 458.5 | AH16: =ROUND($AE16*AH$6,1) -> 583.6 | AI16: =ROUND($AE16*AI$6,1) -> 833.7 | AJ16: 268.2 | AK16: =AJ16/C16 -> 29.8 | AL16: 364.7 | AM16: =AL16/C16 -> 40.522222 | AN16: 292.4 | AO16: =AN16/C16 -> 32.488889 | AP16: =ROUNDDOWN($AN16*AP$6,1) -> 438.6 | AQ16: 292.7 | AR16: =AQ16/C16 -> 32.522222 | AS16: =ROUNDDOWN($AQ16*AS$6,1) -> 380.5 | AT16: =ROUNDDOWN($AQ16*AT$6,1) -> 424.4 | AU16: 283.7 | AV16: =AU16/C16 -> 31.522222 | AW16: 288.1 | AX16: =AW16/C16 -> 32.011111 | AZ16: =AY16/C16 -> 0 | BA16: =ROUNDDOWN(C16*BB16,1) -> 277.1 | BB16: =RCFs!I$41 -> 30.791
A17: 0126 | B17: Unscheduled consultation (cons.room) | C17: 8 | D17: =ROUND(E17*C17,1) -> 602.1 | E17: =RCFs!C$43 -> 75.268515 | F17: =ROUNDDOWN((H17/1.039),1) -> 0 | G17: =F17/C17 -> 0 | I17: =H17/C17 -> 0 | J17: =ROUND($C17*$I17*J$6,1) -> 0 | K17: =ROUND($C17*$I17*K$6,1) -> 0 | L17: =ROUND($C17*$I17*L$6,1) -> 0 | M17: =ROUND($C17*$I17*M$6,1) -> 0 | N17: =ROUND($C17*$I17*N$6,1) -> 0 | O17: =ROUND($C17*$I17*O$6,1) -> 0 | P17: =ROUND($C17*$I17*P$6,1) -> 0 | R17: =Q17/C17 -> 0 | S17: =ROUNDDOWN($Q17*S$6,1) -> 0 | T17: =ROUNDDOWN($Q17*T$6,1) -> 0 | U17: =U19 -> 225.8 | V17: =U17/C17 -> 28.225 | W17: =W19 -> 240.3 | X17: =W17/C17 -> 30.0375 | Y17: =ROUNDDOWN($W17*Y$6,1) -> 264.3 | Z17: =ROUNDDOWN($W17*Z$6,1) -> 329.2 | AA17: =ROUNDDOWN($W17*AA$6,1) -> 389.2 | AB17: =ROUNDDOWN($W17*AB$6,1) -> 353.2 | AC17: =ROUNDDOWN($W17*AC$6,1) -> 521.4 | AD17: =ROUNDDOWN($W17*AD$6,1) -> 720.9 | AE17: =AE19 -> 247.1 | AF17: =AE17/C17 -> 30.8875 | AG17: =ROUND($AE17*AG$6,1) -> 407.7 | AH17: =ROUND($AE17*AH$6,1) -> 518.9 | AI17: =ROUND($AE17*AI$6,1) -> 741.3 | AJ17: =AJ19 -> 238.5 | AK17: =AJ17/C17 -> 29.8125 | AL17: =AL19 -> 324.4 | AM17: =AL17/C17 -> 40.55 | AN17: =AN19 -> 260.3 | AO17: =AN17/C17 -> 32.5375 | AP17: =ROUNDDOWN($AN17*AP$6,1) -> 390.4 | AQ17: =AQ19 -> 260 | AR17: =AR$11 -> 32.5 | AS17: =ROUNDDOWN($AQ17*AS$6,1) -> 338 | AT17: =ROUNDDOWN($AQ17*AT$6,1) -> 377 | AU17: =AU19 -> 251.7 | AV17: =AU17/C17 -> 31.4625 | AW17: =AW19 -> 256.1 | AX17: =AW17/C17 -> 32.0125 | AY17: =AY19 -> 0 | AZ17: =AY17/C17 -> 0 | BA17: =ROUNDDOWN(C17*BB17,1) -> 246.3 | BB17: =RCFs!I$41 -> 30.791
A18: 0145 | B18: Consultation : Away from doctor's room | C18: 6 | D18: =ROUND(E18*C18,1) -> 451.6 | E18: =RCFs!C$43 -> 75.268515 | F18: =ROUNDDOWN((H18/1.039),1) -> 173 | G18: =F18/C18 -> 28.833333 | H18: 179.8 | I18: =H18/C18 -> 29.966667 | J18: =ROUND($C18*$I18*J$6,1) -> 197.8 | K18: =ROUND($C18*$I18*K$6,1) -> 246.3 | L18: =ROUND($C18*$I18*L$6,1) -> 264.3 | M18: =ROUND($C18*$I18*M$6,1) -> 291.3 | N18: =ROUND($C18*$I18*N$6,1) -> 359.6 | O18: =ROUND($C18*$I18*O$6,1) -> 386.6 | P18: =ROUND($C18*$I18*P$6,1) -> 539.4 | Q18: =ROUNDDOWN(C18*R18,1) -> 187 | R18: =R$11 -> 31.166667 | S18: =ROUNDDOWN($Q18*S$6,1) -> 243.1 | T18: =ROUNDDOWN($Q18*T$6,1) -> 280.5 | U18: 169.3 | V18: =U18/C18 -> 28.216667 | W18: 180.3 | X18: =W18/C18 -> 30.05 | Y18: =ROUNDDOWN($W18*Y$6,1) -> 198.3 | Z18: =ROUNDDOWN($W18*Z$6,1) -> 247 | AA18: =ROUNDDOWN($W18*AA$6,1) -> 292 | AB18: =ROUNDDOWN($W18*AB$6,1) -> 265 | AC18: =ROUNDDOWN($W18*AC$6,1) -> 391.2 | AD18: =ROUNDDOWN($W18*AD$6,1) -> 540.9 | AE18: =ROUNDDOWN($AF$11*C18,1) -> 185.3 | AF18: =AE18/C18 -> 30.883333 | AG18: =ROUND($AE18*AG$6,1) -> 305.7 | AH18: =ROUND($AE18*AH$6,1) -> 389.1 | AI18: =ROUND($AE18*AI$6,1) -> 555.9 | AJ18: 178.8 | AK18: =AJ18/C18 -> 29.8 | AL18: 243.3 | AM18: =AL18/C18 -> 40.55 | AN18: 195.2 | AO18: =AN18/C18 -> 32.533333 | AP18: =ROUNDDOWN($AN18*AP$6,1) -> 292.8 | AQ18: =ROUNDDOWN($AR$11*C18,1) -> 195 | AR18: =AR$11 -> 32.5 | AS18: =ROUNDDOWN($AQ18*AS$6,1) -> 253.5 | AT18: =ROUNDDOWN($AQ18*AT$6,1) -> 282.7 | AU18: 189 | AV18: =AU18/C18 -> 31.5 | AW18: 192.1 | AX18: =AW18/C18 -> 32.016667 | AZ18: =AY18/C18 -> 0 | BA18: =ROUNDDOWN(C18*BB18,1) -> 184.7 | BB18: =RCFs!I$41 -> 30.791
A19: 0146 | B19: Emergency consultation (cons.room) | C19: 8 | D19: =ROUND(E19*C19,1) -> 602.1 | E19: =RCFs!C$43 -> 75.268515 | F19: =ROUNDDOWN((H19/1.039),1) -> 230.5 | G19: =F19/C19 -> 28.8125 | H19: 239.5 | I19: =H19/C19 -> 29.9375 | J19: =ROUND($C19*$I19*J$6,1) -> 263.5 | K19: =ROUND($C19*$I19*K$6,1) -> 328.1 | L19: =ROUND($C19*$I19*L$6,1) -> 352.1 | M19: =ROUND($C19*$I19*M$6,1) -> 388 | N19: =ROUND($C19*$I19*N$6,1) -> 479 | O19: =ROUND($C19*$I19*O$6,1) -> 514.9 | P19: =ROUND($C19*$I19*P$6,1) -> 718.5 | Q19: =ROUNDDOWN(C19*R19,1) -> 249.3 | R19: =R$11 -> 31.166667 | S19: =ROUNDDOWN($Q19*S$6,1) -> 324 | T19: =ROUNDDOWN($Q19*T$6,1) -> 373.9 | U19: 225.8 | V19: =U19/C19 -> 28.225 | W19: 240.3 | X19: =W19/C19 -> 30.0375 | Y19: =ROUNDDOWN($W19*Y$6,1) -> 264.3 | Z19: =ROUNDDOWN($W19*Z$6,1) -> 329.2 | AA19: =ROUNDDOWN($W19*AA$6,1) -> 389.2 | AB19: =ROUNDDOWN($W19*AB$6,1) -> 353.2 | AC19: =ROUNDDOWN($W19*AC$6,1) -> 521.4 | AD19: =ROUNDDOWN($W19*AD$6,1) -> 720.9 | AE19: =ROUNDDOWN($AF$11*C19,1) -> 247.1 | AF19: =AE19/C19 -> 30.8875 | AG19: =ROUND($AE19*AG$6,1) -> 407.7 | AH19: =ROUND($AE19*AH$6,1) -> 518.9 | AI19: =ROUND($AE19*AI$6,1) -> 741.3 | AJ19: 238.5 | AK19: =AJ19/C19 -> 29.8125 | AL19: 324.4 | AM19: =AL19/C19 -> 40.55 | AN19: 260.3 | AO19: =AN19/C19 -> 32.5375 | AP19: =ROUNDDOWN($AN19*AP$6,1) -> 390.4 | AQ19: =ROUNDDOWN($AR$11*C19,1) -> 260 | AR19: =AR$11 -> 32.5 | AS19: =ROUNDDOWN($AQ19*AS$6,1) -> 338 | AT19: =ROUNDDOWN($AQ19*AT$6,1) -> 377 | AU19: 251.7 | AV19: =AU19/C19 -> 31.4625 | AW19: 256.1 | AX19: =AW19/C19 -> 32.0125 | AZ19: =AY19/C19 -> 0 | BA19: =ROUNDDOWN(C19*BB19,1) -> 246.3 | BB19: =RCFs!I$41 -> 30.791
A20: 0147 | B20: Emergency consultation (not cons.room) | C20: 14 | D20: =ROUND(E20*C20,1) -> 1053.8 | E20: =RCFs!C$43 -> 75.268515 | F20: =ROUNDDOWN((H20/1.039),1) -> 403.8 | G20: =F20/C20 -> 28.842857 | H20: 419.6 | I20: =H20/C20 -> 29.971429 | J20: =ROUND($C20*$I20*J$6,1) -> 461.6 | K20: =ROUND($C20*$I20*K$6,1) -> 574.9 | L20: =ROUND($C20*$I20*L$6,1) -> 616.8 | M20: =ROUND($C20*$I20*M$6,1) -> 679.8 | N20: =ROUND($C20*$I20*N$6,1) -> 839.2 | O20: =ROUND($C20*$I20*O$6,1) -> 902.1 | P20: =ROUND($C20*$I20*P$6,1) -> 1258.8 | Q20: =ROUNDDOWN(C20*R20,1) -> 436.3 | R20: =R$11 -> 31.166667 | S20: =ROUNDDOWN($Q20*S$6,1) -> 567.1 | T20: =ROUNDDOWN($Q20*T$6,1) -> 654.4 | U20: 395.2 | V20: =U20/C20 -> 28.228571 | W20: 420.9 | X20: =W20/C20 -> 30.064286 | Y20: =ROUNDDOWN($W20*Y$6,1) -> 462.9 | Z20: =ROUNDDOWN($W20*Z$6,1) -> 576.6 | AA20: =ROUNDDOWN($W20*AA$6,1) -> 681.8 | AB20: =ROUNDDOWN($W20*AB$6,1) -> 618.7 | AC20: =ROUNDDOWN($W20*AC$6,1) -> 913.3 | AD20: =ROUNDDOWN($W20*AD$6,1) -> 1262.7 | AE20: =ROUNDDOWN($AF$11*C20,1) -> 432.5 | AF20: =AE20/C20 -> 30.892857 | AG20: =ROUND($AE20*AG$6,1) -> 713.6 | AH20: =ROUND($AE20*AH$6,1) -> 908.3 | AI20: =ROUND($AE20*AI$6,1) -> 1297.5 | AJ20: 417.3 | AK20: =AJ20/C20 -> 29.807143 | AL20: 567.6 | AM20: =AL20/C20 -> 40.542857 | AN20: 455.1 | AO20: =AN20/C20 -> 32.507143 | AP20: =ROUNDDOWN($AN20*AP$6,1) -> 682.6 | AQ20: =ROUNDDOWN($AR$11*C20,1) -> 455 | AR20: =AR$11 -> 32.5 | AS20: =ROUNDDOWN($AQ20*AS$6,1) -> 591.5 | AT20: =ROUNDDOWN($AQ20*AT$6,1) -> 659.7 | AU20: 440.8 | AV20: =AU20/C20 -> 31.485714 | AW20: 448.2 | AX20: =AW20/C20 -> 32.014286 | AZ20: =AY20/C20 -> 0 | BA20: =ROUNDDOWN(C20*BB20,1) -> 431 | BB20: =RCFs!I$41 -> 30.791
A21: 0148 | B21: Elective after-hours services(+50%) | D21: 0 | E21: 0 | F21: =ROUNDDOWN((H21/1.039),1) -> 0 | G21: 0 | H21: 0 | I21: 0 | J21: =ROUND($C21*$I21*J$6,1) -> 0 | K21: =ROUND($C21*$I21*K$6,1) -> 0 | L21: =ROUND($C21*$I21*L$6,1) -> 0 | M21: =ROUND($C21*$I21*M$6,1) -> 0 | N21: =ROUND($C21*$I21*N$6,1) -> 0 | O21: =ROUND($C21*$I21*O$6,1) -> 0 | P21: =ROUND($C21*$I21*P$6,1) -> 0 | Q21: 0 | R21: 0 | S21: =ROUNDDOWN($Q21*S$6,1) -> 0 | T21: =ROUNDDOWN($Q21*T$6,1) -> 0 | U21: 0 | V21: 0 | W21: 0 | X21: 0 | Y21: =ROUNDDOWN($W21*Y$6,1) -> 0 | Z21: =ROUNDDOWN($W21*Z$6,1) -> 0 | AA21: =ROUNDDOWN($W21*AA$6,1) -> 0 | AB21: =ROUNDDOWN($W21*AB$6,1) -> 0 | AC21: =ROUNDDOWN($W21*AC$6,1) -> 0 | AD21: =ROUNDDOWN($W21*AD$6,1) -> 0 | AE21: 0 | AF21: 0 | AG21: =ROUND($AE21*AG$6,1) -> 0 | AH21: =ROUND($AE21*AH$6,1) -> 0 | AI21: =ROUND($AE21*AI$6,1) -> 0 | AJ21: 0 | AK21: 0 | AL21: 0 | AM21: 0 | AN21: 0 | AO21: 0 | AP21: =ROUNDDOWN($AN21*AP$6,1) -> 0 | AQ21: 0 | AR21: 0 | AS21: =ROUNDDOWN($AQ21*AS$6,1) -> 0 | AT21: =ROUNDDOWN($AQ21*AT$6,1) -> 0 | AU21: 0 | AV21: 0 | AW21: 0 | AX21: 0 | AY21: 0 | AZ21: 0 | BA21: =ROUNDDOWN(C21*BB21,1) -> 0 | BB21: 0
A22: 0149 | B22: Emergency after-hours services(+25%) | D22: 0 | E22: 0 | F22: =ROUNDDOWN((H22/1.039),1) -> 0 | G22: 0 | H22: 0 | I22: 0 | J22: =ROUND($C22*$I22*J$6,1) -> 0 | K22: =ROUND($C22*$I22*K$6,1) -> 0 | L22: =ROUND($C22*$I22*L$6,1) -> 0 | M22: =ROUND($C22*$I22*M$6,1) -> 0 | N22: =ROUND($C22*$I22*N$6,1) -> 0 | O22: =ROUND($C22*$I22*O$6,1) -> 0 | P22: =ROUND($C22*$I22*P$6,1) -> 0 | Q22: 0 | R22: 0 | S22: =ROUNDDOWN($Q22*S$6,1) -> 0 | T22: =ROUNDDOWN($Q22*T$6,1) -> 0 | U22: 0 | V22: 0 | W22: 0 | X22: 0 | Y22: =ROUNDDOWN($W22*Y$6,1) -> 0 | Z22: =ROUNDDOWN($W22*Z$6,1) -> 0 | AA22: =ROUNDDOWN($W22*AA$6,1) -> 0 | AB22: =ROUNDDOWN($W22*AB$6,1) -> 0 | AC22: =ROUNDDOWN($W22*AC$6,1) -> 0 | AD22: =ROUNDDOWN($W22*AD$6,1) -> 0 | AE22: 0 | AF22: 0 | AG22: =ROUND($AE22*AG$6,1) -> 0 | AH22: =ROUND($AE22*AH$6,1) -> 0 | AI22: =ROUND($AE22*AI$6,1) -> 0 | AJ22: 188.8 | AK22: 0 | AL22: 256.8 | AM22: 0 | AN22: 0 | AO22: 0 | AP22: =ROUNDDOWN($AN22*AP$6,1) -> 0 | AQ22: 0 | AR22: 0 | AS22: =ROUNDDOWN($AQ22*AS$6,1) -> 0 | AT22: =ROUNDDOWN($AQ22*AT$6,1) -> 0 | AU22: 0 | AV22: 0 | AW22: 0 | AX22: 0 | AY22: 0 | AZ22: 0 | BA22: =ROUNDDOWN(C22*BB22,1) -> 0 | BB22: 0
A23: 0173 | B23: Hospital Consultation | C23: 15 | D23: =ROUND(E23*C23,1) -> 1129 | E23: =RCFs!C$43 -> 75.268515 | F23: =ROUNDDOWN((H23/1.039),1) -> 749.6 | G23: =F23/C23 -> 49.973333 | H23: 778.9 | I23: =H23/C23 -> 51.926667 | J23: =ROUND($C23*$I23*J$6,1) -> 856.8 | K23: =ROUND($C23*$I23*K$6,1) -> 1067.1 | L23: =ROUND($C23*$I23*L$6,1) -> 1145 | M23: =ROUND($C23*$I23*M$6,1) -> 1261.8 | N23: =ROUND($C23*$I23*N$6,1) -> 1557.8 | O23: =ROUND($C23*$I23*O$6,1) -> 1674.6 | P23: =ROUND($C23*$I23*P$6,1) -> 2336.7 | Q23: 810.3 | R23: =Q23/C23 -> 54.02 | S23: =ROUNDDOWN($Q23*S$6,1) -> 1053.3 | T23: =ROUNDDOWN($Q23*T$6,1) -> 1215.4 | U23: 735 | V23: =U23/C23 -> 49 | W23: 783 | X23: =W23/C23 -> 52.2 | Y23: =ROUNDDOWN($W23*Y$6,1) -> 861.3 | Z23: =ROUNDDOWN($W23*Z$6,1) -> 1072.7 | AA23: =ROUNDDOWN($W23*AA$6,1) -> 1268.4 | AB23: =ROUNDDOWN($W23*AB$6,1) -> 1151 | AC23: =ROUNDDOWN($W23*AC$6,1) -> 1699.1 | AD23: =ROUNDDOWN($W23*AD$6,1) -> 2349 | AE23: 803 | AF23: =AE23/C23 -> 53.533333 | AG23: =ROUND($AE23*AG$6,1) -> 1325 | AH23: =ROUND($AE23*AH$6,1) -> 1686.3 | AI23: =ROUND($AE23*AI$6,1) -> 2409 | AJ23: 755 | AK23: =AJ23/C23 -> 50.333333 | AL23: 1027.4 | AM23: =AL23/C23 -> 68.493333 | AN23: 845 | AO23: =AN23/C23 -> 56.333333 | AP23: =ROUNDDOWN($AN23*AP$6,1) -> 1267.5 | AQ23: 845.3 | AR23: =AQ23/C23 -> 56.353333 | AS23: =ROUNDDOWN($AQ23*AS$6,1) -> 1098.8 | AT23: =ROUNDDOWN($AQ23*AT$6,1) -> 1225.6 | AU23: 818.7 | AV23: =AU23/C23 -> 54.58 | AW23: 832.3 | AX23: =AW23/C23 -> 55.486667 | AZ23: =AY23/C23 -> 0 | BA23: 800.4 | BB23: =BA23/C23 -> 53.36
A24: 0174 | B24: Hospital Consultation | C24: 30 | D24: =ROUND(E24*C24,1) -> 2258.1 | E24: =RCFs!C$43 -> 75.268515 | F24: =ROUNDDOWN((H24/1.039),1) -> 749.6 | G24: =F24/C24 -> 24.986667 | H24: 778.9 | I24: =H24/C24 -> 25.963333 | J24: =ROUND($C24*$I24*J$6,1) -> 856.8 | K24: =ROUND($C24*$I24*K$6,1) -> 1067.1 | L24: =ROUND($C24*$I24*L$6,1) -> 1145 | M24: =ROUND($C24*$I24*M$6,1) -> 1261.8 | N24: =ROUND($C24*$I24*N$6,1) -> 1557.8 | O24: =ROUND($C24*$I24*O$6,1) -> 1674.6 | P24: =ROUND($C24*$I24*P$6,1) -> 2336.7 | Q24: 810.3 | R24: =Q24/C24 -> 27.01 | S24: =ROUNDDOWN($Q24*S$6,1) -> 1053.3 | T24: =ROUNDDOWN($Q24*T$6,1) -> 1215.4 | U24: 735 | V24: =U24/C24 -> 24.5 | W24: 783 | X24: =W24/C24 -> 26.1 | Y24: =ROUNDDOWN($W24*Y$6,1) -> 861.3 | Z24: =ROUNDDOWN($W24*Z$6,1) -> 1072.7 | AA24: =ROUNDDOWN($W24*AA$6,1) -> 1268.4 | AB24: =ROUNDDOWN($W24*AB$6,1) -> 1151 | AC24: =ROUNDDOWN($W24*AC$6,1) -> 1699.1 | AD24: =ROUNDDOWN($W24*AD$6,1) -> 2349 | AE24: 803 | AF24: =AE24/C24 -> 26.766667 | AG24: =ROUND($AE24*AG$6,1) -> 1325 | AH24: =ROUND($AE24*AH$6,1) -> 1686.3 | AI24: =ROUND($AE24*AI$6,1) -> 2409 | AJ24: 755 | AK24: =AJ24/C24 -> 25.166667 | AL24: 1027.4 | AM24: =AL24/C24 -> 34.246667 | AN24: 845 | AO24: =AN24/C24 -> 28.166667 | AP24: =ROUNDDOWN($AN24*AP$6,1) -> 1267.5 | AQ24: 845.3 | AR24: =AQ24/C24 -> 28.176667 | AS24: =ROUNDDOWN($AQ24*AS$6,1) -> 1098.8 | AT24: =ROUNDDOWN($AQ24*AT$6,1) -> 1225.6 | AU24: 818.7 | AV24: =AU24/C24 -> 27.29 | AW24: 832.3 | AX24: =AW24/C24 -> 27.743333 | AZ24: =AY24/C24 -> 0 | BA24: 800.4 | BB24: =BA24/C24 -> 26.68
A25: 0175 | B25: Hospital Consultation | C25: 45 | D25: =ROUND(E25*C25,1) -> 3387.1 | E25: =RCFs!C$43 -> 75.268515 | F25: =ROUNDDOWN((H25/1.039),1) -> 749.6 | G25: =F25/C25 -> 16.657778 | H25: 778.9 | I25: =H25/C25 -> 17.308889 | J25: =ROUND($C25*$I25*J$6,1) -> 856.8 | K25: =ROUND($C25*$I25*K$6,1) -> 1067.1 | L25: =ROUND($C25*$I25*L$6,1) -> 1145 | M25: =ROUND($C25*$I25*M$6,1) -> 1261.8 | N25: =ROUND($C25*$I25*N$6,1) -> 1557.8 | O25: =ROUND($C25*$I25*O$6,1) -> 1674.6 | P25: =ROUND($C25*$I25*P$6,1) -> 2336.7 | Q25: 810.3 | R25: =Q25/C25 -> 18.006667 | S25: =ROUNDDOWN($Q25*S$6,1) -> 1053.3 | T25: =ROUNDDOWN($Q25*T$6,1) -> 1215.4 | U25: 735 | V25: =U25/C25 -> 16.333333 | W25: 783 | X25: =W25/C25 -> 17.4 | Y25: =ROUNDDOWN($W25*Y$6,1) -> 861.3 | Z25: =ROUNDDOWN($W25*Z$6,1) -> 1072.7 | AA25: =ROUNDDOWN($W25*AA$6,1) -> 1268.4 | AB25: =ROUNDDOWN($W25*AB$6,1) -> 1151 | AC25: =ROUNDDOWN($W25*AC$6,1) -> 1699.1 | AD25: =ROUNDDOWN($W25*AD$6,1) -> 2349 | AE25: 803 | AF25: =AE25/C25 -> 17.844444 | AG25: =ROUND($AE25*AG$6,1) -> 1325 | AH25: =ROUND($AE25*AH$6,1) -> 1686.3 | AI25: =ROUND($AE25*AI$6,1) -> 2409 | AJ25: 755 | AK25: =AJ25/C25 -> 16.777778 | AL25: 1027.4 | AM25: =AL25/C25 -> 22.831111 | AN25: 845 | AO25: =AN25/C25 -> 18.777778 | AP25: =ROUNDDOWN($AN25*AP$6,1) -> 1267.5 | AQ25: 845.3 | AR25: =AQ25/C25 -> 18.784444 | AS25: =ROUNDDOWN($AQ25*AS$6,1) -> 1098.8 | AT25: =ROUNDDOWN($AQ25*AT$6,1) -> 1225.6 | AU25: 818.7 | AV25: =AU25/C25 -> 18.193333 | AW25: 832.3 | AX25: =AW25/C25 -> 18.495556 | AZ25: =AY25/C25 -> 0 | BA25: 800.4 | BB25: =BA25/C25 -> 17.786667
A26: 0190 | B26: Consultation | C26: 15 | D26: =ROUND(E26*C26,1) -> 1129 | E26: =RCFs!C$43 -> 75.268515 | F26: =ROUNDDOWN((H26/1.039),1) -> 749.6 | G26: =F26/C26 -> 49.973333 | H26: 778.9 | I26: =H26/C26 -> 51.926667 | J26: =ROUND($C26*$I26*J$6,1) -> 856.8 | K26: =ROUND($C26*$I26*K$6,1) -> 1067.1 | L26: =ROUND($C26*$I26*L$6,1) -> 1145 | M26: =ROUND($C26*$I26*M$6,1) -> 1261.8 | N26: =ROUND($C26*$I26*N$6,1) -> 1557.8 | O26: =ROUND($C26*$I26*O$6,1) -> 1674.6 | P26: =ROUND($C26*$I26*P$6,1) -> 2336.7 | Q26: 810.3 | R26: =Q26/C26 -> 54.02 | S26: =ROUNDDOWN($Q26*S$6,1) -> 1053.3 | T26: =ROUNDDOWN($Q26*T$6,1) -> 1215.4 | U26: 775.8 | V26: =U26/C26 -> 51.72 | W26: 826.1 | X26: =W26/C26 -> 55.073333 | Y26: =ROUNDDOWN($W26*Y$6,1) -> 908.7 | Z26: =ROUNDDOWN($W26*Z$6,1) -> 1131.7 | AA26: =ROUNDDOWN($W26*AA$6,1) -> 1338.2 | AB26: =ROUNDDOWN($W26*AB$6,1) -> 1214.3 | AC26: =ROUNDDOWN($W26*AC$6,1) -> 1792.6 | AD26: =ROUNDDOWN($W26*AD$6,1) -> 2478.3 | AE26: 803 | AF26: =AE26/C26 -> 53.533333 | AG26: =ROUND($AE26*AG$6,1) -> 1325 | AH26: =ROUND($AE26*AH$6,1) -> 1686.3 | AI26: =ROUND($AE26*AI$6,1) -> 2409 | AJ26: 762.3 | AK26: =AJ26/C26 -> 50.82 | AL26: 1075.1 | AM26: =AL26/C26 -> 71.673333 | AN26: 418.5 | AO26: =AN26/C26 -> 27.9 | AP26: =ROUNDDOWN($AN26*AP$6,1) -> 627.7 | AQ26: 845.3 | AR26: =AQ26/C26 -> 56.353333 | AS26: =ROUNDDOWN($AQ26*AS$6,1) -> 1098.8 | AT26: =ROUNDDOWN($AQ26*AT$6,1) -> 1225.6 | AU26: 818.7 | AV26: =AU26/C26 -> 54.58 | AW26: 832.3 | AX26: =AW26/C26 -> 55.486667 | AZ26: =AY26/C26 -> 0 | BA26: 800.4 | BB26: =BA26/C26 -> 53.36
A27: 0191 | B27: Consultation | C27: 30 | D27: =ROUND(E27*C27,1) -> 2258.1 | E27: =RCFs!C$43 -> 75.268515 | F27: =ROUNDDOWN((H27/1.039),1) -> 749.6 | G27: =F27/C27 -> 24.986667 | H27: 778.9 | I27: =H27/C27 -> 25.963333 | J27: =ROUND($C27*$I27*J$6,1) -> 856.8 | K27: =ROUND($C27*$I27*K$6,1) -> 1067.1 | L27: =ROUND($C27*$I27*L$6,1) -> 1145 | M27: =ROUND($C27*$I27*M$6,1) -> 1261.8 | N27: =ROUND($C27*$I27*N$6,1) -> 1557.8 | O27: =ROUND($C27*$I27*O$6,1) -> 1674.6 | P27: =ROUND($C27*$I27*P$6,1) -> 2336.7 | Q27: 810.3 | R27: =Q27/C27 -> 27.01 | S27: =ROUNDDOWN($Q27*S$6,1) -> 1053.3 | T27: =ROUNDDOWN($Q27*T$6,1) -> 1215.4 | U27: 775.8 | V27: =U27/C27 -> 25.86 | W27: 826.1 | X27: =W27/C27 -> 27.536667 | Y27: =ROUNDDOWN($W27*Y$6,1) -> 908.7 | Z27: =ROUNDDOWN($W27*Z$6,1) -> 1131.7 | AA27: =ROUNDDOWN($W27*AA$6,1) -> 1338.2 | AB27: =ROUNDDOWN($W27*AB$6,1) -> 1214.3 | AC27: =ROUNDDOWN($W27*AC$6,1) -> 1792.6 | AD27: =ROUNDDOWN($W27*AD$6,1) -> 2478.3 | AE27: 803 | AF27: =AE27/C27 -> 26.766667 | AG27: =ROUND($AE27*AG$6,1) -> 1325 | AH27: =ROUND($AE27*AH$6,1) -> 1686.3 | AI27: =ROUND($AE27*AI$6,1) -> 2409 | AJ27: 762.3 | AK27: =AJ27/C27 -> 25.41 | AL27: 1075.1 | AM27: =AL27/C27 -> 35.836667 | AN27: 845 | AO27: =AN27/C27 -> 28.166667 | AP27: =ROUNDDOWN($AN27*AP$6,1) -> 1267.5 | AQ27: 845.3 | AR27: =AQ27/C27 -> 28.176667 | AS27: =ROUNDDOWN($AQ27*AS$6,1) -> 1098.8 | AT27: =ROUNDDOWN($AQ27*AT$6,1) -> 1225.6 | AU27: 818.7 | AV27: =AU27/C27 -> 27.29 | AW27: 832.3 | AX27: =AW27/C27 -> 27.743333 | AZ27: =AY27/C27 -> 0 | BA27: 800.4 | BB27: =BA27/C27 -> 26.68
A28: 0192 | B28: Consultation | C28: 45 | D28: =ROUND(E28*C28,1) -> 3387.1 | E28: =RCFs!C$43 -> 75.268515 | F28: =ROUNDDOWN((H28/1.039),1) -> 749.6 | G28: =F28/C28 -> 16.657778 | H28: 778.9 | I28: =H28/C28 -> 17.308889 | J28: =ROUND($C28*$I28*J$6,1) -> 856.8 | K28: =ROUND($C28*$I28*K$6,1) -> 1067.1 | L28: =ROUND($C28*$I28*L$6,1) -> 1145 | M28: =ROUND($C28*$I28*M$6,1) -> 1261.8 | N28: =ROUND($C28*$I28*N$6,1) -> 1557.8 | O28: =ROUND($C28*$I28*O$6,1) -> 1674.6 | P28: =ROUND($C28*$I28*P$6,1) -> 2336.7 | Q28: 810.3 | R28: =Q28/C28 -> 18.006667 | S28: =ROUNDDOWN($Q28*S$6,1) -> 1053.3 | T28: =ROUNDDOWN($Q28*T$6,1) -> 1215.4 | U28: 775.8 | V28: =U28/C28 -> 17.24 | W28: 826.1 | X28: =W28/C28 -> 18.357778 | Y28: =ROUNDDOWN($W28*Y$6,1) -> 908.7 | Z28: =ROUNDDOWN($W28*Z$6,1) -> 1131.7 | AA28: =ROUNDDOWN($W28*AA$6,1) -> 1338.2 | AB28: =ROUNDDOWN($W28*AB$6,1) -> 1214.3 | AC28: =ROUNDDOWN($W28*AC$6,1) -> 1792.6 | AD28: =ROUNDDOWN($W28*AD$6,1) -> 2478.3 | AE28: 803 | AF28: =AE28/C28 -> 17.844444 | AG28: =ROUND($AE28*AG$6,1) -> 1325 | AH28: =ROUND($AE28*AH$6,1) -> 1686.3 | AI28: =ROUND($AE28*AI$6,1) -> 2409 | AJ28: 762.3 | AK28: =AJ28/C28 -> 16.94 | AL28: 1075.1 | AM28: =AL28/C28 -> 23.891111 | AN28: 845 | AO28: =AN28/C28 -> 18.777778 | AP28: =ROUNDDOWN($AN28*AP$6,1) -> 1267.5 | AQ28: 845.3 | AR28: =AQ28/C28 -> 18.784444 | AS28: =ROUNDDOWN($AQ28*AS$6,1) -> 1098.8 | AT28: =ROUNDDOWN($AQ28*AT$6,1) -> 1225.6 | AU28: 818.7 | AV28: =AU28/C28 -> 18.193333 | AW28: 832.3 | AX28: =AW28/C28 -> 18.495556 | AZ28: =AY28/C28 -> 0 | BA28: 800.4 | BB28: =BA28/C28 -> 17.786667
A29: 0193 | B29: Consultation | C29: 63.6 | D29: =ROUND(E29*C29,1) -> 4787.1 | E29: =RCFs!C$43 -> 75.268515 | F29: =ROUNDDOWN((H29/1.039),1) -> 749.6 | G29: =F29/C29 -> 11.786164 | H29: 778.9 | I29: =H29/C29 -> 12.246855 | J29: =ROUND($C29*$I29*J$6,1) -> 856.8 | K29: =ROUND($C29*$I29*K$6,1) -> 1067.1 | L29: =ROUND($C29*$I29*L$6,1) -> 1145 | M29: =ROUND($C29*$I29*M$6,1) -> 1261.8 | N29: =ROUND($C29*$I29*N$6,1) -> 1557.8 | O29: =ROUND($C29*$I29*O$6,1) -> 1674.6 | P29: =ROUND($C29*$I29*P$6,1) -> 2336.7 | Q29: =Q28 -> 810.3 | R29: =Q29/C29 -> 12.740566 | S29: =ROUNDDOWN($Q29*S$6,1) -> 1053.3 | T29: =ROUNDDOWN($Q29*T$6,1) -> 1215.4 | U29: 775.8 | V29: =U29/C29 -> 12.198113 | W29: 826.1 | X29: =W29/C29 -> 12.988994 | Y29: =ROUNDDOWN($W29*Y$6,1) -> 908.7 | Z29: =ROUNDDOWN($W29*Z$6,1) -> 1131.7 | AA29: =ROUNDDOWN($W29*AA$6,1) -> 1338.2 | AB29: =ROUNDDOWN($W29*AB$6,1) -> 1214.3 | AC29: =ROUNDDOWN($W29*AC$6,1) -> 1792.6 | AD29: =ROUNDDOWN($W29*AD$6,1) -> 2478.3 | AE29: =AE28 -> 803 | AF29: =AE29/C29 -> 12.625786 | AG29: =ROUND($AE29*AG$6,1) -> 1325 | AH29: =ROUND($AE29*AH$6,1) -> 1686.3 | AI29: =ROUND($AE29*AI$6,1) -> 2409 | AJ29: 762.3 | AK29: =AJ29/C29 -> 11.985849 | AL29: 1075.1 | AM29: =AL29/C29 -> 16.904088 | AN29: 845 | AO29: =AN29/C29 -> 13.286164 | AP29: =ROUNDDOWN($AN29*AP$6,1) -> 1267.5 | AQ29: =AQ28 -> 845.3 | AR29: =AQ29/C29 -> 13.290881 | AS29: =ROUNDDOWN($AQ29*AS$6,1) -> 1098.8 | AT29: =ROUNDDOWN($AQ29*AT$6,1) -> 1225.6 | AU29: 818.7 | AV29: =AU29/C29 -> 12.872642 | AW29: 2035.9 | AX29: =AW29/C29 -> 32.011006 | AZ29: =AY29/C29 -> 0 | BA29: 800.4 | BB29: =BA29/C29 -> 12.584906
A30: 0199 | B30: Chronic Medicine Forms | C30: 21.43 | D30: =ROUND(E30*C30,1) -> 1613 | E30: =RCFs!C$43 -> 75.268515 | F30: =ROUNDDOWN((H30/1.039),1) -> 618.4 | G30: =F30/C30 -> 28.856743 | H30: 642.6 | I30: =H30/C30 -> 29.986001 | J30: =ROUND($C30*$I30*J$6,1) -> 706.9 | K30: =ROUND($C30*$I30*K$6,1) -> 880.4 | L30: =ROUND($C30*$I30*L$6,1) -> 944.6 | M30: =ROUND($C30*$I30*M$6,1) -> 1041 | N30: =ROUND($C30*$I30*N$6,1) -> 1285.2 | O30: =ROUND($C30*$I30*O$6,1) -> 1381.6 | P30: =ROUND($C30*$I30*P$6,1) -> 1927.8 | Q30: 668.1 | R30: =Q30/C30 -> 31.175922 | S30: =ROUNDDOWN($Q30*S$6,1) -> 868.5 | T30: =ROUNDDOWN($Q30*T$6,1) -> 1002.1 | U30: 604.5 | V30: =U30/C30 -> 28.208119 | W30: 643.9 | X30: =W30/C30 -> 30.046664 | Y30: =$W$30 -> 643.9 | Z30: =$W$30 -> 643.9 | AA30: =$W$30 -> 643.9 | AB30: =$W$30 -> 643.9 | AC30: =$W$30 -> 643.9 | AD30: =$W$30 -> 643.9 | AE30: 662.4 | AF30: =AE30/C30 -> 30.909939 | AG30: =ROUND($AE30*AG$6,1) -> 1093 | AH30: =ROUND($AE30*AH$6,1) -> 1391 | AI30: =ROUND($AE30*AI$6,1) -> 1987.2 | AJ30: 562.1 | AK30: =AJ30/C30 -> 26.229585 | AL30: 764.5 | AM30: =AL30/C30 -> 35.674288 | AN30: 696.3 | AO30: =AN30/C30 -> 32.491834 | AP30: =ROUNDDOWN($AN30*AP$6,1) -> 1044.4 | AQ30: 697 | AR30: =AQ30/C30 -> 32.524498 | AS30: =ROUNDDOWN($AQ30*AS$6,1) -> 906.1 | AT30: =ROUNDDOWN($AQ30*AT$6,1) -> 1010.6 | AU30: 818.7 | AV30: =AU30/C30 -> 38.203453 | AW30: 686 | AX30: =AW30/C30 -> 32.011199 | AZ30: =AY30/C30 -> 0 | BA30: =ROUNDDOWN(C30*BB30,1) -> 659.8 | BB30: =RCFs!I$41 -> 30.791
A31: CAS18 | B31: Casualty Evaluation Code (Executive & Classic Plans) | C31: 0 | D31: 0 | E31: 0 | F31: 0 | G31: 0 | H31: 0 | I31: 0 | J31: =ROUND($C31*$I31*J$6,1) -> 0 | K31: =ROUND($C31*$I31*K$6,1) -> 0 | L31: =ROUND($C31*$I31*L$6,1) -> 0 | M31: 0 | N31: 0 | O31: 0 | P31: 0 | Q31: 0 | R31: 0 | S31: =ROUNDDOWN($Q31*S$6,1) -> 0 | T31: =ROUNDDOWN($Q31*T$6,1) -> 0 | U31: 0 | V31: 0 | W31: 0 | X31: 0 | Y31: n/a | Z31: =2205.8*1.038 -> 2289.6204 | AA31: n/a | AB31: 2465.9 | AC31: 3626.6 | AD31: 3626.6 | AE31: 0 | AF31: 0 | AG31: 0 | AH31: 0 | AI31: 0 | AJ31: 0 | AK31: 0 | AL31: 0 | AM31: 0 | AN31: 0 | AO31: 0 | AP31: 0 | AQ31: 0 | AR31: 0 | AS31: 0 | AT31: 0 | AU31: 0 | AV31: 0 | AY31: 0 | AZ31: 0 | BA31: 0 | BB31: 0
A32: CAS18 | B32: Casualty Evaluation Code (Excl. Executive & Classic Plans) | C32: 0 | D32: 0 | E32: 0 | F32: 0 | G32: 0 | H32: 0 | I32: 0 | J32: =ROUND($C32*$I32*J$6,1) -> 0 | K32: =ROUND($C32*$I32*K$6,1) -> 0 | L32: =ROUND($C32*$I32*L$6,1) -> 0 | M32: 0 | N32: 0 | O32: 0 | P32: 0 | Q32: 0 | R32: 0 | S32: =ROUNDDOWN($Q32*S$6,1) -> 0 | T32: =ROUNDDOWN($Q32*T$6,1) -> 0 | U32: 0 | V32: 0 | W32: 0 | X32: 0 | Y32: 1835.5 | Z32: =2205.8*1.038 -> 2289.6204 | AA32: n/a | AB32: 2465.9 | AC32: 1671.4 | AD32: n/a | AE32: 0 | AF32: 0 | AG32: 0 | AH32: 0 | AI32: 0 | AJ32: 0 | AK32: 0 | AL32: 0 | AM32: 0 | AN32: 0 | AO32: 0 | AP32: 0 | AQ32: 0 | AR32: 0 | AS32: 0 | AT32: 0 | AU32: 0 | AV32: 0 | AY32: 0 | AZ32: 0 | BA32: 0 | BB32: 0
A33: HDM1 | B33: Hospital Discharge Management Code (instead of 0109) (Executive & Classic Plans) | C33: 0 | D33: 0 | E33: 0 | F33: 0 | G33: 0 | H33: 0 | I33: 0 | J33: =ROUND($C33*$I33*J$6,1) -> 0 | K33: =ROUND($C33*$I33*K$6,1) -> 0 | L33: =ROUND($C33*$I33*L$6,1) -> 0 | M33: 0 | N33: 0 | O33: 0 | P33: 0 | Q33: 0 | R33: 0 | S33: =ROUNDDOWN($Q33*S$6,1) -> 0 | T33: =ROUNDDOWN($Q33*T$6,1) -> 0 | U33: 0 | V33: 0 | W33: 0 | X33: 0 | Y33: n/a | Z33: 884.8 | AA33: n/a | AB33: 949.7 | AC33: 1401.3 | AD33: 1401.3 | AE33: 0 | AF33: 0 | AG33: 0 | AH33: 0 | AI33: 0 | AJ33: 0 | AK33: 0 | AL33: 0 | AM33: 0 | AN33: 0 | AO33: 0 | AP33: 0 | AQ33: 0 | AR33: 0 | AS33: 0 | AT33: 0 | AU33: 0 | AV33: 0 | AY33: 0 | AZ33: 0 | BA33: 0 | BB33: 0
A34: HDM1 | B34: Hospital Discharge Management Code (instead of 0109) (Excl. Executive & Classic Plans) | C34: 0 | D34: 0 | E34: 0 | F34: 0 | G34: 0 | H34: 0 | I34: 0 | J34: =ROUND($C34*$I34*J$6,1) -> 0 | K34: =ROUND($C34*$I34*K$6,1) -> 0 | L34: =ROUND($C34*$I34*L$6,1) -> 0 | M34: 0 | N34: 0 | O34: 0 | P34: 0 | Q34: 0 | R34: 0 | S34: =ROUNDDOWN($Q34*S$6,1) -> 0 | T34: =ROUNDDOWN($Q34*T$6,1) -> 0 | U34: 0 | V34: 0 | W34: 0 | X34: 0 | Y34: 710.4 | Z34: 884.8 | AA34: n/a | AB34: 949.7 | AC34: 651.1 | AD34: n/a | AE34: 0 | AF34: 0 | AG34: 0 | AH34: 0 | AI34: 0 | AJ34: 0 | AK34: 0 | AL34: 0 | AM34: 0 | AN34: 0 | AO34: 0 | AP34: 0 | AQ34: 0 | AR34: 0 | AS34: 0 | AT34: 0 | AU34: 0 | AV34: 0 | AY34: 0 | AZ34: 0 | BA34: 0 | BB34: 0
A35: 99238 | B35: Hospital discharge day Management; 30 Minutes or Less | C35: 2.06 | D35: 0 | E35: 0 | F35: 0 | G35: 0 | H35: 0 | I35: 0 | J35: =ROUND($C35*$I35*J$6,1) -> 0 | K35: =ROUND($C35*$I35*K$6,1) -> 0 | L35: =ROUND($C35*$I35*L$6,1) -> 0 | M35: 0 | N35: 0 | O35: 0 | P35: 0 | Q35: 0 | R35: =Q35/C35 -> 0 | S35: =ROUNDDOWN($Q35*S$6,1) -> 0 | T35: =ROUNDDOWN($Q35*T$6,1) -> 0 | U35: 0 | V35: =U35/C35 -> 0 | W35: 0 | X35: 0 | Y35: 0 | Z35: 0 | AA35: 0 | AB35: 0 | AC35: 0 | AD35: 0 | AE35: 0 | AF35: 0 | AG35: 0 | AH35: 0 | AI35: 0 | AJ35: 0 | AK35: 0 | AL35: 0 | AM35: 0 | AN35: 0 | AO35: 0 | AP35: 0 | AQ35: 0 | AR35: 0 | AS35: 0 | AT35: 0 | AU35: 0 | AV35: 0 | AZ35: =AY35/C35 -> 0 | BA35: 0 | BB35: 0
A36: 99239 | B36: Hospital discharge day Management; more than 30 Minutes | C36: 3.05 | D36: 0 | E36: 0 | F36: 0 | G36: 0 | H36: 0 | I36: 0 | J36: =ROUND($C36*$I36*J$6,1) -> 0 | K36: =ROUND($C36*$I36*K$6,1) -> 0 | L36: =ROUND($C36*$I36*L$6,1) -> 0 | M36: 0 | N36: 0 | O36: 0 | P36: 0 | Q36: 0 | R36: =Q36/C36 -> 0 | S36: =ROUNDDOWN($Q36*S$6,1) -> 0 | T36: =ROUNDDOWN($Q36*T$6,1) -> 0 | U36: 0 | V36: =U36/C36 -> 0 | W36: 0 | X36: 0 | Y36: 0 | Z36: 0 | AA36: 0 | AB36: 0 | AC36: 0 | AD36: 0 | AE36: 0 | AF36: 0 | AG36: 0 | AH36: 0 | AI36: 0 | AJ36: 0 | AK36: 0 | AL36: 0 | AM36: 0 | AN36: 0 | AO36: 0 | AP36: 0 | AQ36: 0 | AR36: 0 | AS36: 0 | AT36: 0 | AU36: 0 | AV36: 0 | AZ36: =AY36/C36 -> 0 | BA36: 0 | BB36: 0
B38: Procedures
A40: 206 | B40: Intravenous treatment: Intravenous infusions (push-in) : Insertion of cannula - chargeable once per 24-hours | C40: 6 | D40: =ROUND(E40*C40,1) -> 451.6 | E40: =RCFs!C$43 -> 75.268515 | F40: =ROUNDDOWN($C40*G40,1) -> 111.3 | G40: =RCFs!C$5 -> 18.56 | H40: =ROUNDDOWN($C40*I40,1) -> 111.3 | I40: =RCFs!C$5 -> 18.56 | J40: =ROUND($C40*$I40*J$6,1) -> 122.5 | K40: =ROUND($C40*$I40*K$6,1) -> 152.6 | L40: =ROUND($C40*$I40*L$6,1) -> 163.7 | M40: =ROUND($C40*$I40*M$6,1) -> 180.4 | N40: =ROUND($C40*$I40*N$6,1) -> 222.7 | O40: =ROUND($C40*$I40*O$6,1) -> 239.4 | P40: =ROUND($C40*$I40*P$6,1) -> 334.1 | Q40: =ROUNDDOWN(R40*C40,1) -> 115.8 | R40: =RCFs!C$7 -> 19.303333 | S40: =ROUNDDOWN($Q40*S$6,1) -> 150.5 | T40: =ROUNDDOWN($Q40*T$6,1) -> 173.7 | U40: =ROUND(V40*C40,1) -> 110.5 | V40: =RCFs!C$9 -> 18.423 | W40: =ROUND(X40*C40,1) -> 110.5 | X40: =V40 -> 18.423 | Y40: =ROUNDDOWN($W40*Y$6,1) -> 121.5 | Z40: =ROUND($C40*$X40*Z$6,1) -> 151.4 | AA40: =ROUND($C40*$X40*AA$6,1) -> 179.1 | AB40: =ROUND($C40*$X40*AB$6,1) -> 162.5 | AC40: =ROUND($C40*$X40*AC$6,1) -> 239.9 | AD40: =ROUND($C40*$X40*AD$6,1) -> 331.6 | AE40: =ROUND(AF40*C40,1) -> 114.8 | AF40: =RCFs!C$13 -> 19.133333 | AG40: =ROUND($AE40*AG$6,1) -> 189.4 | AH40: =ROUND($AE40*AH$6,1) -> 241.1 | AI40: =ROUND($AE40*AI$6,1) -> 344.4 | AJ40: =ROUNDDOWN(C40*AK40,1) -> 113.6 | AK40: =RCFs!C$25 -> 18.946667 | AL40: =ROUNDDOWN(C40*AM40,1) -> 150.5 | AM40: =RCFs!C$29 -> 25.093333 | AN40: =ROUNDDOWN(C40*AO40,1) -> 120.7 | AO40: =RCFs!C$33 -> 20.121274 | AP40: =ROUNDDOWN(AN40*AP$6,1) -> 181 | AQ40: =ROUNDDOWN($C40*AR40,1) -> 157.1 | AR40: =RCFs!C$35 -> 26.19 | AS40: =ROUNDDOWN(AQ40*AS$6,1) -> 204.2 | AT40: =ROUNDDOWN(AR40*AT$6,1) -> 37.9 | AU40: =ROUNDDOWN($C40*AV40,1) -> 116.9 | AV40: =RCFs!C$37 -> 19.486667 | AW40: =ROUNDDOWN(AX40*C40,1) -> 118.9 | AX40: =RCFs!C$64 -> 19.826667 | AY40: =ROUNDDOWN($C40*AZ40,1) -> 113.6 | AZ40: =RCFs!C$39 -> 18.946667 | BA40: =ROUNDDOWN($C40*BB40,1) -> 114.4 | BB40: =RCFs!C$41 -> 19.068115
A41: 211 | B41: Exchange transfusion: First and subsequent (including aftercare) | C41: 80 | D41: =ROUND(E41*C41,1) -> 6021.5 | E41: =RCFs!C$43 -> 75.268515 | F41: =ROUNDDOWN($C41*G41,1) -> 1484.8 | G41: =RCFs!C$5 -> 18.56 | H41: =ROUNDDOWN($C41*I41,1) -> 1484.8 | I41: =RCFs!C$5 -> 18.56 | J41: =ROUND($C41*$I41*J$6,1) -> 1633.3 | K41: =ROUND($C41*$I41*K$6,1) -> 2034.2 | L41: =ROUND($C41*$I41*L$6,1) -> 2182.7 | M41: =ROUND($C41*$I41*M$6,1) -> 2405.4 | N41: =ROUND($C41*$I41*N$6,1) -> 2969.6 | O41: =ROUND($C41*$I41*O$6,1) -> 3192.3 | P41: =ROUND($C41*$I41*P$6,1) -> 4454.4 | Q41: =ROUNDDOWN(R41*C41,1) -> 1544.2 | R41: =RCFs!C$7 -> 19.303333 | S41: =ROUNDDOWN($Q41*S$6,1) -> 2007.4 | T41: =ROUNDDOWN($Q41*T$6,1) -> 2316.3 | U41: =ROUND(V41*C41,1) -> 1473.8 | V41: =RCFs!C$9 -> 18.423 | W41: =ROUND(X41*C41,1) -> 1473.8 | X41: =V41 -> 18.423 | Y41: =ROUNDDOWN($W41*Y$6,1) -> 1621.1 | Z41: =ROUND($C41*$X41*Z$6,1) -> 2019.2 | AA41: =ROUND($C41*$X41*AA$6,1) -> 2387.6 | AB41: =ROUND($C41*$X41*AB$6,1) -> 2166.5 | AC41: =ROUND($C41*$X41*AC$6,1) -> 3198.2 | AD41: =ROUND($C41*$X41*AD$6,1) -> 4421.5 | AE41: =ROUND(AF41*C41,1) -> 1530.7 | AF41: =RCFs!C$13 -> 19.133333 | AG41: =ROUND($AE41*AG$6,1) -> 2525.7 | AH41: =ROUND($AE41*AH$6,1) -> 3214.5 | AI41: =ROUND($AE41*AI$6,1) -> 4592.1 | AJ41: =ROUNDDOWN(C41*AK41,1) -> 1515.7 | AK41: =RCFs!C$25 -> 18.946667 | AL41: =ROUNDDOWN(C41*AM41,1) -> 2007.4 | AM41: =RCFs!C$29 -> 25.093333 | AN41: =ROUNDDOWN(C41*AO41,1) -> 1609.7 | AO41: =RCFs!C$33 -> 20.121274 | AP41: =ROUNDDOWN(AN41*AP$6,1) -> 2414.5 | AQ41: =ROUNDDOWN($C41*AR41,1) -> 2095.2 | AR41: =RCFs!C$35 -> 26.19 | AS41: =ROUNDDOWN(AQ41*AS$6,1) -> 2723.7 | AT41: =ROUNDDOWN(AR41*AT$6,1) -> 37.9 | AU41: =ROUNDDOWN($C41*AV41,1) -> 1558.9 | AV41: =RCFs!C$37 -> 19.486667 | AW41: =ROUNDDOWN(AX41*C41,1) -> 1586.1 | AX41: =RCFs!C$64 -> 19.826667 | AY41: =ROUNDDOWN($C41*AZ41,1) -> 1515.7 | AZ41: =RCFs!C$39 -> 18.946667 | BA41: =ROUNDDOWN($C41*BB41,1) -> 1525.4 | BB41: =RCFs!C$41 -> 19.068115
A42: 1186 | B42: Flow volume test: Inspiration/expiration | C42: 30 | D42: =ROUND(E42*C42,1) -> 2258.1 | E42: =RCFs!C$43 -> 75.268515 | F42: =ROUNDDOWN($C42*G42,1) -> 556.8 | G42: =RCFs!C$5 -> 18.56 | H42: =ROUNDDOWN($C42*I42,1) -> 556.8 | I42: =RCFs!C$5 -> 18.56 | J42: =ROUND($C42*$I42*J$6,1) -> 612.5 | K42: =ROUND($C42*$I42*K$6,1) -> 762.8 | L42: =ROUND($C42*$I42*L$6,1) -> 818.5 | M42: =ROUND($C42*$I42*M$6,1) -> 902 | N42: =ROUND($C42*$I42*N$6,1) -> 1113.6 | O42: =ROUND($C42*$I42*O$6,1) -> 1197.1 | P42: =ROUND($C42*$I42*P$6,1) -> 1670.4 | Q42: =ROUNDDOWN(R42*C42,1) -> 579.1 | R42: =RCFs!C$7 -> 19.303333 | S42: =ROUNDDOWN($Q42*S$6,1) -> 752.8 | T42: =ROUNDDOWN($Q42*T$6,1) -> 868.6 | U42: =ROUND(V42*C42,1) -> 552.7 | V42: =RCFs!C$9 -> 18.423 | W42: =ROUND(X42*C42,1) -> 552.7 | X42: =V42 -> 18.423 | Y42: =ROUNDDOWN($W42*Y$6,1) -> 607.9 | Z42: =ROUND($C42*$X42*Z$6,1) -> 757.2 | AA42: =ROUND($C42*$X42*AA$6,1) -> 895.4 | AB42: =ROUND($C42*$X42*AB$6,1) -> 812.5 | AC42: =ROUND($C42*$X42*AC$6,1) -> 1199.3 | AD42: =ROUND($C42*$X42*AD$6,1) -> 1658.1 | AE42: =ROUND(AF42*C42,1) -> 574 | AF42: =RCFs!C$13 -> 19.133333 | AG42: =ROUND($AE42*AG$6,1) -> 947.1 | AH42: =ROUND($AE42*AH$6,1) -> 1205.4 | AI42: =ROUND($AE42*AI$6,1) -> 1722 | AJ42: =ROUNDDOWN(C42*AK42,1) -> 568.4 | AK42: =RCFs!C$25 -> 18.946667 | AL42: =ROUNDDOWN(C42*AM42,1) -> 752.8 | AM42: =RCFs!C$29 -> 25.093333 | AN42: =ROUNDDOWN(C42*AO42,1) -> 603.6 | AO42: =RCFs!C$33 -> 20.121274 | AP42: =ROUNDDOWN(AN42*AP$6,1) -> 905.4 | AQ42: =ROUNDDOWN($C42*AR42,1) -> 785.7 | AR42: =RCFs!C$35 -> 26.19 | AS42: =ROUNDDOWN(AQ42*AS$6,1) -> 1021.4 | AT42: =ROUNDDOWN(AR42*AT$6,1) -> 37.9 | AU42: =ROUNDDOWN($C42*AV42,1) -> 584.6 | AV42: =RCFs!C$37 -> 19.486667 | AW42: =ROUNDDOWN(AX42*C42,1) -> 594.8 | AX42: =RCFs!C$64 -> 19.826667 | AY42: =ROUNDDOWN($C42*AZ42,1) -> 568.4 | AZ42: =RCFs!C$39 -> 18.946667 | BA42: =ROUNDDOWN($C42*BB42,1) -> 572 | BB42: =RCFs!C$41 -> 19.068115
A43: 1188 | B43: Flow volume test: Inspiration/expiration/pre- and post bronchodilator | C43: 50 | D43: =ROUND(E43*C43,1) -> 3763.4 | E43: =RCFs!C$43 -> 75.268515 | F43: =ROUNDDOWN($C43*G43,1) -> 928 | G43: =RCFs!C$5 -> 18.56 | H43: =ROUNDDOWN($C43*I43,1) -> 928 | I43: =RCFs!C$5 -> 18.56 | J43: =ROUND($C43*$I43*J$6,1) -> 1020.8 | K43: =ROUND($C43*$I43*K$6,1) -> 1271.4 | L43: =ROUND($C43*$I43*L$6,1) -> 1364.2 | M43: =ROUND($C43*$I43*M$6,1) -> 1503.4 | N43: =ROUND($C43*$I43*N$6,1) -> 1856 | O43: =ROUND($C43*$I43*O$6,1) -> 1995.2 | P43: =ROUND($C43*$I43*P$6,1) -> 2784 | Q43: =ROUNDDOWN(R43*C43,1) -> 965.1 | R43: =RCFs!C$7 -> 19.303333 | S43: =ROUNDDOWN($Q43*S$6,1) -> 1254.6 | T43: =ROUNDDOWN($Q43*T$6,1) -> 1447.6 | U43: =ROUND(V43*C43,1) -> 921.2 | V43: =RCFs!C$9 -> 18.423 | W43: =ROUND(X43*C43,1) -> 921.2 | X43: =V43 -> 18.423 | Y43: =ROUNDDOWN($W43*Y$6,1) -> 1013.3 | Z43: =ROUND($C43*$X43*Z$6,1) -> 1262 | AA43: =ROUND($C43*$X43*AA$6,1) -> 1492.3 | AB43: =ROUND($C43*$X43*AB$6,1) -> 1354.1 | AC43: =ROUND($C43*$X43*AC$6,1) -> 1998.9 | AD43: =ROUND($C43*$X43*AD$6,1) -> 2763.5 | AE43: =ROUND(AF43*C43,1) -> 956.7 | AF43: =RCFs!C$13 -> 19.133333 | AG43: =ROUND($AE43*AG$6,1) -> 1578.6 | AH43: =ROUND($AE43*AH$6,1) -> 2009.1 | AI43: =ROUND($AE43*AI$6,1) -> 2870.1 | AJ43: =ROUNDDOWN(C43*AK43,1) -> 947.3 | AK43: =RCFs!C$25 -> 18.946667 | AL43: =ROUNDDOWN(C43*AM43,1) -> 1254.6 | AM43: =RCFs!C$29 -> 25.093333 | AN43: =ROUNDDOWN(C43*AO43,1) -> 1006 | AO43: =RCFs!C$33 -> 20.121274 | AP43: =ROUNDDOWN(AN43*AP$6,1) -> 1509 | AQ43: =ROUNDDOWN($C43*AR43,1) -> 1309.5 | AR43: =RCFs!C$35 -> 26.19 | AS43: =ROUNDDOWN(AQ43*AS$6,1) -> 1702.3 | AT43: =ROUNDDOWN(AR43*AT$6,1) -> 37.9 | AU43: =ROUNDDOWN($C43*AV43,1) -> 974.3 | AV43: =RCFs!C$37 -> 19.486667 | AW43: =ROUNDDOWN(AX43*C43,1) -> 991.3 | AX43: =RCFs!C$64 -> 19.826667 | AY43: =ROUNDDOWN($C43*AZ43,1) -> 947.3 | AZ43: =RCFs!C$39 -> 18.946667 | BA43: =ROUNDDOWN($C43*BB43,1) -> 953.4 | BB43: =RCFs!C$41 -> 19.068115
A44: 1193 | B44: Functional residual capacity or residual volume: Helium method, nitrogen open circuit method or other method | C44: 37.76 | D44: =ROUND(E44*C44,1) -> 2842.1 | E44: =RCFs!C$43 -> 75.268515 | F44: =ROUNDDOWN($C44*G44,1) -> 700.8 | G44: =RCFs!C$5 -> 18.56 | H44: =ROUNDDOWN($C44*I44,1) -> 700.8 | I44: =RCFs!C$5 -> 18.56 | J44: =ROUND($C44*$I44*J$6,1) -> 770.9 | K44: =ROUND($C44*$I44*K$6,1) -> 960.1 | L44: =ROUND($C44*$I44*L$6,1) -> 1030.2 | M44: =ROUND($C44*$I44*M$6,1) -> 1135.3 | N44: =ROUND($C44*$I44*N$6,1) -> 1401.7 | O44: =ROUND($C44*$I44*O$6,1) -> 1506.8 | P44: =ROUND($C44*$I44*P$6,1) -> 2102.5 | Q44: =ROUNDDOWN(R44*C44,1) -> 728.8 | R44: =RCFs!C$7 -> 19.303333 | S44: =ROUNDDOWN($Q44*S$6,1) -> 947.4 | T44: =ROUNDDOWN($Q44*T$6,1) -> 1093.2 | U44: =ROUND(V44*C44,1) -> 695.7 | V44: =RCFs!C$9 -> 18.423 | W44: =ROUND(X44*C44,1) -> 695.7 | X44: =V44 -> 18.423 | Y44: =ROUNDDOWN($W44*Y$6,1) -> 765.2 | Z44: =ROUND($C44*$X44*Z$6,1) -> 953 | AA44: =ROUND($C44*$X44*AA$6,1) -> 1127 | AB44: =ROUND($C44*$X44*AB$6,1) -> 1022.6 | AC44: =ROUND($C44*$X44*AC$6,1) -> 1509.6 | AD44: =ROUND($C44*$X44*AD$6,1) -> 2087 | AE44: =ROUND(AF44*C44,1) -> 722.5 | AF44: =RCFs!C$13 -> 19.133333 | AG44: =ROUND($AE44*AG$6,1) -> 1192.1 | AH44: =ROUND($AE44*AH$6,1) -> 1517.3 | AI44: =ROUND($AE44*AI$6,1) -> 2167.5 | AJ44: =ROUNDDOWN(C44*AK44,1) -> 715.4 | AK44: =RCFs!C$25 -> 18.946667 | AL44: =ROUNDDOWN(C44*AM44,1) -> 947.5 | AM44: =RCFs!C$29 -> 25.093333 | AN44: =ROUNDDOWN(C44*AO44,1) -> 759.7 | AO44: =RCFs!C$33 -> 20.121274 | AP44: =ROUNDDOWN(AN44*AP$6,1) -> 1139.5 | AQ44: =ROUNDDOWN($C44*AR44,1) -> 988.9 | AR44: =RCFs!C$35 -> 26.19 | AS44: =ROUNDDOWN(AQ44*AS$6,1) -> 1285.5 | AT44: =ROUNDDOWN(AR44*AT$6,1) -> 37.9 | AU44: =ROUNDDOWN($C44*AV44,1) -> 735.8 | AV44: =RCFs!C$37 -> 19.486667 | AW44: =ROUNDDOWN(AX44*C44,1) -> 748.6 | AX44: =RCFs!C$64 -> 19.826667 | AY44: =ROUNDDOWN($C44*AZ44,1) -> 715.4 | AZ44: =RCFs!C$39 -> 18.946667 | BA44: =ROUNDDOWN($C44*BB44,1) -> 720 | BB44: =RCFs!C$41 -> 19.068115
A45: 1195 | B45: Thoracic gas volume | C45: 37.93 | D45: =ROUND(E45*C45,1) -> 2854.9 | E45: =RCFs!C$43 -> 75.268515 | F45: =ROUNDDOWN($C45*G45,1) -> 703.9 | G45: =RCFs!C$5 -> 18.56 | H45: =ROUNDDOWN($C45*I45,1) -> 703.9 | I45: =RCFs!C$5 -> 18.56 | J45: =ROUND($C45*$I45*J$6,1) -> 774.4 | K45: =ROUND($C45*$I45*K$6,1) -> 964.5 | L45: =ROUND($C45*$I45*L$6,1) -> 1034.9 | M45: =ROUND($C45*$I45*M$6,1) -> 1140.4 | N45: =ROUND($C45*$I45*N$6,1) -> 1408 | O45: =ROUND($C45*$I45*O$6,1) -> 1513.6 | P45: =ROUND($C45*$I45*P$6,1) -> 2111.9 | Q45: =ROUNDDOWN(R45*C45,1) -> 732.1 | R45: =RCFs!C$7 -> 19.303333 | S45: =ROUNDDOWN($Q45*S$6,1) -> 951.7 | T45: =ROUNDDOWN($Q45*T$6,1) -> 1098.1 | U45: =ROUND(V45*C45,1) -> 698.8 | V45: =RCFs!C$9 -> 18.423 | W45: =ROUND(X45*C45,1) -> 698.8 | X45: =V45 -> 18.423 | Y45: =ROUNDDOWN($W45*Y$6,1) -> 768.6 | Z45: =ROUND($C45*$X45*Z$6,1) -> 957.3 | AA45: =ROUND($C45*$X45*AA$6,1) -> 1132 | AB45: =ROUND($C45*$X45*AB$6,1) -> 1027.2 | AC45: =ROUND($C45*$X45*AC$6,1) -> 1516.4 | AD45: =ROUND($C45*$X45*AD$6,1) -> 2096.4 | AE45: =ROUND(AF45*C45,1) -> 725.7 | AF45: =RCFs!C$13 -> 19.133333 | AG45: =ROUND($AE45*AG$6,1) -> 1197.4 | AH45: =ROUND($AE45*AH$6,1) -> 1524 | AI45: =ROUND($AE45*AI$6,1) -> 2177.1 | AJ45: =ROUNDDOWN(C45*AK45,1) -> 718.6 | AK45: =RCFs!C$25 -> 18.946667 | AL45: =ROUNDDOWN(C45*AM45,1) -> 951.7 | AM45: =RCFs!C$29 -> 25.093333 | AN45: =ROUNDDOWN(C45*AO45,1) -> 763.1 | AO45: =RCFs!C$33 -> 20.121274 | AP45: =ROUNDDOWN(AN45*AP$6,1) -> 1144.6 | AQ45: =ROUNDDOWN($C45*AR45,1) -> 993.3 | AR45: =RCFs!C$35 -> 26.19 | AS45: =ROUNDDOWN(AQ45*AS$6,1) -> 1291.2 | AT45: =ROUNDDOWN(AR45*AT$6,1) -> 37.9 | AU45: =ROUNDDOWN($C45*AV45,1) -> 739.1 | AV45: =RCFs!C$37 -> 19.486667 | AW45: =ROUNDDOWN(AX45*C45,1) -> 752 | AX45: =RCFs!C$64 -> 19.826667 | AY45: =ROUNDDOWN($C45*AZ45,1) -> 718.6 | AZ45: =RCFs!C$39 -> 18.946667 | BA45: =ROUNDDOWN($C45*BB45,1) -> 723.2 | BB45: =RCFs!C$41 -> 19.068115
A46: 1196 | B46: Determination of resistance to airflow, oscillary or plethysmographic methods | C46: 45.31 | D46: =ROUND(E46*C46,1) -> 3410.4 | E46: =RCFs!C$43 -> 75.268515 | F46: =ROUNDDOWN($C46*G46,1) -> 840.9 | G46: =RCFs!C$5 -> 18.56 | H46: =ROUNDDOWN($C46*I46,1) -> 840.9 | I46: =RCFs!C$5 -> 18.56 | J46: =ROUND($C46*$I46*J$6,1) -> 925 | K46: =ROUND($C46*$I46*K$6,1) -> 1152.1 | L46: =ROUND($C46*$I46*L$6,1) -> 1236.2 | M46: =ROUND($C46*$I46*M$6,1) -> 1362.3 | N46: =ROUND($C46*$I46*N$6,1) -> 1681.9 | O46: =ROUND($C46*$I46*O$6,1) -> 1808.1 | P46: =ROUND($C46*$I46*P$6,1) -> 2522.9 | Q46: =ROUNDDOWN(R46*C46,1) -> 874.6 | R46: =RCFs!C$7 -> 19.303333 | S46: =ROUNDDOWN($Q46*S$6,1) -> 1136.9 | T46: =ROUNDDOWN($Q46*T$6,1) -> 1311.9 | U46: =ROUND(V46*C46,1) -> 834.7 | V46: =RCFs!C$9 -> 18.423 | W46: =ROUND(X46*C46,1) -> 834.7 | X46: =V46 -> 18.423 | Y46: =ROUNDDOWN($W46*Y$6,1) -> 918.1 | Z46: =ROUND($C46*$X46*Z$6,1) -> 1143.6 | AA46: =ROUND($C46*$X46*AA$6,1) -> 1352.3 | AB46: =ROUND($C46*$X46*AB$6,1) -> 1227.1 | AC46: =ROUND($C46*$X46*AC$6,1) -> 1811.4 | AD46: =ROUND($C46*$X46*AD$6,1) -> 2504.2 | AE46: =ROUND(AF46*C46,1) -> 866.9 | AF46: =RCFs!C$13 -> 19.133333 | AG46: =ROUND($AE46*AG$6,1) -> 1430.4 | AH46: =ROUND($AE46*AH$6,1) -> 1820.5 | AI46: =ROUND($AE46*AI$6,1) -> 2600.7 | AJ46: =ROUNDDOWN(C46*AK46,1) -> 858.4 | AK46: =RCFs!C$25 -> 18.946667 | AL46: =ROUNDDOWN(C46*AM46,1) -> 1136.9 | AM46: =RCFs!C$29 -> 25.093333 | AN46: =ROUNDDOWN(C46*AO46,1) -> 911.6 | AO46: =RCFs!C$33 -> 20.121274 | AP46: =ROUNDDOWN(AN46*AP$6,1) -> 1367.4 | AQ46: =ROUNDDOWN($C46*AR46,1) -> 1186.6 | AR46: =RCFs!C$35 -> 26.19 | AS46: =ROUNDDOWN(AQ46*AS$6,1) -> 1542.5 | AT46: =ROUNDDOWN(AR46*AT$6,1) -> 37.9 | AU46: =ROUNDDOWN($C46*AV46,1) -> 882.9 | AV46: =RCFs!C$37 -> 19.486667 | AW46: =ROUNDDOWN(AX46*C46,1) -> 898.3 | AX46: =RCFs!C$64 -> 19.826667 | AY46: =ROUNDDOWN($C46*AZ46,1) -> 858.4 | AZ46: =RCFs!C$39 -> 18.946667 | BA46: =ROUNDDOWN($C46*BB46,1) -> 863.9 | BB46: =RCFs!C$41 -> 19.068115
A47: 1200 | B47: Carbon monoxide diffusing capacity, any method | C47: 38.06 | D47: =ROUND(E47*C47,1) -> 2864.7 | E47: =RCFs!C$43 -> 75.268515 | F47: =ROUNDDOWN($C47*G47,1) -> 706.3 | G47: =RCFs!C$5 -> 18.56 | H47: =ROUNDDOWN($C47*I47,1) -> 706.3 | I47: =RCFs!C$5 -> 18.56 | J47: =ROUND($C47*$I47*J$6,1) -> 777 | K47: =ROUND($C47*$I47*K$6,1) -> 967.8 | L47: =ROUND($C47*$I47*L$6,1) -> 1038.4 | M47: =ROUND($C47*$I47*M$6,1) -> 1144.4 | N47: =ROUND($C47*$I47*N$6,1) -> 1412.8 | O47: =ROUND($C47*$I47*O$6,1) -> 1518.7 | P47: =ROUND($C47*$I47*P$6,1) -> 2119.2 | Q47: =ROUNDDOWN(R47*C47,1) -> 734.6 | R47: =RCFs!C$7 -> 19.303333 | S47: =ROUNDDOWN($Q47*S$6,1) -> 954.9 | T47: =ROUNDDOWN($Q47*T$6,1) -> 1101.9 | U47: =ROUND(V47*C47,1) -> 701.2 | V47: =RCFs!C$9 -> 18.423 | W47: =ROUND(X47*C47,1) -> 701.2 | X47: =V47 -> 18.423 | Y47: =ROUNDDOWN($W47*Y$6,1) -> 771.3 | Z47: =ROUND($C47*$X47*Z$6,1) -> 960.6 | AA47: =ROUND($C47*$X47*AA$6,1) -> 1135.9 | AB47: =ROUND($C47*$X47*AB$6,1) -> 1030.7 | AC47: =ROUND($C47*$X47*AC$6,1) -> 1521.6 | AD47: =ROUND($C47*$X47*AD$6,1) -> 2103.5 | AE47: =ROUND(AF47*C47,1) -> 728.2 | AF47: =RCFs!C$13 -> 19.133333 | AG47: =ROUND($AE47*AG$6,1) -> 1201.5 | AH47: =ROUND($AE47*AH$6,1) -> 1529.2 | AI47: =ROUND($AE47*AI$6,1) -> 2184.6 | AJ47: =ROUNDDOWN(C47*AK47,1) -> 721.1 | AK47: =RCFs!C$25 -> 18.946667 | AL47: =ROUNDDOWN(C47*AM47,1) -> 955 | AM47: =RCFs!C$29 -> 25.093333 | AN47: =ROUNDDOWN(C47*AO47,1) -> 765.8 | AO47: =RCFs!C$33 -> 20.121274 | AP47: =ROUNDDOWN(AN47*AP$6,1) -> 1148.7 | AQ47: =ROUNDDOWN($C47*AR47,1) -> 996.7 | AR47: =RCFs!C$35 -> 26.19 | AS47: =ROUNDDOWN(AQ47*AS$6,1) -> 1295.7 | AT47: =ROUNDDOWN(AR47*AT$6,1) -> 37.9 | AU47: =ROUNDDOWN($C47*AV47,1) -> 741.6 | AV47: =RCFs!C$37 -> 19.486667 | AW47: =ROUNDDOWN(AX47*C47,1) -> 754.6 | AX47: =RCFs!C$64 -> 19.826667 | AY47: =ROUNDDOWN($C47*AZ47,1) -> 721.1 | AZ47: =RCFs!C$39 -> 18.946667 | BA47: =ROUNDDOWN($C47*BB47,1) -> 725.7 | BB47: =RCFs!C$41 -> 19.068115
A48: 1204 | B48: Intensive care: Category 1 (High Care) | C48: 30 | D48: =ROUND(E48*C48,1) -> 2258.1 | E48: =RCFs!C$43 -> 75.268515 | F48: =ROUNDDOWN($C48*G48,1) -> 556.8 | G48: =RCFs!C$5 -> 18.56 | H48: =ROUNDDOWN($C48*I48,1) -> 556.8 | I48: =RCFs!C$5 -> 18.56 | J48: =ROUND($C48*$I48*J$6,1) -> 612.5 | K48: =ROUND($C48*$I48*K$6,1) -> 762.8 | L48: =ROUND($C48*$I48*L$6,1) -> 818.5 | M48: =ROUND($C48*$I48*M$6,1) -> 902 | N48: =ROUND($C48*$I48*N$6,1) -> 1113.6 | O48: =ROUND($C48*$I48*O$6,1) -> 1197.1 | P48: =ROUND($C48*$I48*P$6,1) -> 1670.4 | Q48: =ROUNDDOWN(R48*C48,1) -> 579.1 | R48: =RCFs!C$7 -> 19.303333 | S48: =ROUNDDOWN($Q48*S$6,1) -> 752.8 | T48: =ROUNDDOWN($Q48*T$6,1) -> 868.6 | U48: =ROUND(V48*C48,1) -> 523.5 | V48: =RCFs!$S$54 -> 17.45 | W48: =ROUND(X48*C48,1) -> 557.8 | X48: =RCFs!$S$56 -> 18.593333 | Y48: =ROUNDDOWN($W48*Y$6,1) -> 613.5 | Z48: =ROUND($C48*$X48*Z$6,1) -> 764.2 | AA48: =ROUND($C48*$X48*AA$6,1) -> 903.6 | AB48: =ROUND($C48*$X48*AB$6,1) -> 820 | AC48: =ROUND($C48*$X48*AC$6,1) -> 1210.4 | AD48: =ROUND($C48*$X48*AD$6,1) -> 1673.4 | AE48: =ROUND(AF48*C48,1) -> 574 | AF48: =RCFs!C$13 -> 19.133333 | AG48: =ROUND($AE48*AG$6,1) -> 947.1 | AH48: =ROUND($AE48*AH$6,1) -> 1205.4 | AI48: =ROUND($AE48*AI$6,1) -> 1722 | AJ48: =ROUNDDOWN(C48*AK48,1) -> 568.4 | AK48: =RCFs!C$25 -> 18.946667 | AL48: =ROUNDDOWN(C48*AM48,1) -> 752.8 | AM48: =RCFs!C$29 -> 25.093333 | AN48: =ROUNDDOWN(C48*AO48,1) -> 603.6 | AO48: =RCFs!C$33 -> 20.121274 | AP48: =ROUNDDOWN(AN48*AP$6,1) -> 905.4 | AQ48: =ROUNDDOWN($C48*AR48,1) -> 785.7 | AR48: =RCFs!C$35 -> 26.19 | AS48: =ROUNDDOWN(AQ48*AS$6,1) -> 1021.4 | AT48: =ROUNDDOWN(AR48*AT$6,1) -> 37.9 | AU48: =ROUNDDOWN($C48*AV48,1) -> 584.6 | AV48: =RCFs!C$37 -> 19.486667 | AW48: =ROUNDDOWN(AX48*C48,1) -> 594.8 | AX48: =RCFs!C$64 -> 19.826667 | AY48: =ROUNDDOWN($C48*AZ48,1) -> 568.4 | AZ48: =RCFs!C$39 -> 18.946667 | BA48: =ROUNDDOWN($C48*BB48,1) -> 572 | BB48: =RCFs!C$41 -> 19.068115
A49: 1205 | B49: Intensive care: Category 2 (ICU): Cases requiring active system support First day | C49: 100 | D49: =ROUND(E49*C49,1) -> 7526.9 | E49: =RCFs!C$43 -> 75.268515 | F49: =ROUNDDOWN($C49*G49,1) -> 1856 | G49: =RCFs!C$5 -> 18.56 | H49: =ROUNDDOWN($C49*I49,1) -> 1856 | I49: =RCFs!C$5 -> 18.56 | J49: =ROUND($C49*$I49*J$6,1) -> 2041.6 | K49: =ROUND($C49*$I49*K$6,1) -> 2542.7 | L49: =ROUND($C49*$I49*L$6,1) -> 2728.3 | M49: =ROUND($C49*$I49*M$6,1) -> 3006.7 | N49: =ROUND($C49*$I49*N$6,1) -> 3712 | O49: =ROUND($C49*$I49*O$6,1) -> 3990.4 | P49: =ROUND($C49*$I49*P$6,1) -> 5568 | Q49: =ROUNDDOWN(R49*C49,1) -> 1930.3 | R49: =RCFs!C$7 -> 19.303333 | S49: =ROUNDDOWN($Q49*S$6,1) -> 2509.3 | T49: =ROUNDDOWN($Q49*T$6,1) -> 2895.4 | U49: =ROUND(V49*C49,1) -> 1745 | V49: =RCFs!$S$54 -> 17.45 | W49: =ROUND(X49*C49,1) -> 1859.3 | X49: =RCFs!$S$56 -> 18.593333 | Y49: =ROUNDDOWN($W49*Y$6,1) -> 2045.2 | Z49: =ROUND($C49*$X49*Z$6,1) -> 2547.3 | AA49: =ROUND($C49*$X49*AA$6,1) -> 3012.1 | AB49: =ROUND($C49*$X49*AB$6,1) -> 2733.2 | AC49: =ROUND($C49*$X49*AC$6,1) -> 4034.8 | AD49: =ROUND($C49*$X49*AD$6,1) -> 5578 | AE49: =ROUND(AF49*C49,1) -> 1913.3 | AF49: =RCFs!C$13 -> 19.133333 | AG49: =ROUND($AE49*AG$6,1) -> 3156.9 | AH49: =ROUND($AE49*AH$6,1) -> 4017.9 | AI49: =ROUND($AE49*AI$6,1) -> 5739.9 | AJ49: =ROUNDDOWN(C49*AK49,1) -> 1894.6 | AK49: =RCFs!C$25 -> 18.946667 | AL49: =ROUNDDOWN(C49*AM49,1) -> 2509.3 | AM49: =RCFs!C$29 -> 25.093333 | AN49: =ROUNDDOWN(C49*AO49,1) -> 2012.1 | AO49: =RCFs!C$33 -> 20.121274 | AP49: =ROUNDDOWN(AN49*AP$6,1) -> 3018.1 | AQ49: =ROUNDDOWN($C49*AR49,1) -> 2619 | AR49: =RCFs!C$35 -> 26.19 | AS49: =ROUNDDOWN(AQ49*AS$6,1) -> 3404.7 | AT49: =ROUNDDOWN(AR49*AT$6,1) -> 37.9 | AU49: =ROUNDDOWN($C49*AV49,1) -> 1948.6 | AV49: =RCFs!C$37 -> 19.486667 | AW49: =ROUNDDOWN(AX49*C49,1) -> 1982.6 | AX49: =RCFs!C$64 -> 19.826667 | AY49: =ROUNDDOWN($C49*AZ49,1) -> 1894.6 | AZ49: =RCFs!C$39 -> 18.946667 | BA49: =ROUNDDOWN($C49*BB49,1) -> 1906.8 | BB49: =RCFs!C$41 -> 19.068115
A50: 1206 | B50: Intensive care: Category 2 (ICU): Cases requiring active system support Subsequent days, per day | C50: 50 | D50: =ROUND(E50*C50,1) -> 3763.4 | E50: =RCFs!C$43 -> 75.268515 | F50: =ROUNDDOWN($C50*G50,1) -> 928 | G50: =RCFs!C$5 -> 18.56 | H50: =ROUNDDOWN($C50*I50,1) -> 928 | I50: =RCFs!C$5 -> 18.56 | J50: =ROUND($C50*$I50*J$6,1) -> 1020.8 | K50: =ROUND($C50*$I50*K$6,1) -> 1271.4 | L50: =ROUND($C50*$I50*L$6,1) -> 1364.2 | M50: =ROUND($C50*$I50*M$6,1) -> 1503.4 | N50: =ROUND($C50*$I50*N$6,1) -> 1856 | O50: =ROUND($C50*$I50*O$6,1) -> 1995.2 | P50: =ROUND($C50*$I50*P$6,1) -> 2784 | Q50: =ROUNDDOWN(R50*C50,1) -> 965.1 | R50: =RCFs!C$7 -> 19.303333 | S50: =ROUNDDOWN($Q50*S$6,1) -> 1254.6 | T50: =ROUNDDOWN($Q50*T$6,1) -> 1447.6 | U50: =ROUND(V50*C50,1) -> 872.5 | V50: =RCFs!$S$54 -> 17.45 | W50: =ROUND(X50*C50,1) -> 929.7 | X50: =RCFs!$S$56 -> 18.593333 | Y50: =ROUNDDOWN($W50*Y$6,1) -> 1022.6 | Z50: =ROUND($C50*$X50*Z$6,1) -> 1273.6 | AA50: =ROUND($C50*$X50*AA$6,1) -> 1506.1 | AB50: =ROUND($C50*$X50*AB$6,1) -> 1366.6 | AC50: =ROUND($C50*$X50*AC$6,1) -> 2017.4 | AD50: =ROUND($C50*$X50*AD$6,1) -> 2789 | AE50: =ROUND(AF50*C50,1) -> 956.7 | AF50: =RCFs!C$13 -> 19.133333 | AG50: =ROUND($AE50*AG$6,1) -> 1578.6 | AH50: =ROUND($AE50*AH$6,1) -> 2009.1 | AI50: =ROUND($AE50*AI$6,1) -> 2870.1 | AJ50: =ROUNDDOWN(C50*AK50,1) -> 947.3 | AK50: =RCFs!C$25 -> 18.946667 | AL50: =ROUNDDOWN(C50*AM50,1) -> 1254.6 | AM50: =RCFs!C$29 -> 25.093333 | AN50: =ROUNDDOWN(C50*AO50,1) -> 1006 | AO50: =RCFs!C$33 -> 20.121274 | AP50: =ROUNDDOWN(AN50*AP$6,1) -> 1509 | AQ50: =ROUNDDOWN($C50*AR50,1) -> 1309.5 | AR50: =RCFs!C$35 -> 26.19 | AS50: =ROUNDDOWN(AQ50*AS$6,1) -> 1702.3 | AT50: =ROUNDDOWN(AR50*AT$6,1) -> 37.9 | AU50: =ROUNDDOWN($C50*AV50,1) -> 974.3 | AV50: =RCFs!C$37 -> 19.486667 | AW50: =ROUNDDOWN(AX50*C50,1) -> 991.3 | AX50: =RCFs!C$64 -> 19.826667 | AY50: =ROUNDDOWN($C50*AZ50,1) -> 947.3 | AZ50: =RCFs!C$39 -> 18.946667 | BA50: =ROUNDDOWN($C50*BB50,1) -> 953.4 | BB50: =RCFs!C$41 -> 19.068115
A51: 1207 | B51: Intensive care: Category 2(ICU): Cases requiring active system support (where active specialised intervention is required in cases such as acute myocardial infarction, diabetic coma, head injury, severe asthma, acute pancreatitis, eclampsia, flail chest, etc. Ventilation may or may not be part of the active system support): After two weeks, per day | C51: 30 | D51: =ROUND(E51*C51,1) -> 2258.1 | E51: =RCFs!C$43 -> 75.268515 | F51: =ROUNDDOWN($C51*G51,1) -> 556.8 | G51: =RCFs!C$5 -> 18.56 | H51: =ROUNDDOWN($C51*I51,1) -> 556.8 | I51: =RCFs!C$5 -> 18.56 | J51: =ROUND($C51*$I51*J$6,1) -> 612.5 | K51: =ROUND($C51*$I51*K$6,1) -> 762.8 | L51: =ROUND($C51*$I51*L$6,1) -> 818.5 | M51: =ROUND($C51*$I51*M$6,1) -> 902 | N51: =ROUND($C51*$I51*N$6,1) -> 1113.6 | O51: =ROUND($C51*$I51*O$6,1) -> 1197.1 | P51: =ROUND($C51*$I51*P$6,1) -> 1670.4 | Q51: =ROUNDDOWN(R51*C51,1) -> 579.1 | R51: =RCFs!C$7 -> 19.303333 | S51: =ROUNDDOWN($Q51*S$6,1) -> 752.8 | T51: =ROUNDDOWN($Q51*T$6,1) -> 868.6 | U51: =ROUND(V51*C51,1) -> 523.5 | V51: =RCFs!$S$54 -> 17.45 | W51: =ROUND(X51*C51,1) -> 557.8 | X51: =RCFs!$S$56 -> 18.593333 | Y51: =ROUNDDOWN($W51*Y$6,1) -> 613.5 | Z51: =ROUND($C51*$X51*Z$6,1) -> 764.2 | AA51: =ROUND($C51*$X51*AA$6,1) -> 903.6 | AB51: =ROUND($C51*$X51*AB$6,1) -> 820 | AC51: =ROUND($C51*$X51*AC$6,1) -> 1210.4 | AD51: =ROUND($C51*$X51*AD$6,1) -> 1673.4 | AE51: =ROUND(AF51*C51,1) -> 574 | AF51: =RCFs!C$13 -> 19.133333 | AG51: =ROUND($AE51*AG$6,1) -> 947.1 | AH51: =ROUND($AE51*AH$6,1) -> 1205.4 | AI51: =ROUND($AE51*AI$6,1) -> 1722 | AJ51: =ROUNDDOWN(C51*AK51,1) -> 568.4 | AK51: =RCFs!C$25 -> 18.946667 | AL51: =ROUNDDOWN(C51*AM51,1) -> 752.8 | AM51: =RCFs!C$29 -> 25.093333 | AN51: =ROUNDDOWN(C51*AO51,1) -> 603.6 | AO51: =RCFs!C$33 -> 20.121274 | AP51: =ROUNDDOWN(AN51*AP$6,1) -> 905.4 | AQ51: =ROUNDDOWN($C51*AR51,1) -> 785.7 | AR51: =RCFs!C$35 -> 26.19 | AS51: =ROUNDDOWN(AQ51*AS$6,1) -> 1021.4 | AT51: =ROUNDDOWN(AR51*AT$6,1) -> 37.9 | AU51: =ROUNDDOWN($C51*AV51,1) -> 584.6 | AV51: =RCFs!C$37 -> 19.486667 | AW51: =ROUNDDOWN(AX51*C51,1) -> 594.8 | AX51: =RCFs!C$64 -> 19.826667 | AY51: =ROUNDDOWN($C51*AZ51,1) -> 568.4 | AZ51: =RCFs!C$39 -> 18.946667 | BA51: =ROUNDDOWN($C51*BB51,1) -> 572 | BB51: =RCFs!C$41 -> 19.068115
A52: 1208 | B52: Intensive care: Category 3 (ICU): Cases with multiple organ failure or Category 2 patients which may require multidisciplinary intervention: First day (primary practitioner) | C52: 137 | D52: =ROUND(E52*C52,1) -> 10311.8 | E52: =RCFs!C$43 -> 75.268515 | F52: =ROUNDDOWN($C52*G52,1) -> 2542.7 | G52: =RCFs!C$5 -> 18.56 | H52: =ROUNDDOWN($C52*I52,1) -> 2542.7 | I52: =RCFs!C$5 -> 18.56 | J52: =ROUND($C52*$I52*J$6,1) -> 2797 | K52: =ROUND($C52*$I52*K$6,1) -> 3483.5 | L52: =ROUND($C52*$I52*L$6,1) -> 3737.8 | M52: =ROUND($C52*$I52*M$6,1) -> 4119.2 | N52: =ROUND($C52*$I52*N$6,1) -> 5085.4 | O52: =ROUND($C52*$I52*O$6,1) -> 5466.8 | P52: =ROUND($C52*$I52*P$6,1) -> 7628.2 | Q52: =ROUNDDOWN(R52*C52,1) -> 2644.5 | R52: =RCFs!C$7 -> 19.303333 | S52: =ROUNDDOWN($Q52*S$6,1) -> 3437.8 | T52: =ROUNDDOWN($Q52*T$6,1) -> 3966.7 | U52: =ROUND(V52*C52,1) -> 2390.7 | V52: =RCFs!$S$54 -> 17.45 | W52: =ROUND(X52*C52,1) -> 2547.3 | X52: =RCFs!$S$56 -> 18.593333 | Y52: =ROUNDDOWN($W52*Y$6,1) -> 2802 | Z52: =ROUND($C52*$X52*Z$6,1) -> 3489.8 | AA52: =ROUND($C52*$X52*AA$6,1) -> 4126.6 | AB52: =ROUND($C52*$X52*AB$6,1) -> 3744.5 | AC52: =ROUND($C52*$X52*AC$6,1) -> 5527.6 | AD52: =ROUND($C52*$X52*AD$6,1) -> 7641.9 | AE52: =ROUND(AF52*C52,1) -> 2621.3 | AF52: =RCFs!C$13 -> 19.133333 | AG52: =ROUND($AE52*AG$6,1) -> 4325.1 | AH52: =ROUND($AE52*AH$6,1) -> 5504.7 | AI52: =ROUND($AE52*AI$6,1) -> 7863.9 | AJ52: =ROUNDDOWN(C52*AK52,1) -> 2595.6 | AK52: =RCFs!C$25 -> 18.946667 | AL52: =ROUNDDOWN(C52*AM52,1) -> 3437.7 | AM52: =RCFs!C$29 -> 25.093333 | AN52: =ROUNDDOWN(C52*AO52,1) -> 2756.6 | AO52: =RCFs!C$33 -> 20.121274 | AP52: =ROUNDDOWN(AN52*AP$6,1) -> 4134.9 | AQ52: =ROUNDDOWN($C52*AR52,1) -> 3588 | AR52: =RCFs!C$35 -> 26.19 | AS52: =ROUNDDOWN(AQ52*AS$6,1) -> 4664.4 | AT52: =ROUNDDOWN(AR52*AT$6,1) -> 37.9 | AU52: =ROUNDDOWN($C52*AV52,1) -> 2669.6 | AV52: =RCFs!C$37 -> 19.486667 | AW52: =ROUNDDOWN(AX52*C52,1) -> 2716.2 | AX52: =RCFs!C$64 -> 19.826667 | AY52: =ROUNDDOWN($C52*AZ52,1) -> 2595.6 | AZ52: =RCFs!C$39 -> 18.946667 | BA52: =ROUNDDOWN($C52*BB52,1) -> 2612.3 | BB52: =RCFs!C$41 -> 19.068115
A53: 1209 | B53: Intensive care: Category 3 (ICU): Cases with multiple organ failure or Category 2 patients which may require multidisciplinary intervention: First day (per involved practitioner) | C53: 58 | D53: =ROUND(E53*C53,1) -> 4365.6 | E53: =RCFs!C$43 -> 75.268515 | F53: =ROUNDDOWN($C53*G53,1) -> 1076.4 | G53: =RCFs!C$5 -> 18.56 | H53: =ROUNDDOWN($C53*I53,1) -> 1076.4 | I53: =RCFs!C$5 -> 18.56 | J53: =ROUND($C53*$I53*J$6,1) -> 1184.1 | K53: =ROUND($C53*$I53*K$6,1) -> 1474.8 | L53: =ROUND($C53*$I53*L$6,1) -> 1582.4 | M53: =ROUND($C53*$I53*M$6,1) -> 1743.9 | N53: =ROUND($C53*$I53*N$6,1) -> 2153 | O53: =ROUND($C53*$I53*O$6,1) -> 2314.4 | P53: =ROUND($C53*$I53*P$6,1) -> 3229.4 | Q53: =ROUNDDOWN(R53*C53,1) -> 1119.5 | R53: =RCFs!C$7 -> 19.303333 | S53: =ROUNDDOWN($Q53*S$6,1) -> 1455.3 | T53: =ROUNDDOWN($Q53*T$6,1) -> 1679.2 | U53: =ROUND(V53*C53,1) -> 1012.1 | V53: =RCFs!$S$54 -> 17.45 | W53: =ROUND(X53*C53,1) -> 1078.4 | X53: =RCFs!$S$56 -> 18.593333 | Y53: =ROUNDDOWN($W53*Y$6,1) -> 1186.2 | Z53: =ROUND($C53*$X53*Z$6,1) -> 1477.4 | AA53: =ROUND($C53*$X53*AA$6,1) -> 1747 | AB53: =ROUND($C53*$X53*AB$6,1) -> 1585.3 | AC53: =ROUND($C53*$X53*AC$6,1) -> 2340.2 | AD53: =ROUND($C53*$X53*AD$6,1) -> 3235.2 | AE53: =ROUND(AF53*C53,1) -> 1109.7 | AF53: =RCFs!C$13 -> 19.133333 | AG53: =ROUND($AE53*AG$6,1) -> 1831 | AH53: =ROUND($AE53*AH$6,1) -> 2330.4 | AI53: =ROUND($AE53*AI$6,1) -> 3329.1 | AJ53: =ROUNDDOWN(C53*AK53,1) -> 1098.9 | AK53: =RCFs!C$25 -> 18.946667 | AL53: =ROUNDDOWN(C53*AM53,1) -> 1455.4 | AM53: =RCFs!C$29 -> 25.093333 | AN53: =ROUNDDOWN(C53*AO53,1) -> 1167 | AO53: =RCFs!C$33 -> 20.121274 | AP53: =ROUNDDOWN(AN53*AP$6,1) -> 1750.5 | AQ53: =ROUNDDOWN($C53*AR53,1) -> 1519 | AR53: =RCFs!C$35 -> 26.19 | AS53: =ROUNDDOWN(AQ53*AS$6,1) -> 1974.7 | AT53: =ROUNDDOWN(AR53*AT$6,1) -> 37.9 | AU53: =ROUNDDOWN($C53*AV53,1) -> 1130.2 | AV53: =RCFs!C$37 -> 19.486667 | AW53: =ROUNDDOWN(AX53*C53,1) -> 1149.9 | AX53: =RCFs!C$64 -> 19.826667 | AY53: =ROUNDDOWN($C53*AZ53,1) -> 1098.9 | AZ53: =RCFs!C$39 -> 18.946667 | BA53: =ROUNDDOWN($C53*BB53,1) -> 1105.9 | BB53: =RCFs!C$41 -> 19.068115
A54: 1210 | B54: Intensive care: Category 3 (ICU): Cases with multiple organ failure or Category 2 patients which may require multidisciplinary intervention: Subsequent days (per involved practitioner) | C54: 50 | D54: =ROUND(E54*C54,1) -> 3763.4 | E54: =RCFs!C$43 -> 75.268515 | F54: =ROUNDDOWN($C54*G54,1) -> 928 | G54: =RCFs!C$5 -> 18.56 | H54: =ROUNDDOWN($C54*I54,1) -> 928 | I54: =RCFs!C$5 -> 18.56 | J54: =ROUND($C54*$I54*J$6,1) -> 1020.8 | K54: =ROUND($C54*$I54*K$6,1) -> 1271.4 | L54: =ROUND($C54*$I54*L$6,1) -> 1364.2 | M54: =ROUND($C54*$I54*M$6,1) -> 1503.4 | N54: =ROUND($C54*$I54*N$6,1) -> 1856 | O54: =ROUND($C54*$I54*O$6,1) -> 1995.2 | P54: =ROUND($C54*$I54*P$6,1) -> 2784 | Q54: =ROUNDDOWN(R54*C54,1) -> 965.1 | R54: =RCFs!C$7 -> 19.303333 | S54: =ROUNDDOWN($Q54*S$6,1) -> 1254.6 | T54: =ROUNDDOWN($Q54*T$6,1) -> 1447.6 | U54: =ROUND(V54*C54,1) -> 872.5 | V54: =RCFs!$S$54 -> 17.45 | W54: =ROUND(X54*C54,1) -> 929.7 | X54: =RCFs!$S$56 -> 18.593333 | Y54: =ROUNDDOWN($W54*Y$6,1) -> 1022.6 | Z54: =ROUND($C54*$X54*Z$6,1) -> 1273.6 | AA54: =ROUND($C54*$X54*AA$6,1) -> 1506.1 | AB54: =ROUND($C54*$X54*AB$6,1) -> 1366.6 | AC54: =ROUND($C54*$X54*AC$6,1) -> 2017.4 | AD54: =ROUND($C54*$X54*AD$6,1) -> 2789 | AE54: =ROUND(AF54*C54,1) -> 956.7 | AF54: =RCFs!C$13 -> 19.133333 | AG54: =ROUND($AE54*AG$6,1) -> 1578.6 | AH54: =ROUND($AE54*AH$6,1) -> 2009.1 | AI54: =ROUND($AE54*AI$6,1) -> 2870.1 | AJ54: =ROUNDDOWN(C54*AK54,1) -> 947.3 | AK54: =RCFs!C$25 -> 18.946667 | AL54: =ROUNDDOWN(C54*AM54,1) -> 1254.6 | AM54: =RCFs!C$29 -> 25.093333 | AN54: =ROUNDDOWN(C54*AO54,1) -> 1006 | AO54: =RCFs!C$33 -> 20.121274 | AP54: =ROUNDDOWN(AN54*AP$6,1) -> 1509 | AQ54: =ROUNDDOWN($C54*AR54,1) -> 1309.5 | AR54: =RCFs!C$35 -> 26.19 | AS54: =ROUNDDOWN(AQ54*AS$6,1) -> 1702.3 | AT54: =ROUNDDOWN(AR54*AT$6,1) -> 37.9 | AU54: =ROUNDDOWN($C54*AV54,1) -> 974.3 | AV54: =RCFs!C$37 -> 19.486667 | AW54: =ROUNDDOWN(AX54*C54,1) -> 991.3 | AX54: =RCFs!C$64 -> 19.826667 | AY54: =ROUNDDOWN($C54*AZ54,1) -> 947.3 | AZ54: =RCFs!C$39 -> 18.946667 | BA54: =ROUNDDOWN($C54*BB54,1) -> 953.4 | BB54: =RCFs!C$41 -> 19.068115
A55: 1212 | B55: Ventilation: First day | C55: 75 | D55: =ROUND(E55*C55,1) -> 5645.1 | E55: =RCFs!C$43 -> 75.268515 | F55: =ROUNDDOWN($C55*G55,1) -> 1392 | G55: =RCFs!C$5 -> 18.56 | H55: =ROUNDDOWN($C55*I55,1) -> 1392 | I55: =RCFs!C$5 -> 18.56 | J55: =ROUND($C55*$I55*J$6,1) -> 1531.2 | K55: =ROUND($C55*$I55*K$6,1) -> 1907 | L55: =ROUND($C55*$I55*L$6,1) -> 2046.2 | M55: =ROUND($C55*$I55*M$6,1) -> 2255 | N55: =ROUND($C55*$I55*N$6,1) -> 2784 | O55: =ROUND($C55*$I55*O$6,1) -> 2992.8 | P55: =ROUND($C55*$I55*P$6,1) -> 4176 | Q55: =ROUNDDOWN(R55*C55,1) -> 1447.7 | R55: =RCFs!C$7 -> 19.303333 | S55: =ROUNDDOWN($Q55*S$6,1) -> 1882 | T55: =ROUNDDOWN($Q55*T$6,1) -> 2171.5 | U55: =ROUND(V55*C55,1) -> 1381.7 | V55: =RCFs!C$9 -> 18.423 | W55: =ROUND(X55*C55,1) -> 1381.7 | X55: =V55 -> 18.423 | Y55: =ROUNDDOWN($W55*Y$6,1) -> 1519.8 | Z55: =ROUND($C55*$X55*Z$6,1) -> 1893 | AA55: =ROUND($C55*$X55*AA$6,1) -> 2238.4 | AB55: =ROUND($C55*$X55*AB$6,1) -> 2031.1 | AC55: =ROUND($C55*$X55*AC$6,1) -> 2998.3 | AD55: =ROUND($C55*$X55*AD$6,1) -> 4145.2 | AE55: =ROUND(AF55*C55,1) -> 1435 | AF55: =RCFs!C$13 -> 19.133333 | AG55: =ROUND($AE55*AG$6,1) -> 2367.8 | AH55: =ROUND($AE55*AH$6,1) -> 3013.5 | AI55: =ROUND($AE55*AI$6,1) -> 4305 | AJ55: =ROUNDDOWN(C55*AK55,1) -> 1421 | AK55: =RCFs!C$25 -> 18.946667 | AL55: =ROUNDDOWN(C55*AM55,1) -> 1882 | AM55: =RCFs!C$29 -> 25.093333 | AN55: =ROUNDDOWN(C55*AO55,1) -> 1509 | AO55: =RCFs!C$33 -> 20.121274 | AP55: =ROUNDDOWN(AN55*AP$6,1) -> 2263.5 | AQ55: =ROUNDDOWN($C55*AR55,1) -> 1964.2 | AR55: =RCFs!C$35 -> 26.19 | AS55: =ROUNDDOWN(AQ55*AS$6,1) -> 2553.4 | AT55: =ROUNDDOWN(AR55*AT$6,1) -> 37.9 | AU55: =ROUNDDOWN($C55*AV55,1) -> 1461.5 | AV55: =RCFs!C$37 -> 19.486667 | AW55: =ROUNDDOWN(AX55*C55,1) -> 1487 | AX55: =RCFs!C$64 -> 19.826667 | AY55: =ROUNDDOWN($C55*AZ55,1) -> 1421 | AZ55: =RCFs!C$39 -> 18.946667 | BA55: =ROUNDDOWN($C55*BB55,1) -> 1430.1 | BB55: =RCFs!C$41 -> 19.068115
A56: 1213 | B56: Ventilation: Subsequent days, per day | C56: 50 | D56: =ROUND(E56*C56,1) -> 3763.4 | E56: =RCFs!C$43 -> 75.268515 | F56: =ROUNDDOWN($C56*G56,1) -> 928 | G56: =RCFs!C$5 -> 18.56 | H56: =ROUNDDOWN($C56*I56,1) -> 928 | I56: =RCFs!C$5 -> 18.56 | J56: =ROUND($C56*$I56*J$6,1) -> 1020.8 | K56: =ROUND($C56*$I56*K$6,1) -> 1271.4 | L56: =ROUND($C56*$I56*L$6,1) -> 1364.2 | M56: =ROUND($C56*$I56*M$6,1) -> 1503.4 | N56: =ROUND($C56*$I56*N$6,1) -> 1856 | O56: =ROUND($C56*$I56*O$6,1) -> 1995.2 | P56: =ROUND($C56*$I56*P$6,1) -> 2784 | Q56: =ROUNDDOWN(R56*C56,1) -> 965.1 | R56: =RCFs!C$7 -> 19.303333 | S56: =ROUNDDOWN($Q56*S$6,1) -> 1254.6 | T56: =ROUNDDOWN($Q56*T$6,1) -> 1447.6 | U56: =ROUND(V56*C56,1) -> 921.2 | V56: =RCFs!C$9 -> 18.423 | W56: =ROUND(X56*C56,1) -> 921.2 | X56: =V56 -> 18.423 | Y56: =ROUNDDOWN($W56*Y$6,1) -> 1013.3 | Z56: =ROUND($C56*$X56*Z$6,1) -> 1262 | AA56: =ROUND($C56*$X56*AA$6,1) -> 1492.3 | AB56: =ROUND($C56*$X56*AB$6,1) -> 1354.1 | AC56: =ROUND($C56*$X56*AC$6,1) -> 1998.9 | AD56: =ROUND($C56*$X56*AD$6,1) -> 2763.5 | AE56: =ROUND(AF56*C56,1) -> 956.7 | AF56: =RCFs!C$13 -> 19.133333 | AG56: =ROUND($AE56*AG$6,1) -> 1578.6 | AH56: =ROUND($AE56*AH$6,1) -> 2009.1 | AI56: =ROUND($AE56*AI$6,1) -> 2870.1 | AJ56: =ROUNDDOWN(C56*AK56,1) -> 947.3 | AK56: =RCFs!C$25 -> 18.946667 | AL56: =ROUNDDOWN(C56*AM56,1) -> 1254.6 | AM56: =RCFs!C$29 -> 25.093333 | AN56: =ROUNDDOWN(C56*AO56,1) -> 1006 | AO56: =RCFs!C$33 -> 20.121274 | AP56: =ROUNDDOWN(AN56*AP$6,1) -> 1509 | AQ56: =ROUNDDOWN($C56*AR56,1) -> 1309.5 | AR56: =RCFs!C$35 -> 26.19 | AS56: =ROUNDDOWN(AQ56*AS$6,1) -> 1702.3 | AT56: =ROUNDDOWN(AR56*AT$6,1) -> 37.9 | AU56: =ROUNDDOWN($C56*AV56,1) -> 974.3 | AV56: =RCFs!C$37 -> 19.486667 | AW56: =ROUNDDOWN(AX56*C56,1) -> 991.3 | AX56: =RCFs!C$64 -> 19.826667 | AY56: =ROUNDDOWN($C56*AZ56,1) -> 947.3 | AZ56: =RCFs!C$39 -> 18.946667 | BA56: =ROUNDDOWN($C56*BB56,1) -> 953.4 | BB56: =RCFs!C$41 -> 19.068115
A57: 1214 | B57: Ventilation: After two weeks, per calendar day | C57: 25 | D57: =ROUND(E57*C57,1) -> 1881.7 | E57: =RCFs!C$43 -> 75.268515 | F57: =ROUNDDOWN($C57*G57,1) -> 464 | G57: =RCFs!C$5 -> 18.56 | H57: =ROUNDDOWN($C57*I57,1) -> 464 | I57: =RCFs!C$5 -> 18.56 | J57: =ROUND($C57*$I57*J$6,1) -> 510.4 | K57: =ROUND($C57*$I57*K$6,1) -> 635.7 | L57: =ROUND($C57*$I57*L$6,1) -> 682.1 | M57: =ROUND($C57*$I57*M$6,1) -> 751.7 | N57: =ROUND($C57*$I57*N$6,1) -> 928 | O57: =ROUND($C57*$I57*O$6,1) -> 997.6 | P57: =ROUND($C57*$I57*P$6,1) -> 1392 | Q57: =ROUNDDOWN(R57*C57,1) -> 482.5 | R57: =RCFs!C$7 -> 19.303333 | S57: =ROUNDDOWN($Q57*S$6,1) -> 627.2 | T57: =ROUNDDOWN($Q57*T$6,1) -> 723.7 | U57: =ROUND(V57*C57,1) -> 460.6 | V57: =RCFs!C$9 -> 18.423 | W57: =ROUND(X57*C57,1) -> 460.6 | X57: =V57 -> 18.423 | Y57: =ROUNDDOWN($W57*Y$6,1) -> 506.6 | Z57: =ROUND($C57*$X57*Z$6,1) -> 631 | AA57: =ROUND($C57*$X57*AA$6,1) -> 746.1 | AB57: =ROUND($C57*$X57*AB$6,1) -> 677 | AC57: =ROUND($C57*$X57*AC$6,1) -> 999.4 | AD57: =ROUND($C57*$X57*AD$6,1) -> 1381.7 | AE57: =ROUND(AF57*C57,1) -> 478.3 | AF57: =RCFs!C$13 -> 19.133333 | AG57: =ROUND($AE57*AG$6,1) -> 789.2 | AH57: =ROUND($AE57*AH$6,1) -> 1004.4 | AI57: =ROUND($AE57*AI$6,1) -> 1434.9 | AJ57: =ROUNDDOWN(C57*AK57,1) -> 473.6 | AK57: =RCFs!C$25 -> 18.946667 | AL57: =ROUNDDOWN(C57*AM57,1) -> 627.3 | AM57: =RCFs!C$29 -> 25.093333 | AN57: =ROUNDDOWN(C57*AO57,1) -> 503 | AO57: =RCFs!C$33 -> 20.121274 | AP57: =ROUNDDOWN(AN57*AP$6,1) -> 754.5 | AQ57: =ROUNDDOWN($C57*AR57,1) -> 654.7 | AR57: =RCFs!C$35 -> 26.19 | AS57: =ROUNDDOWN(AQ57*AS$6,1) -> 851.1 | AT57: =ROUNDDOWN(AR57*AT$6,1) -> 37.9 | AU57: =ROUNDDOWN($C57*AV57,1) -> 487.1 | AV57: =RCFs!C$37 -> 19.486667 | AW57: =ROUNDDOWN(AX57*C57,1) -> 495.6 | AX57: =RCFs!C$64 -> 19.826667 | AY57: =ROUNDDOWN($C57*AZ57,1) -> 473.6 | AZ57: =RCFs!C$39 -> 18.946667 | BA57: =ROUNDDOWN($C57*BB57,1) -> 476.7 | BB57: =RCFs!C$41 -> 19.068115
A58: 1215 | B58: Insertion of arterial pressure cannula | C58: 25 | D58: =ROUND(E58*C58,1) -> 1881.7 | E58: =RCFs!C$43 -> 75.268515 | F58: =ROUNDDOWN($C58*G58,1) -> 464 | G58: =RCFs!C$5 -> 18.56 | H58: =ROUNDDOWN($C58*I58,1) -> 464 | I58: =RCFs!C$5 -> 18.56 | J58: =ROUND($C58*$I58*J$6,1) -> 510.4 | K58: =ROUND($C58*$I58*K$6,1) -> 635.7 | L58: =ROUND($C58*$I58*L$6,1) -> 682.1 | M58: =ROUND($C58*$I58*M$6,1) -> 751.7 | N58: =ROUND($C58*$I58*N$6,1) -> 928 | O58: =ROUND($C58*$I58*O$6,1) -> 997.6 | P58: =ROUND($C58*$I58*P$6,1) -> 1392 | Q58: =ROUNDDOWN(R58*C58,1) -> 482.5 | R58: =RCFs!C$7 -> 19.303333 | S58: =ROUNDDOWN($Q58*S$6,1) -> 627.2 | T58: =ROUNDDOWN($Q58*T$6,1) -> 723.7 | U58: =ROUND(V58*C58,1) -> 460.6 | V58: =RCFs!C$9 -> 18.423 | W58: =ROUND(X58*C58,1) -> 460.6 | X58: =V58 -> 18.423 | Y58: =ROUNDDOWN($W58*Y$6,1) -> 506.6 | Z58: =ROUND($C58*$X58*Z$6,1) -> 631 | AA58: =ROUND($C58*$X58*AA$6,1) -> 746.1 | AB58: =ROUND($C58*$X58*AB$6,1) -> 677 | AC58: =ROUND($C58*$X58*AC$6,1) -> 999.4 | AD58: =ROUND($C58*$X58*AD$6,1) -> 1381.7 | AE58: =ROUND(AF58*C58,1) -> 478.3 | AF58: =RCFs!C$13 -> 19.133333 | AG58: =ROUND($AE58*AG$6,1) -> 789.2 | AH58: =ROUND($AE58*AH$6,1) -> 1004.4 | AI58: =ROUND($AE58*AI$6,1) -> 1434.9 | AJ58: =ROUNDDOWN(C58*AK58,1) -> 473.6 | AK58: =RCFs!C$25 -> 18.946667 | AL58: =ROUNDDOWN(C58*AM58,1) -> 627.3 | AM58: =RCFs!C$29 -> 25.093333 | AN58: =ROUNDDOWN(C58*AO58,1) -> 503 | AO58: =RCFs!C$33 -> 20.121274 | AP58: =ROUNDDOWN(AN58*AP$6,1) -> 754.5 | AQ58: =ROUNDDOWN($C58*AR58,1) -> 654.7 | AR58: =RCFs!C$35 -> 26.19 | AS58: =ROUNDDOWN(AQ58*AS$6,1) -> 851.1 | AT58: =ROUNDDOWN(AR58*AT$6,1) -> 37.9 | AU58: =ROUNDDOWN($C58*AV58,1) -> 487.1 | AV58: =RCFs!C$37 -> 19.486667 | AW58: =ROUNDDOWN(AX58*C58,1) -> 495.6 | AX58: =RCFs!C$64 -> 19.826667 | AY58: =ROUNDDOWN($C58*AZ58,1) -> 473.6 | AZ58: =RCFs!C$39 -> 18.946667 | BA58: =ROUNDDOWN($C58*BB58,1) -> 476.7 | BB58: =RCFs!C$41 -> 19.068115
A59: 1218 | B59: Insertion of central venous line via subclavian or jugular veins | C59: 25 | D59: =ROUND(E59*C59,1) -> 1881.7 | E59: =RCFs!C$43 -> 75.268515 | F59: =ROUNDDOWN($C59*G59,1) -> 464 | G59: =RCFs!C$5 -> 18.56 | H59: =ROUNDDOWN($C59*I59,1) -> 464 | I59: =RCFs!C$5 -> 18.56 | J59: =ROUND($C59*$I59*J$6,1) -> 510.4 | K59: =ROUND($C59*$I59*K$6,1) -> 635.7 | L59: =ROUND($C59*$I59*L$6,1) -> 682.1 | M59: =ROUND($C59*$I59*M$6,1) -> 751.7 | N59: =ROUND($C59*$I59*N$6,1) -> 928 | O59: =ROUND($C59*$I59*O$6,1) -> 997.6 | P59: =ROUND($C59*$I59*P$6,1) -> 1392 | Q59: =ROUNDDOWN(R59*C59,1) -> 482.5 | R59: =RCFs!C$7 -> 19.303333 | S59: =ROUNDDOWN($Q59*S$6,1) -> 627.2 | T59: =ROUNDDOWN($Q59*T$6,1) -> 723.7 | U59: =ROUND(V59*C59,1) -> 460.6 | V59: =RCFs!C$9 -> 18.423 | W59: =ROUND(X59*C59,1) -> 460.6 | X59: =V59 -> 18.423 | Y59: =ROUNDDOWN($W59*Y$6,1) -> 506.6 | Z59: =ROUND($C59*$X59*Z$6,1) -> 631 | AA59: =ROUND($C59*$X59*AA$6,1) -> 746.1 | AB59: =ROUND($C59*$X59*AB$6,1) -> 677 | AC59: =ROUND($C59*$X59*AC$6,1) -> 999.4 | AD59: =ROUND($C59*$X59*AD$6,1) -> 1381.7 | AE59: =ROUND(AF59*C59,1) -> 478.3 | AF59: =RCFs!C$13 -> 19.133333 | AG59: =ROUND($AE59*AG$6,1) -> 789.2 | AH59: =ROUND($AE59*AH$6,1) -> 1004.4 | AI59: =ROUND($AE59*AI$6,1) -> 1434.9 | AJ59: =ROUNDDOWN(C59*AK59,1) -> 473.6 | AK59: =RCFs!C$25 -> 18.946667 | AL59: =ROUNDDOWN(C59*AM59,1) -> 627.3 | AM59: =RCFs!C$29 -> 25.093333 | AN59: =ROUNDDOWN(C59*AO59,1) -> 503 | AO59: =RCFs!C$33 -> 20.121274 | AP59: =ROUNDDOWN(AN59*AP$6,1) -> 754.5 | AQ59: =ROUNDDOWN($C59*AR59,1) -> 654.7 | AR59: =RCFs!C$35 -> 26.19 | AS59: =ROUNDDOWN(AQ59*AS$6,1) -> 851.1 | AT59: =ROUNDDOWN(AR59*AT$6,1) -> 37.9 | AU59: =ROUNDDOWN($C59*AV59,1) -> 487.1 | AV59: =RCFs!C$37 -> 19.486667 | AW59: =ROUNDDOWN(AX59*C59,1) -> 495.6 | AX59: =RCFs!C$64 -> 19.826667 | AY59: =ROUNDDOWN($C59*AZ59,1) -> 473.6 | AZ59: =RCFs!C$39 -> 18.946667 | BA59: =ROUNDDOWN($C59*BB59,1) -> 476.7 | BB59: =RCFs!C$41 -> 19.068115
A60: 1219 | B60: Hyperalimentation (per calender day) | C60: 15 | D60: =ROUND(E60*C60,1) -> 1129 | E60: =RCFs!C$43 -> 75.268515 | F60: =ROUNDDOWN($C60*G60,1) -> 278.4 | G60: =RCFs!C$5 -> 18.56 | H60: =ROUNDDOWN($C60*I60,1) -> 278.4 | I60: =RCFs!C$5 -> 18.56 | J60: =ROUND($C60*$I60*J$6,1) -> 306.2 | K60: =ROUND($C60*$I60*K$6,1) -> 381.4 | L60: =ROUND($C60*$I60*L$6,1) -> 409.2 | M60: =ROUND($C60*$I60*M$6,1) -> 451 | N60: =ROUND($C60*$I60*N$6,1) -> 556.8 | O60: =ROUND($C60*$I60*O$6,1) -> 598.6 | P60: =ROUND($C60*$I60*P$6,1) -> 835.2 | Q60: =ROUNDDOWN(R60*C60,1) -> 289.5 | R60: =RCFs!C$7 -> 19.303333 | S60: =ROUNDDOWN($Q60*S$6,1) -> 376.3 | T60: =ROUNDDOWN($Q60*T$6,1) -> 434.2 | U60: =ROUND(V60*C60,1) -> 276.3 | V60: =RCFs!C$9 -> 18.423 | W60: =ROUND(X60*C60,1) -> 276.3 | X60: =V60 -> 18.423 | Y60: =ROUNDDOWN($W60*Y$6,1) -> 303.9 | Z60: =ROUND($C60*$X60*Z$6,1) -> 378.6 | AA60: =ROUND($C60*$X60*AA$6,1) -> 447.7 | AB60: =ROUND($C60*$X60*AB$6,1) -> 406.2 | AC60: =ROUND($C60*$X60*AC$6,1) -> 599.7 | AD60: =ROUND($C60*$X60*AD$6,1) -> 829 | AE60: =ROUND(AF60*C60,1) -> 287 | AF60: =RCFs!C$13 -> 19.133333 | AG60: =ROUND($AE60*AG$6,1) -> 473.6 | AH60: =ROUND($AE60*AH$6,1) -> 602.7 | AI60: =ROUND($AE60*AI$6,1) -> 861 | AJ60: =ROUNDDOWN(C60*AK60,1) -> 284.2 | AK60: =RCFs!C$25 -> 18.946667 | AL60: =ROUNDDOWN(C60*AM60,1) -> 376.4 | AM60: =RCFs!C$29 -> 25.093333 | AN60: =ROUNDDOWN(C60*AO60,1) -> 301.8 | AO60: =RCFs!C$33 -> 20.121274 | AP60: =ROUNDDOWN(AN60*AP$6,1) -> 452.7 | AQ60: =ROUNDDOWN($C60*AR60,1) -> 392.8 | AR60: =RCFs!C$35 -> 26.19 | AS60: =ROUNDDOWN(AQ60*AS$6,1) -> 510.6 | AT60: =ROUNDDOWN(AR60*AT$6,1) -> 37.9 | AU60: =ROUNDDOWN($C60*AV60,1) -> 292.3 | AV60: =RCFs!C$37 -> 19.486667 | AW60: =ROUNDDOWN(AX60*C60,1) -> 297.4 | AX60: =RCFs!C$64 -> 19.826667 | AY60: =ROUNDDOWN($C60*AZ60,1) -> 284.2 | AZ60: =RCFs!C$39 -> 18.946667 | BA60: =ROUNDDOWN($C60*BB60,1) -> 286 | BB60: =RCFs!C$41 -> 19.068115
A61: 1230 | B61: Professional component for a physician interpreting an ECG: Without effort | C61: 6 | D61: =ROUND(E61*C61,1) -> 451.6 | E61: =RCFs!C$43 -> 75.268515 | F61: =ROUNDDOWN($C61*G61,1) -> 111.3 | G61: =RCFs!C$5 -> 18.56 | H61: =ROUNDDOWN($C61*I61,1) -> 111.3 | I61: =RCFs!C$5 -> 18.56 | J61: =ROUND($C61*$I61*J$6,1) -> 122.5 | K61: =ROUND($C61*$I61*K$6,1) -> 152.6 | L61: =ROUND($C61*$I61*L$6,1) -> 163.7 | M61: =ROUND($C61*$I61*M$6,1) -> 180.4 | N61: =ROUND($C61*$I61*N$6,1) -> 222.7 | O61: =ROUND($C61*$I61*O$6,1) -> 239.4 | P61: =ROUND($C61*$I61*P$6,1) -> 334.1 | Q61: =ROUNDDOWN(R61*C61,1) -> 115.8 | R61: =RCFs!C$7 -> 19.303333 | S61: =ROUNDDOWN($Q61*S$6,1) -> 150.5 | T61: =ROUNDDOWN($Q61*T$6,1) -> 173.7 | U61: =ROUND(V61*C61,1) -> 110.5 | V61: =RCFs!C$9 -> 18.423 | W61: =ROUND(X61*C61,1) -> 110.5 | X61: =V61 -> 18.423 | Y61: =ROUNDDOWN($W61*Y$6,1) -> 121.5 | Z61: =ROUND($C61*$X61*Z$6,1) -> 151.4 | AA61: =ROUND($C61*$X61*AA$6,1) -> 179.1 | AB61: =ROUND($C61*$X61*AB$6,1) -> 162.5 | AC61: =ROUND($C61*$X61*AC$6,1) -> 239.9 | AD61: =ROUND($C61*$X61*AD$6,1) -> 331.6 | AE61: =ROUND(AF61*C61,1) -> 114.8 | AF61: =RCFs!C$13 -> 19.133333 | AG61: =ROUND($AE61*AG$6,1) -> 189.4 | AH61: =ROUND($AE61*AH$6,1) -> 241.1 | AI61: =ROUND($AE61*AI$6,1) -> 344.4 | AJ61: =ROUNDDOWN(C61*AK61,1) -> 113.6 | AK61: =RCFs!C$25 -> 18.946667 | AL61: =ROUNDDOWN(C61*AM61,1) -> 150.5 | AM61: =RCFs!C$29 -> 25.093333 | AN61: =ROUNDDOWN(C61*AO61,1) -> 120.7 | AO61: =RCFs!C$33 -> 20.121274 | AP61: =ROUNDDOWN(AN61*AP$6,1) -> 181 | AQ61: =ROUNDDOWN($C61*AR61,1) -> 157.1 | AR61: =RCFs!C$35 -> 26.19 | AS61: =ROUNDDOWN(AQ61*AS$6,1) -> 204.2 | AT61: =ROUNDDOWN(AR61*AT$6,1) -> 37.9 | AU61: =ROUNDDOWN($C61*AV61,1) -> 116.9 | AV61: =RCFs!C$37 -> 19.486667 | AW61: =ROUNDDOWN(AX61*C61,1) -> 118.9 | AX61: =RCFs!C$64 -> 19.826667 | AY61: =ROUNDDOWN($C61*AZ61,1) -> 113.6 | AZ61: =RCFs!C$39 -> 18.946667 | BA61: =ROUNDDOWN($C61*BB61,1) -> 114.4 | BB61: =RCFs!C$41 -> 19.068115
A62: 1232 | B62: Electrocardiogram: Without effort | C62: 9 | D62: =ROUND(E62*C62,1) -> 171.6 | E62: =BB62 -> 19.068115 | F62: =ROUNDDOWN($C62*G62,1) -> 167 | G62: =RCFs!C$5 -> 18.56 | H62: =ROUNDDOWN($C62*I62,1) -> 167 | I62: =RCFs!C$5 -> 18.56 | J62: =ROUND($C62*$I62*J$6,1) -> 183.7 | K62: =ROUND($C62*$I62*K$6,1) -> 228.8 | L62: =ROUND($C62*$I62*L$6,1) -> 245.5 | M62: =ROUND($C62*$I62*M$6,1) -> 270.6 | N62: =ROUND($C62*$I62*N$6,1) -> 334.1 | O62: =ROUND($C62*$I62*O$6,1) -> 359.1 | P62: =ROUND($C62*$I62*P$6,1) -> 501.1 | Q62: =ROUNDDOWN(R62*C62,1) -> 173.7 | R62: =RCFs!C$7 -> 19.303333 | S62: =ROUNDDOWN($Q62*S$6,1) -> 225.8 | T62: =ROUNDDOWN($Q62*T$6,1) -> 260.5 | U62: =ROUND(V62*C62,1) -> 165.8 | V62: =RCFs!C$9 -> 18.423 | W62: =ROUND(X62*C62,1) -> 165.8 | X62: =V62 -> 18.423 | Y62: =ROUNDDOWN($W62*Y$6,1) -> 182.3 | Z62: =ROUND($C62*$X62*Z$6,1) -> 227.2 | AA62: =ROUND($C62*$X62*AA$6,1) -> 268.6 | AB62: =ROUND($C62*$X62*AB$6,1) -> 243.7 | AC62: =ROUND($C62*$X62*AC$6,1) -> 359.8 | AD62: =ROUND($C62*$X62*AD$6,1) -> 497.4 | AE62: =ROUND(AF62*C62,1) -> 172.2 | AF62: =RCFs!C$13 -> 19.133333 | AG62: =ROUND($AE62*AG$6,1) -> 284.1 | AH62: =ROUND($AE62*AH$6,1) -> 361.6 | AI62: =ROUND($AE62*AI$6,1) -> 516.6 | AJ62: =ROUNDDOWN(C62*AK62,1) -> 170.5 | AK62: =RCFs!C$25 -> 18.946667 | AL62: =ROUNDDOWN(C62*AM62,1) -> 225.8 | AM62: =RCFs!C$29 -> 25.093333 | AN62: =ROUNDDOWN(C62*AO62,1) -> 181 | AO62: =RCFs!C$33 -> 20.121274 | AP62: =ROUNDDOWN(AN62*AP$6,1) -> 271.5 | AQ62: =ROUNDDOWN($C62*AR62,1) -> 235.7 | AR62: =RCFs!C$35 -> 26.19 | AS62: =ROUNDDOWN(AQ62*AS$6,1) -> 306.4 | AT62: =ROUNDDOWN(AR62*AT$6,1) -> 37.9 | AU62: =ROUNDDOWN($C62*AV62,1) -> 175.3 | AV62: =RCFs!C$37 -> 19.486667 | AW62: =ROUNDDOWN(AX62*C62,1) -> 178.4 | AX62: =RCFs!C$64 -> 19.826667 | AY62: =ROUNDDOWN($C62*AZ62,1) -> 170.5 | AZ62: =RCFs!C$39 -> 18.946667 | BA62: =ROUNDDOWN($C62*BB62,1) -> 171.6 | BB62: =RCFs!C$41 -> 19.068115
A63: 1234 | B63: Effort electrocardiogram with the aid of a special bicycle ergometer, monitoring apparatus and the availability of associated apparatus | C63: 40 | D63: =ROUND(E63*C63,1) -> 762.7 | E63: =BB63 -> 19.068115 | F63: =ROUNDDOWN($C63*G63,1) -> 742.4 | G63: =RCFs!C$5 -> 18.56 | H63: =ROUNDDOWN($C63*I63,1) -> 742.4 | I63: =RCFs!C$5 -> 18.56 | J63: =ROUND($C63*$I63*J$6,1) -> 816.6 | K63: =ROUND($C63*$I63*K$6,1) -> 1017.1 | L63: =ROUND($C63*$I63*L$6,1) -> 1091.3 | M63: =ROUND($C63*$I63*M$6,1) -> 1202.7 | N63: =ROUND($C63*$I63*N$6,1) -> 1484.8 | O63: =ROUND($C63*$I63*O$6,1) -> 1596.2 | P63: =ROUND($C63*$I63*P$6,1) -> 2227.2 | Q63: =ROUNDDOWN(R63*C63,1) -> 772.1 | R63: =RCFs!C$7 -> 19.303333 | S63: =ROUNDDOWN($Q63*S$6,1) -> 1003.7 | T63: =ROUNDDOWN($Q63*T$6,1) -> 1158.1 | U63: =ROUND(V63*C63,1) -> 736.9 | V63: =RCFs!C$9 -> 18.423 | W63: =ROUND(X63*C63,1) -> 736.9 | X63: =V63 -> 18.423 | Y63: =ROUNDDOWN($W63*Y$6,1) -> 810.5 | Z63: =ROUND($C63*$X63*Z$6,1) -> 1009.6 | AA63: =ROUND($C63*$X63*AA$6,1) -> 1193.8 | AB63: =ROUND($C63*$X63*AB$6,1) -> 1083.3 | AC63: =ROUND($C63*$X63*AC$6,1) -> 1599.1 | AD63: =ROUND($C63*$X63*AD$6,1) -> 2210.8 | AE63: =ROUND(AF63*C63,1) -> 765.3 | AF63: =RCFs!C$13 -> 19.133333 | AG63: =ROUND($AE63*AG$6,1) -> 1262.7 | AH63: =ROUND($AE63*AH$6,1) -> 1607.1 | AI63: =ROUND($AE63*AI$6,1) -> 2295.9 | AJ63: =ROUNDDOWN(C63*AK63,1) -> 757.8 | AK63: =RCFs!C$25 -> 18.946667 | AL63: =ROUNDDOWN(C63*AM63,1) -> 1003.7 | AM63: =RCFs!C$29 -> 25.093333 | AN63: =ROUNDDOWN(C63*AO63,1) -> 804.8 | AO63: =RCFs!C$33 -> 20.121274 | AP63: =ROUNDDOWN(AN63*AP$6,1) -> 1207.2 | AQ63: =ROUNDDOWN($C63*AR63,1) -> 1047.6 | AR63: =RCFs!C$35 -> 26.19 | AS63: =ROUNDDOWN(AQ63*AS$6,1) -> 1361.8 | AT63: =ROUNDDOWN(AR63*AT$6,1) -> 37.9 | AU63: =ROUNDDOWN($C63*AV63,1) -> 779.4 | AV63: =RCFs!C$37 -> 19.486667 | AW63: =ROUNDDOWN(AX63*C63,1) -> 793 | AX63: =RCFs!C$64 -> 19.826667 | AY63: =ROUNDDOWN($C63*AZ63,1) -> 757.8 | AZ63: =RCFs!C$39 -> 18.946667 | BA63: =ROUNDDOWN($C63*BB63,1) -> 762.7 | BB63: =RCFs!C$41 -> 19.068115
A64: 1235 | B64: Multi-stage treadmill test | C64: 60 | D64: =ROUND(E64*C64,1) -> 1144.1 | E64: =BB64 -> 19.068115 | F64: =ROUNDDOWN($C64*G64,1) -> 1113.6 | G64: =RCFs!C$5 -> 18.56 | H64: =ROUNDDOWN($C64*I64,1) -> 1113.6 | I64: =RCFs!C$5 -> 18.56 | J64: =ROUND($C64*$I64*J$6,1) -> 1225 | K64: =ROUND($C64*$I64*K$6,1) -> 1525.6 | L64: =ROUND($C64*$I64*L$6,1) -> 1637 | M64: =ROUND($C64*$I64*M$6,1) -> 1804 | N64: =ROUND($C64*$I64*N$6,1) -> 2227.2 | O64: =ROUND($C64*$I64*O$6,1) -> 2394.2 | P64: =ROUND($C64*$I64*P$6,1) -> 3340.8 | Q64: =ROUNDDOWN(R64*C64,1) -> 1158.2 | R64: =RCFs!C$7 -> 19.303333 | S64: =ROUNDDOWN($Q64*S$6,1) -> 1505.6 | T64: =ROUNDDOWN($Q64*T$6,1) -> 1737.3 | U64: =ROUND(V64*C64,1) -> 1105.4 | V64: =RCFs!C$9 -> 18.423 | W64: =ROUND(X64*C64,1) -> 1105.4 | X64: =V64 -> 18.423 | Y64: =ROUNDDOWN($W64*Y$6,1) -> 1215.9 | Z64: =ROUND($C64*$X64*Z$6,1) -> 1514.4 | AA64: =ROUND($C64*$X64*AA$6,1) -> 1790.7 | AB64: =ROUND($C64*$X64*AB$6,1) -> 1624.9 | AC64: =ROUND($C64*$X64*AC$6,1) -> 2398.7 | AD64: =ROUND($C64*$X64*AD$6,1) -> 3316.1 | AE64: =ROUND(AF64*C64,1) -> 1148 | AF64: =RCFs!C$13 -> 19.133333 | AG64: =ROUND($AE64*AG$6,1) -> 1894.2 | AH64: =ROUND($AE64*AH$6,1) -> 2410.8 | AI64: =ROUND($AE64*AI$6,1) -> 3444 | AJ64: =ROUNDDOWN(C64*AK64,1) -> 1136.8 | AK64: =RCFs!C$25 -> 18.946667 | AL64: =ROUNDDOWN(C64*AM64,1) -> 1505.6 | AM64: =RCFs!C$29 -> 25.093333 | AN64: =ROUNDDOWN(C64*AO64,1) -> 1207.2 | AO64: =RCFs!C$33 -> 20.121274 | AP64: =ROUNDDOWN(AN64*AP$6,1) -> 1810.8 | AQ64: =ROUNDDOWN($C64*AR64,1) -> 1571.4 | AR64: =RCFs!C$35 -> 26.19 | AS64: =ROUNDDOWN(AQ64*AS$6,1) -> 2042.8 | AT64: =ROUNDDOWN(AR64*AT$6,1) -> 37.9 | AU64: =ROUNDDOWN($C64*AV64,1) -> 1169.2 | AV64: =RCFs!C$37 -> 19.486667 | AW64: =ROUNDDOWN(AX64*C64,1) -> 1189.6 | AX64: =RCFs!C$64 -> 19.826667 | AY64: =ROUNDDOWN($C64*AZ64,1) -> 1136.8 | AZ64: =RCFs!C$39 -> 18.946667 | BA64: =ROUNDDOWN($C64*BB64,1) -> 1144 | BB64: =RCFs!C$41 -> 19.068115
A65: 1237 | B65: 24-hour ambulatory blood pressure: Equipment hire | C65: 30 | D65: =ROUND(E65*C65,1) -> 572 | E65: =BB65 -> 19.068115 | F65: =ROUNDDOWN($C65*G65,1) -> 556.8 | G65: =RCFs!C$5 -> 18.56 | H65: =ROUNDDOWN($C65*I65,1) -> 556.8 | I65: =RCFs!C$5 -> 18.56 | J65: =ROUND($C65*$I65*J$6,1) -> 612.5 | K65: =ROUND($C65*$I65*K$6,1) -> 762.8 | L65: =ROUND($C65*$I65*L$6,1) -> 818.5 | M65: =ROUND($C65*$I65*M$6,1) -> 902 | N65: =ROUND($C65*$I65*N$6,1) -> 1113.6 | O65: =ROUND($C65*$I65*O$6,1) -> 1197.1 | P65: =ROUND($C65*$I65*P$6,1) -> 1670.4 | Q65: =ROUNDDOWN(R65*C65,1) -> 579.1 | R65: =RCFs!C$7 -> 19.303333 | S65: =ROUNDDOWN($Q65*S$6,1) -> 752.8 | T65: =ROUNDDOWN($Q65*T$6,1) -> 868.6 | U65: =ROUND(V65*C65,1) -> 552.7 | V65: =RCFs!C$9 -> 18.423 | W65: =ROUND(X65*C65,1) -> 552.7 | X65: =V65 -> 18.423 | Y65: =ROUNDDOWN($W65*Y$6,1) -> 607.9 | Z65: =ROUND($C65*$X65*Z$6,1) -> 757.2 | AA65: =ROUND($C65*$X65*AA$6,1) -> 895.4 | AB65: =ROUND($C65*$X65*AB$6,1) -> 812.5 | AC65: =ROUND($C65*$X65*AC$6,1) -> 1199.3 | AD65: =ROUND($C65*$X65*AD$6,1) -> 1658.1 | AE65: =ROUND(AF65*C65,1) -> 574 | AF65: =RCFs!C$13 -> 19.133333 | AG65: =ROUND($AE65*AG$6,1) -> 947.1 | AH65: =ROUND($AE65*AH$6,1) -> 1205.4 | AI65: =ROUND($AE65*AI$6,1) -> 1722 | AJ65: =ROUNDDOWN(C65*AK65,1) -> 568.4 | AK65: =RCFs!C$25 -> 18.946667 | AL65: =ROUNDDOWN(C65*AM65,1) -> 752.8 | AM65: =RCFs!C$29 -> 25.093333 | AN65: =ROUNDDOWN(C65*AO65,1) -> 603.6 | AO65: =RCFs!C$33 -> 20.121274 | AP65: =ROUNDDOWN(AN65*AP$6,1) -> 905.4 | AQ65: =ROUNDDOWN($C65*AR65,1) -> 785.7 | AR65: =RCFs!C$35 -> 26.19 | AS65: =ROUNDDOWN(AQ65*AS$6,1) -> 1021.4 | AT65: =ROUNDDOWN(AR65*AT$6,1) -> 37.9 | AU65: =ROUNDDOWN($C65*AV65,1) -> 584.6 | AV65: =RCFs!C$37 -> 19.486667 | AW65: =ROUNDDOWN(AX65*C65,1) -> 594.8 | AX65: =RCFs!C$64 -> 19.826667 | AY65: =ROUNDDOWN($C65*AZ65,1) -> 568.4 | AZ65: =RCFs!C$39 -> 18.946667 | BA65: =ROUNDDOWN($C65*BB65,1) -> 572 | BB65: =RCFs!C$41 -> 19.068115
A66: 1238 | B66: 24-hour ambulatory ECG monitoring (holter): Equipment hire | C66: 55 | D66: =ROUND(E66*C66,1) -> 1048.7 | E66: =BB66 -> 19.068115 | F66: =ROUNDDOWN($C66*G66,1) -> 1020.8 | G66: =RCFs!C$5 -> 18.56 | H66: =ROUNDDOWN($C66*I66,1) -> 1020.8 | I66: =RCFs!C$5 -> 18.56 | J66: =ROUND($C66*$I66*J$6,1) -> 1122.9 | K66: =ROUND($C66*$I66*K$6,1) -> 1398.5 | L66: =ROUND($C66*$I66*L$6,1) -> 1500.6 | M66: =ROUND($C66*$I66*M$6,1) -> 1653.7 | N66: =ROUND($C66*$I66*N$6,1) -> 2041.6 | O66: =ROUND($C66*$I66*O$6,1) -> 2194.7 | P66: =ROUND($C66*$I66*P$6,1) -> 3062.4 | Q66: =ROUNDDOWN(R66*C66,1) -> 1061.6 | R66: =RCFs!C$7 -> 19.303333 | S66: =ROUNDDOWN($Q66*S$6,1) -> 1380 | T66: =ROUNDDOWN($Q66*T$6,1) -> 1592.4 | U66: =ROUND(V66*C66,1) -> 1013.3 | V66: =RCFs!C$9 -> 18.423 | W66: =ROUND(X66*C66,1) -> 1013.3 | X66: =V66 -> 18.423 | Y66: =ROUNDDOWN($W66*Y$6,1) -> 1114.6 | Z66: =ROUND($C66*$X66*Z$6,1) -> 1388.2 | AA66: =ROUND($C66*$X66*AA$6,1) -> 1641.5 | AB66: =ROUND($C66*$X66*AB$6,1) -> 1489.5 | AC66: =ROUND($C66*$X66*AC$6,1) -> 2198.8 | AD66: =ROUND($C66*$X66*AD$6,1) -> 3039.8 | AE66: =ROUND(AF66*C66,1) -> 1052.3 | AF66: =RCFs!C$13 -> 19.133333 | AG66: =ROUND($AE66*AG$6,1) -> 1736.3 | AH66: =ROUND($AE66*AH$6,1) -> 2209.8 | AI66: =ROUND($AE66*AI$6,1) -> 3156.9 | AJ66: =ROUNDDOWN(C66*AK66,1) -> 1042 | AK66: =RCFs!C$25 -> 18.946667 | AL66: =ROUNDDOWN(C66*AM66,1) -> 1380.1 | AM66: =RCFs!C$29 -> 25.093333 | AN66: =ROUNDDOWN(C66*AO66,1) -> 1106.6 | AO66: =RCFs!C$33 -> 20.121274 | AP66: =ROUNDDOWN(AN66*AP$6,1) -> 1659.9 | AQ66: =ROUNDDOWN($C66*AR66,1) -> 1440.4 | AR66: =RCFs!C$35 -> 26.19 | AS66: =ROUNDDOWN(AQ66*AS$6,1) -> 1872.5 | AT66: =ROUNDDOWN(AR66*AT$6,1) -> 37.9 | AU66: =ROUNDDOWN($C66*AV66,1) -> 1071.7 | AV66: =RCFs!C$37 -> 19.486667 | AW66: =ROUNDDOWN(AX66*C66,1) -> 1090.4 | AX66: =RCFs!C$64 -> 19.826667 | AY66: =ROUNDDOWN($C66*AZ66,1) -> 1042 | AZ66: =RCFs!C$39 -> 18.946667 | BA66: =ROUNDDOWN($C66*BB66,1) -> 1048.7 | BB66: =RCFs!C$41 -> 19.068115
A67: 1239 | B67: 24-hour ambulatory ECG monitoring (holter): Interpretation | C67: 27 | D67: =ROUND(E67*C67,1) -> 2032.2 | E67: =RCFs!C$43 -> 75.268515 | F67: =ROUNDDOWN($C67*G67,1) -> 501.1 | G67: =RCFs!C$5 -> 18.56 | H67: =ROUNDDOWN($C67*I67,1) -> 501.1 | I67: =RCFs!C$5 -> 18.56 | J67: =ROUND($C67*$I67*J$6,1) -> 551.2 | K67: =ROUND($C67*$I67*K$6,1) -> 686.5 | L67: =ROUND($C67*$I67*L$6,1) -> 736.6 | M67: =ROUND($C67*$I67*M$6,1) -> 811.8 | N67: =ROUND($C67*$I67*N$6,1) -> 1002.2 | O67: =ROUND($C67*$I67*O$6,1) -> 1077.4 | P67: =ROUND($C67*$I67*P$6,1) -> 1503.4 | Q67: =ROUNDDOWN(R67*C67,1) -> 521.1 | R67: =RCFs!C$7 -> 19.303333 | S67: =ROUNDDOWN($Q67*S$6,1) -> 677.4 | T67: =ROUNDDOWN($Q67*T$6,1) -> 781.6 | U67: =ROUND(V67*C67,1) -> 497.4 | V67: =RCFs!C$9 -> 18.423 | W67: =ROUND(X67*C67,1) -> 497.4 | X67: =V67 -> 18.423 | Y67: =ROUNDDOWN($W67*Y$6,1) -> 547.1 | Z67: =ROUND($C67*$X67*Z$6,1) -> 681.5 | AA67: =ROUND($C67*$X67*AA$6,1) -> 805.8 | AB67: =ROUND($C67*$X67*AB$6,1) -> 731.2 | AC67: =ROUND($C67*$X67*AC$6,1) -> 1079.4 | AD67: =ROUND($C67*$X67*AD$6,1) -> 1492.3 | AE67: =ROUND(AF67*C67,1) -> 516.6 | AF67: =RCFs!C$13 -> 19.133333 | AG67: =ROUND($AE67*AG$6,1) -> 852.4 | AH67: =ROUND($AE67*AH$6,1) -> 1084.9 | AI67: =ROUND($AE67*AI$6,1) -> 1549.8 | AJ67: =ROUNDDOWN(C67*AK67,1) -> 511.5 | AK67: =RCFs!C$25 -> 18.946667 | AL67: =ROUNDDOWN(C67*AM67,1) -> 677.5 | AM67: =RCFs!C$29 -> 25.093333 | AN67: =ROUNDDOWN(C67*AO67,1) -> 543.2 | AO67: =RCFs!C$33 -> 20.121274 | AP67: =ROUNDDOWN(AN67*AP$6,1) -> 814.8 | AQ67: =ROUNDDOWN($C67*AR67,1) -> 707.1 | AR67: =RCFs!C$35 -> 26.19 | AS67: =ROUNDDOWN(AQ67*AS$6,1) -> 919.2 | AT67: =ROUNDDOWN(AR67*AT$6,1) -> 37.9 | AU67: =ROUNDDOWN($C67*AV67,1) -> 526.1 | AV67: =RCFs!C$37 -> 19.486667 | AW67: =ROUNDDOWN(AX67*C67,1) -> 535.3 | AX67: =RCFs!C$64 -> 19.826667 | AY67: =ROUNDDOWN($C67*AZ67,1) -> 511.5 | AZ67: =RCFs!C$39 -> 18.946667 | BA67: =ROUNDDOWN($C67*BB67,1) -> 514.8 | BB67: =RCFs!C$41 -> 19.068115
A68: 1247 | B68: Cardioversion for arrhythmias (any method) with doctor in attendance | C68: 65 | D68: =ROUND(E68*C68,1) -> 4892.5 | E68: =RCFs!C$43 -> 75.268515 | F68: =ROUNDDOWN($C68*G68,1) -> 1206.4 | G68: =RCFs!C$5 -> 18.56 | H68: =ROUNDDOWN($C68*I68,1) -> 1206.4 | I68: =RCFs!C$5 -> 18.56 | J68: =ROUND($C68*$I68*J$6,1) -> 1327 | K68: =ROUND($C68*$I68*K$6,1) -> 1652.8 | L68: =ROUND($C68*$I68*L$6,1) -> 1773.4 | M68: =ROUND($C68*$I68*M$6,1) -> 1954.4 | N68: =ROUND($C68*$I68*N$6,1) -> 2412.8 | O68: =ROUND($C68*$I68*O$6,1) -> 2593.8 | P68: =ROUND($C68*$I68*P$6,1) -> 3619.2 | Q68: =ROUNDDOWN(R68*C68,1) -> 1254.7 | R68: =RCFs!C$7 -> 19.303333 | S68: =ROUNDDOWN($Q68*S$6,1) -> 1631.1 | T68: =ROUNDDOWN($Q68*T$6,1) -> 1882 | U68: =ROUND(V68*C68,1) -> 1197.5 | V68: =RCFs!C$9 -> 18.423 | W68: =ROUND(X68*C68,1) -> 1197.5 | X68: =V68 -> 18.423 | Y68: =ROUNDDOWN($W68*Y$6,1) -> 1317.2 | Z68: =ROUND($C68*$X68*Z$6,1) -> 1640.6 | AA68: =ROUND($C68*$X68*AA$6,1) -> 1939.9 | AB68: =ROUND($C68*$X68*AB$6,1) -> 1760.3 | AC68: =ROUND($C68*$X68*AC$6,1) -> 2598.6 | AD68: =ROUND($C68*$X68*AD$6,1) -> 3592.5 | AE68: =ROUND(AF68*C68,1) -> 1243.7 | AF68: =RCFs!C$13 -> 19.133333 | AG68: =ROUND($AE68*AG$6,1) -> 2052.1 | AH68: =ROUND($AE68*AH$6,1) -> 2611.8 | AI68: =ROUND($AE68*AI$6,1) -> 3731.1 | AJ68: =ROUNDDOWN(C68*AK68,1) -> 1231.5 | AK68: =RCFs!C$25 -> 18.946667 | AL68: =ROUNDDOWN(C68*AM68,1) -> 1631 | AM68: =RCFs!C$29 -> 25.093333 | AN68: =ROUNDDOWN(C68*AO68,1) -> 1307.8 | AO68: =RCFs!C$33 -> 20.121274 | AP68: =ROUNDDOWN(AN68*AP$6,1) -> 1961.7 | AQ68: =ROUNDDOWN($C68*AR68,1) -> 1702.3 | AR68: =RCFs!C$35 -> 26.19 | AS68: =ROUNDDOWN(AQ68*AS$6,1) -> 2212.9 | AT68: =ROUNDDOWN(AR68*AT$6,1) -> 37.9 | AU68: =ROUNDDOWN($C68*AV68,1) -> 1266.6 | AV68: =RCFs!C$37 -> 19.486667 | AW68: =ROUNDDOWN(AX68*C68,1) -> 1288.7 | AX68: =RCFs!C$64 -> 19.826667 | AY68: =ROUNDDOWN($C68*AZ68,1) -> 1231.5 | AZ68: =RCFs!C$39 -> 18.946667 | BA68: =ROUNDDOWN($C68*BB68,1) -> 1239.4 | BB68: =RCFs!C$41 -> 19.068115
A69: 1249 | B69: Right and left cardiac catheterisation without coronary angiography (with or without biopsy) | C69: 140 | D69: =ROUND(E69*C69,1) -> 10537.6 | E69: =RCFs!C$43 -> 75.268515 | F69: =ROUNDDOWN($C69*G69,1) -> 2598.4 | G69: =RCFs!C$5 -> 18.56 | H69: =ROUNDDOWN($C69*I69,1) -> 2598.4 | I69: =RCFs!C$5 -> 18.56 | J69: =ROUND($C69*$I69*J$6,1) -> 2858.2 | K69: =ROUND($C69*$I69*K$6,1) -> 3559.8 | L69: =ROUND($C69*$I69*L$6,1) -> 3819.6 | M69: =ROUND($C69*$I69*M$6,1) -> 4209.4 | N69: =ROUND($C69*$I69*N$6,1) -> 5196.8 | O69: =ROUND($C69*$I69*O$6,1) -> 5586.6 | P69: =ROUND($C69*$I69*P$6,1) -> 7795.2 | Q69: =ROUNDDOWN(R69*C69,1) -> 2702.4 | R69: =RCFs!C$7 -> 19.303333 | S69: =ROUNDDOWN($Q69*S$6,1) -> 3513.1 | T69: =ROUNDDOWN($Q69*T$6,1) -> 4053.6 | U69: =ROUND(V69*C69,1) -> 2579.2 | V69: =RCFs!C$9 -> 18.423 | W69: =ROUND(X69*C69,1) -> 2579.2 | X69: =V69 -> 18.423 | Y69: =ROUNDDOWN($W69*Y$6,1) -> 2837.1 | Z69: =ROUND($C69*$X69*Z$6,1) -> 3533.5 | AA69: =ROUND($C69*$X69*AA$6,1) -> 4178.3 | AB69: =ROUND($C69*$X69*AB$6,1) -> 3791.5 | AC69: =ROUND($C69*$X69*AC$6,1) -> 5596.9 | AD69: =ROUND($C69*$X69*AD$6,1) -> 7737.7 | AE69: =ROUND(AF69*C69,1) -> 2678.7 | AF69: =RCFs!C$13 -> 19.133333 | AG69: =ROUND($AE69*AG$6,1) -> 4419.9 | AH69: =ROUND($AE69*AH$6,1) -> 5625.3 | AI69: =ROUND($AE69*AI$6,1) -> 8036.1 | AJ69: =ROUNDDOWN(C69*AK69,1) -> 2652.5 | AK69: =RCFs!C$25 -> 18.946667 | AL69: =ROUNDDOWN(C69*AM69,1) -> 3513 | AM69: =RCFs!C$29 -> 25.093333 | AN69: =ROUNDDOWN(C69*AO69,1) -> 2816.9 | AO69: =RCFs!C$33 -> 20.121274 | AP69: =ROUNDDOWN(AN69*AP$6,1) -> 4225.3 | AQ69: =ROUNDDOWN($C69*AR69,1) -> 3666.6 | AR69: =RCFs!C$35 -> 26.19 | AS69: =ROUNDDOWN(AQ69*AS$6,1) -> 4766.5 | AT69: =ROUNDDOWN(AR69*AT$6,1) -> 37.9 | AU69: =ROUNDDOWN($C69*AV69,1) -> 2728.1 | AV69: =RCFs!C$37 -> 19.486667 | AW69: =ROUNDDOWN(AX69*C69,1) -> 2775.7 | AX69: =RCFs!C$64 -> 19.826667 | AY69: =ROUNDDOWN($C69*AZ69,1) -> 2652.5 | AZ69: =RCFs!C$39 -> 18.946667 | BA69: =ROUNDDOWN($C69*BB69,1) -> 2669.5 | BB69: =RCFs!C$41 -> 19.068115
A70: 1252 | B70: Left heart catheterisation with coronary angiography | C70: 140 | D70: =ROUND(E70*C70,1) -> 10537.6 | E70: =RCFs!C$43 -> 75.268515 | F70: =ROUNDDOWN($C70*G70,1) -> 2598.4 | G70: =RCFs!C$5 -> 18.56 | H70: =ROUNDDOWN($C70*I70,1) -> 2598.4 | I70: =RCFs!C$5 -> 18.56 | J70: =ROUND($C70*$I70*J$6,1) -> 2858.2 | K70: =ROUND($C70*$I70*K$6,1) -> 3559.8 | L70: =ROUND($C70*$I70*L$6,1) -> 3819.6 | M70: =ROUND($C70*$I70*M$6,1) -> 4209.4 | N70: =ROUND($C70*$I70*N$6,1) -> 5196.8 | O70: =ROUND($C70*$I70*O$6,1) -> 5586.6 | P70: =ROUND($C70*$I70*P$6,1) -> 7795.2 | Q70: =ROUNDDOWN(R70*C70,1) -> 2702.4 | R70: =RCFs!C$7 -> 19.303333 | S70: =ROUNDDOWN($Q70*S$6,1) -> 3513.1 | T70: =ROUNDDOWN($Q70*T$6,1) -> 4053.6 | U70: =ROUND(V70*C70,1) -> 2579.2 | V70: =RCFs!C$9 -> 18.423 | W70: =ROUND(X70*C70,1) -> 2579.2 | X70: =V70 -> 18.423 | Y70: =ROUNDDOWN($W70*Y$6,1) -> 2837.1 | Z70: =ROUND($C70*$X70*Z$6,1) -> 3533.5 | AA70: =ROUND($C70*$X70*AA$6,1) -> 4178.3 | AB70: =ROUND($C70*$X70*AB$6,1) -> 3791.5 | AC70: =ROUND($C70*$X70*AC$6,1) -> 5596.9 | AD70: =ROUND($C70*$X70*AD$6,1) -> 7737.7 | AE70: =ROUND(AF70*C70,1) -> 2678.7 | AF70: =RCFs!C$13 -> 19.133333 | AG70: =ROUND($AE70*AG$6,1) -> 4419.9 | AH70: =ROUND($AE70*AH$6,1) -> 5625.3 | AI70: =ROUND($AE70*AI$6,1) -> 8036.1 | AJ70: =ROUNDDOWN(C70*AK70,1) -> 2652.5 | AK70: =RCFs!C$25 -> 18.946667 | AL70: =ROUNDDOWN(C70*AM70,1) -> 3513 | AM70: =RCFs!C$29 -> 25.093333 | AN70: =ROUNDDOWN(C70*AO70,1) -> 2816.9 | AO70: =RCFs!C$33 -> 20.121274 | AP70: =ROUNDDOWN(AN70*AP$6,1) -> 4225.3 | AQ70: =ROUNDDOWN($C70*AR70,1) -> 3666.6 | AR70: =RCFs!C$35 -> 26.19 | AS70: =ROUNDDOWN(AQ70*AS$6,1) -> 4766.5 | AT70: =ROUNDDOWN(AR70*AT$6,1) -> 37.9 | AU70: =ROUNDDOWN($C70*AV70,1) -> 2728.1 | AV70: =RCFs!C$37 -> 19.486667 | AW70: =ROUNDDOWN(AX70*C70,1) -> 2775.7 | AX70: =RCFs!C$64 -> 19.826667 | AY70: =ROUNDDOWN($C70*AZ70,1) -> 2652.5 | AZ70: =RCFs!C$39 -> 18.946667 | BA70: =ROUNDDOWN($C70*BB70,1) -> 2669.5 | BB70: =RCFs!C$41 -> 19.068115
A71: 1253 | B71: Right heart catheterisation (with or without biopsy) | C71: 70 | D71: =ROUND(E71*C71,1) -> 5268.8 | E71: =RCFs!C$43 -> 75.268515 | F71: =ROUNDDOWN($C71*G71,1) -> 1299.2 | G71: =RCFs!C$5 -> 18.56 | H71: =ROUNDDOWN($C71*I71,1) -> 1299.2 | I71: =RCFs!C$5 -> 18.56 | J71: =ROUND($C71*$I71*J$6,1) -> 1429.1 | K71: =ROUND($C71*$I71*K$6,1) -> 1779.9 | L71: =ROUND($C71*$I71*L$6,1) -> 1909.8 | M71: =ROUND($C71*$I71*M$6,1) -> 2104.7 | N71: =ROUND($C71*$I71*N$6,1) -> 2598.4 | O71: =ROUND($C71*$I71*O$6,1) -> 2793.3 | P71: =ROUND($C71*$I71*P$6,1) -> 3897.6 | Q71: =ROUNDDOWN(R71*C71,1) -> 1351.2 | R71: =RCFs!C$7 -> 19.303333 | S71: =ROUNDDOWN($Q71*S$6,1) -> 1756.5 | T71: =ROUNDDOWN($Q71*T$6,1) -> 2026.8 | U71: =ROUND(V71*C71,1) -> 1289.6 | V71: =RCFs!C$9 -> 18.423 | W71: =ROUND(X71*C71,1) -> 1289.6 | X71: =V71 -> 18.423 | Y71: =ROUNDDOWN($W71*Y$6,1) -> 1418.5 | Z71: =ROUND($C71*$X71*Z$6,1) -> 1766.8 | AA71: =ROUND($C71*$X71*AA$6,1) -> 2089.2 | AB71: =ROUND($C71*$X71*AB$6,1) -> 1895.7 | AC71: =ROUND($C71*$X71*AC$6,1) -> 2798.5 | AD71: =ROUND($C71*$X71*AD$6,1) -> 3868.8 | AE71: =ROUND(AF71*C71,1) -> 1339.3 | AF71: =RCFs!C$13 -> 19.133333 | AG71: =ROUND($AE71*AG$6,1) -> 2209.8 | AH71: =ROUND($AE71*AH$6,1) -> 2812.5 | AI71: =ROUND($AE71*AI$6,1) -> 4017.9 | AJ71: =ROUNDDOWN(C71*AK71,1) -> 1326.2 | AK71: =RCFs!C$25 -> 18.946667 | AL71: =ROUNDDOWN(C71*AM71,1) -> 1756.5 | AM71: =RCFs!C$29 -> 25.093333 | AN71: =ROUNDDOWN(C71*AO71,1) -> 1408.4 | AO71: =RCFs!C$33 -> 20.121274 | AP71: =ROUNDDOWN(AN71*AP$6,1) -> 2112.6 | AQ71: =ROUNDDOWN($C71*AR71,1) -> 1833.3 | AR71: =RCFs!C$35 -> 26.19 | AS71: =ROUNDDOWN(AQ71*AS$6,1) -> 2383.2 | AT71: =ROUNDDOWN(AR71*AT$6,1) -> 37.9 | AU71: =ROUNDDOWN($C71*AV71,1) -> 1364 | AV71: =RCFs!C$37 -> 19.486667 | AW71: =ROUNDDOWN(AX71*C71,1) -> 1387.8 | AX71: =RCFs!C$64 -> 19.826667 | AY71: =ROUNDDOWN($C71*AZ71,1) -> 1326.2 | AZ71: =RCFs!C$39 -> 18.946667 | BA71: =ROUNDDOWN($C71*BB71,1) -> 1334.7 | BB71: =RCFs!C$41 -> 19.068115
A72: 1257 | B72: Full electrophysiological study | C72: 300 | D72: =ROUND(E72*C72,1) -> 22580.6 | E72: =RCFs!C$43 -> 75.268515 | F72: =ROUNDDOWN($C72*G72,1) -> 5568 | G72: =RCFs!C$5 -> 18.56 | H72: =ROUNDDOWN($C72*I72,1) -> 5568 | I72: =RCFs!C$5 -> 18.56 | J72: =ROUND($C72*$I72*J$6,1) -> 6124.8 | K72: =ROUND($C72*$I72*K$6,1) -> 7628.2 | L72: =ROUND($C72*$I72*L$6,1) -> 8185 | M72: =ROUND($C72*$I72*M$6,1) -> 9020.2 | N72: =ROUND($C72*$I72*N$6,1) -> 11136 | O72: =ROUND($C72*$I72*O$6,1) -> 11971.2 | P72: =ROUND($C72*$I72*P$6,1) -> 16704 | Q72: =ROUNDDOWN(R72*C72,1) -> 5791 | R72: =RCFs!C$7 -> 19.303333 | S72: =ROUNDDOWN($Q72*S$6,1) -> 7528.3 | T72: =ROUNDDOWN($Q72*T$6,1) -> 8686.5 | U72: =ROUND(V72*C72,1) -> 5526.9 | V72: =RCFs!C$9 -> 18.423 | W72: =ROUND(X72*C72,1) -> 5526.9 | X72: =V72 -> 18.423 | Y72: =ROUNDDOWN($W72*Y$6,1) -> 6079.5 | Z72: =ROUND($C72*$X72*Z$6,1) -> 7571.9 | AA72: =ROUND($C72*$X72*AA$6,1) -> 8953.6 | AB72: =ROUND($C72*$X72*AB$6,1) -> 8124.5 | AC72: =ROUND($C72*$X72*AC$6,1) -> 11993.4 | AD72: =ROUND($C72*$X72*AD$6,1) -> 16580.7 | AE72: =ROUND(AF72*C72,1) -> 5740 | AF72: =RCFs!C$13 -> 19.133333 | AG72: =ROUND($AE72*AG$6,1) -> 9471 | AH72: =ROUND($AE72*AH$6,1) -> 12054 | AI72: =ROUND($AE72*AI$6,1) -> 17220 | AJ72: =ROUNDDOWN(C72*AK72,1) -> 5684 | AK72: =RCFs!C$25 -> 18.946667 | AL72: =ROUNDDOWN(C72*AM72,1) -> 7528 | AM72: =RCFs!C$29 -> 25.093333 | AN72: =ROUNDDOWN(C72*AO72,1) -> 6036.3 | AO72: =RCFs!C$33 -> 20.121274 | AP72: =ROUNDDOWN(AN72*AP$6,1) -> 9054.4 | AQ72: =ROUNDDOWN($C72*AR72,1) -> 7857 | AR72: =RCFs!C$35 -> 26.19 | AS72: =ROUNDDOWN(AQ72*AS$6,1) -> 10214.1 | AT72: =ROUNDDOWN(AR72*AT$6,1) -> 37.9 | AU72: =ROUNDDOWN($C72*AV72,1) -> 5846 | AV72: =RCFs!C$37 -> 19.486667 | AW72: =ROUNDDOWN(AX72*C72,1) -> 5948 | AX72: =RCFs!C$64 -> 19.826667 | AY72: =ROUNDDOWN($C72*AZ72,1) -> 5684 | AZ72: =RCFs!C$39 -> 18.946667 | BA72: =ROUNDDOWN($C72*BB72,1) -> 5720.4 | BB72: =RCFs!C$41 -> 19.068115
A73: 1259 | B73: Pacemaker/pulse generator/neurostimulator: Permanent - dual chamber | C73: 230 | D73: =ROUND(E73*C73,1) -> 17311.8 | E73: =RCFs!C$43 -> 75.268515 | F73: =ROUNDDOWN($C73*G73,1) -> 4268.8 | G73: =RCFs!C$5 -> 18.56 | H73: =ROUNDDOWN($C73*I73,1) -> 4268.8 | I73: =RCFs!C$5 -> 18.56 | J73: =ROUND($C73*$I73*J$6,1) -> 4695.7 | K73: =ROUND($C73*$I73*K$6,1) -> 5848.3 | L73: =ROUND($C73*$I73*L$6,1) -> 6275.1 | M73: =ROUND($C73*$I73*M$6,1) -> 6915.5 | N73: =ROUND($C73*$I73*N$6,1) -> 8537.6 | O73: =ROUND($C73*$I73*O$6,1) -> 9177.9 | P73: =ROUND($C73*$I73*P$6,1) -> 12806.4 | Q73: =ROUNDDOWN(R73*C73,1) -> 4439.7 | R73: =RCFs!C$7 -> 19.303333 | S73: =ROUNDDOWN($Q73*S$6,1) -> 5771.6 | T73: =ROUNDDOWN($Q73*T$6,1) -> 6659.5 | U73: =ROUND(V73*C73,1) -> 4237.3 | V73: =RCFs!C$9 -> 18.423 | W73: =ROUND(X73*C73,1) -> 4237.3 | X73: =V73 -> 18.423 | Y73: =ROUNDDOWN($W73*Y$6,1) -> 4661 | Z73: =ROUND($C73*$X73*Z$6,1) -> 5805.1 | AA73: =ROUND($C73*$X73*AA$6,1) -> 6864.4 | AB73: =ROUND($C73*$X73*AB$6,1) -> 6228.8 | AC73: =ROUND($C73*$X73*AC$6,1) -> 9194.9 | AD73: =ROUND($C73*$X73*AD$6,1) -> 12711.9 | AE73: =ROUND(AF73*C73,1) -> 4400.7 | AF73: =RCFs!C$13 -> 19.133333 | AG73: =ROUND($AE73*AG$6,1) -> 7261.2 | AH73: =ROUND($AE73*AH$6,1) -> 9241.5 | AI73: =ROUND($AE73*AI$6,1) -> 13202.1 | AJ73: =ROUNDDOWN(C73*AK73,1) -> 4357.7 | AK73: =RCFs!C$25 -> 18.946667 | AL73: =ROUNDDOWN(C73*AM73,1) -> 5771.4 | AM73: =RCFs!C$29 -> 25.093333 | AN73: =ROUNDDOWN(C73*AO73,1) -> 4627.8 | AO73: =RCFs!C$33 -> 20.121274 | AP73: =ROUNDDOWN(AN73*AP$6,1) -> 6941.7 | AQ73: =ROUNDDOWN($C73*AR73,1) -> 6023.7 | AR73: =RCFs!C$35 -> 26.19 | AS73: =ROUNDDOWN(AQ73*AS$6,1) -> 7830.8 | AT73: =ROUNDDOWN(AR73*AT$6,1) -> 37.9 | AU73: =ROUNDDOWN($C73*AV73,1) -> 4481.9 | AV73: =RCFs!C$37 -> 19.486667 | AW73: =ROUNDDOWN(AX73*C73,1) -> 4560.1 | AX73: =RCFs!C$64 -> 19.826667 | AY73: =ROUNDDOWN($C73*AZ73,1) -> 4357.7 | AZ73: =RCFs!C$39 -> 18.946667 | BA73: =ROUNDDOWN($C73*BB73,1) -> 4385.6 | BB73: =RCFs!C$41 -> 19.068115
A74: 1261 | B74: Accessory pathway ablation | C74: 600 | D74: =ROUND(E74*C74,1) -> 45161.1 | E74: =RCFs!C$43 -> 75.268515 | F74: =ROUNDDOWN($C74*G74,1) -> 11136 | G74: =RCFs!C$5 -> 18.56 | H74: =ROUNDDOWN($C74*I74,1) -> 11136 | I74: =RCFs!C$5 -> 18.56 | J74: =ROUND($C74*$I74*J$6,1) -> 12249.6 | K74: =ROUND($C74*$I74*K$6,1) -> 15256.3 | L74: =ROUND($C74*$I74*L$6,1) -> 16369.9 | M74: =ROUND($C74*$I74*M$6,1) -> 18040.3 | N74: =ROUND($C74*$I74*N$6,1) -> 22272 | O74: =ROUND($C74*$I74*O$6,1) -> 23942.4 | P74: =ROUND($C74*$I74*P$6,1) -> 33408 | Q74: =ROUNDDOWN(R74*C74,1) -> 11582 | R74: =RCFs!C$7 -> 19.303333 | S74: =ROUNDDOWN($Q74*S$6,1) -> 15056.6 | T74: =ROUNDDOWN($Q74*T$6,1) -> 17373 | U74: =ROUND(V74*C74,1) -> 11053.8 | V74: =RCFs!C$9 -> 18.423 | W74: =ROUND(X74*C74,1) -> 11053.8 | X74: =V74 -> 18.423 | Y74: =ROUNDDOWN($W74*Y$6,1) -> 12159.1 | Z74: =ROUND($C74*$X74*Z$6,1) -> 15143.7 | AA74: =ROUND($C74*$X74*AA$6,1) -> 17907.2 | AB74: =ROUND($C74*$X74*AB$6,1) -> 16249.1 | AC74: =ROUND($C74*$X74*AC$6,1) -> 23986.7 | AD74: =ROUND($C74*$X74*AD$6,1) -> 33161.4 | AE74: =ROUND(AF74*C74,1) -> 11480 | AF74: =RCFs!C$13 -> 19.133333 | AG74: =ROUND($AE74*AG$6,1) -> 18942 | AH74: =ROUND($AE74*AH$6,1) -> 24108 | AI74: =ROUND($AE74*AI$6,1) -> 34440 | AJ74: =ROUNDDOWN(C74*AK74,1) -> 11368 | AK74: =RCFs!C$25 -> 18.946667 | AL74: =ROUNDDOWN(C74*AM74,1) -> 15056 | AM74: =RCFs!C$29 -> 25.093333 | AN74: =ROUNDDOWN(C74*AO74,1) -> 12072.7 | AO74: =RCFs!C$33 -> 20.121274 | AP74: =ROUNDDOWN(AN74*AP$6,1) -> 18109 | AQ74: =ROUNDDOWN($C74*AR74,1) -> 15714 | AR74: =RCFs!C$35 -> 26.19 | AS74: =ROUNDDOWN(AQ74*AS$6,1) -> 20428.2 | AT74: =ROUNDDOWN(AR74*AT$6,1) -> 37.9 | AU74: =ROUNDDOWN($C74*AV74,1) -> 11692 | AV74: =RCFs!C$37 -> 19.486667 | AW74: =ROUNDDOWN(AX74*C74,1) -> 11896 | AX74: =RCFs!C$64 -> 19.826667 | AY74: =ROUNDDOWN($C74*AZ74,1) -> 11368 | AZ74: =RCFs!C$39 -> 18.946667 | BA74: =ROUNDDOWN($C74*BB74,1) -> 11440.8 | BB74: =RCFs!C$41 -> 19.068115
A75: 1262 | B75: Electrophysiological mapping | C75: 500 | D75: =ROUND(E75*C75,1) -> 37634.3 | E75: =RCFs!C$43 -> 75.268515 | F75: =ROUNDDOWN($C75*G75,1) -> 9280 | G75: =RCFs!C$5 -> 18.56 | H75: =ROUNDDOWN($C75*I75,1) -> 9280 | I75: =RCFs!C$5 -> 18.56 | J75: =ROUND($C75*$I75*J$6,1) -> 10208 | K75: =ROUND($C75*$I75*K$6,1) -> 12713.6 | L75: =ROUND($C75*$I75*L$6,1) -> 13641.6 | M75: =ROUND($C75*$I75*M$6,1) -> 15033.6 | N75: =ROUND($C75*$I75*N$6,1) -> 18560 | O75: =ROUND($C75*$I75*O$6,1) -> 19952 | P75: =ROUND($C75*$I75*P$6,1) -> 27840 | Q75: =ROUNDDOWN(R75*C75,1) -> 9651.6 | R75: =RCFs!C$7 -> 19.303333 | S75: =ROUNDDOWN($Q75*S$6,1) -> 12547 | T75: =ROUNDDOWN($Q75*T$6,1) -> 14477.4 | U75: =ROUND(V75*C75,1) -> 9211.5 | V75: =RCFs!C$9 -> 18.423 | W75: =ROUND(X75*C75,1) -> 9211.5 | X75: =V75 -> 18.423 | Y75: =ROUNDDOWN($W75*Y$6,1) -> 10132.6 | Z75: =ROUND($C75*$X75*Z$6,1) -> 12619.8 | AA75: =ROUND($C75*$X75*AA$6,1) -> 14922.6 | AB75: =ROUND($C75*$X75*AB$6,1) -> 13540.9 | AC75: =ROUND($C75*$X75*AC$6,1) -> 19989 | AD75: =ROUND($C75*$X75*AD$6,1) -> 27634.5 | AE75: =ROUND(AF75*C75,1) -> 9566.7 | AF75: =RCFs!C$13 -> 19.133333 | AG75: =ROUND($AE75*AG$6,1) -> 15785.1 | AH75: =ROUND($AE75*AH$6,1) -> 20090.1 | AI75: =ROUND($AE75*AI$6,1) -> 28700.1 | AJ75: =ROUNDDOWN(C75*AK75,1) -> 9473.3 | AK75: =RCFs!C$25 -> 18.946667 | AL75: =ROUNDDOWN(C75*AM75,1) -> 12546.6 | AM75: =RCFs!C$29 -> 25.093333 | AN75: =ROUNDDOWN(C75*AO75,1) -> 10060.6 | AO75: =RCFs!C$33 -> 20.121274 | AP75: =ROUNDDOWN(AN75*AP$6,1) -> 15090.9 | AQ75: =ROUNDDOWN($C75*AR75,1) -> 13095 | AR75: =RCFs!C$35 -> 26.19 | AS75: =ROUNDDOWN(AQ75*AS$6,1) -> 17023.5 | AT75: =ROUNDDOWN(AR75*AT$6,1) -> 37.9 | AU75: =ROUNDDOWN($C75*AV75,1) -> 9743.3 | AV75: =RCFs!C$37 -> 19.486667 | AW75: =ROUNDDOWN(AX75*C75,1) -> 9913.3 | AX75: =RCFs!C$64 -> 19.826667 | AY75: =ROUNDDOWN($C75*AZ75,1) -> 9473.3 | AZ75: =RCFs!C$39 -> 18.946667 | BA75: =ROUNDDOWN($C75*BB75,1) -> 9534 | BB75: =RCFs!C$41 -> 19.068115
A76: 1268 | B76: Threshold testing: Own equipment | C76: 15 | D76: =ROUND(E76*C76,1) -> 1129 | E76: =RCFs!C$43 -> 75.268515 | F76: =ROUNDDOWN($C76*G76,1) -> 278.4 | G76: =RCFs!C$5 -> 18.56 | H76: =ROUNDDOWN($C76*I76,1) -> 278.4 | I76: =RCFs!C$5 -> 18.56 | J76: =ROUND($C76*$I76*J$6,1) -> 306.2 | K76: =ROUND($C76*$I76*K$6,1) -> 381.4 | L76: =ROUND($C76*$I76*L$6,1) -> 409.2 | M76: =ROUND($C76*$I76*M$6,1) -> 451 | N76: =ROUND($C76*$I76*N$6,1) -> 556.8 | O76: =ROUND($C76*$I76*O$6,1) -> 598.6 | P76: =ROUND($C76*$I76*P$6,1) -> 835.2 | Q76: =ROUNDDOWN(R76*C76,1) -> 289.5 | R76: =RCFs!C$7 -> 19.303333 | S76: =ROUNDDOWN($Q76*S$6,1) -> 376.3 | T76: =ROUNDDOWN($Q76*T$6,1) -> 434.2 | U76: =ROUND(V76*C76,1) -> 276.3 | V76: =RCFs!C$9 -> 18.423 | W76: =ROUND(X76*C76,1) -> 276.3 | X76: =V76 -> 18.423 | Y76: =ROUNDDOWN($W76*Y$6,1) -> 303.9 | Z76: =ROUND($C76*$X76*Z$6,1) -> 378.6 | AA76: =ROUND($C76*$X76*AA$6,1) -> 447.7 | AB76: =ROUND($C76*$X76*AB$6,1) -> 406.2 | AC76: =ROUND($C76*$X76*AC$6,1) -> 599.7 | AD76: =ROUND($C76*$X76*AD$6,1) -> 829 | AE76: =ROUND(AF76*C76,1) -> 287 | AF76: =RCFs!C$13 -> 19.133333 | AG76: =ROUND($AE76*AG$6,1) -> 473.6 | AH76: =ROUND($AE76*AH$6,1) -> 602.7 | AI76: =ROUND($AE76*AI$6,1) -> 861 | AJ76: =ROUNDDOWN(C76*AK76,1) -> 284.2 | AK76: =RCFs!C$25 -> 18.946667 | AL76: =ROUNDDOWN(C76*AM76,1) -> 376.4 | AM76: =RCFs!C$29 -> 25.093333 | AN76: =ROUNDDOWN(C76*AO76,1) -> 301.8 | AO76: =RCFs!C$33 -> 20.121274 | AP76: =ROUNDDOWN(AN76*AP$6,1) -> 452.7 | AQ76: =ROUNDDOWN($C76*AR76,1) -> 392.8 | AR76: =RCFs!C$35 -> 26.19 | AS76: =ROUNDDOWN(AQ76*AS$6,1) -> 510.6 | AT76: =ROUNDDOWN(AR76*AT$6,1) -> 37.9 | AU76: =ROUNDDOWN($C76*AV76,1) -> 292.3 | AV76: =RCFs!C$37 -> 19.486667 | AW76: =ROUNDDOWN(AX76*C76,1) -> 297.4 | AX76: =RCFs!C$64 -> 19.826667 | AY76: =ROUNDDOWN($C76*AZ76,1) -> 284.2 | AZ76: =RCFs!C$39 -> 18.946667 | BA76: =ROUNDDOWN($C76*BB76,1) -> 286 | BB76: =RCFs!C$41 -> 19.068115
A77: 1270 | B77: Programming of atrio-ventricular sequential pacemaker/pulse generator/neurostimulator | C77: 50 | D77: =ROUND(E77*C77,1) -> 3763.4 | E77: =RCFs!C$43 -> 75.268515 | F77: =ROUNDDOWN($C77*G77,1) -> 928 | G77: =RCFs!C$5 -> 18.56 | H77: =ROUNDDOWN($C77*I77,1) -> 928 | I77: =RCFs!C$5 -> 18.56 | J77: =ROUND($C77*$I77*J$6,1) -> 1020.8 | K77: =ROUND($C77*$I77*K$6,1) -> 1271.4 | L77: =ROUND($C77*$I77*L$6,1) -> 1364.2 | M77: =ROUND($C77*$I77*M$6,1) -> 1503.4 | N77: =ROUND($C77*$I77*N$6,1) -> 1856 | O77: =ROUND($C77*$I77*O$6,1) -> 1995.2 | P77: =ROUND($C77*$I77*P$6,1) -> 2784 | Q77: =ROUNDDOWN(R77*C77,1) -> 965.1 | R77: =RCFs!C$7 -> 19.303333 | S77: =ROUNDDOWN($Q77*S$6,1) -> 1254.6 | T77: =ROUNDDOWN($Q77*T$6,1) -> 1447.6 | U77: =ROUND(V77*C77,1) -> 921.2 | V77: =RCFs!C$9 -> 18.423 | W77: =ROUND(X77*C77,1) -> 921.2 | X77: =V77 -> 18.423 | Y77: =ROUNDDOWN($W77*Y$6,1) -> 1013.3 | Z77: =ROUND($C77*$X77*Z$6,1) -> 1262 | AA77: =ROUND($C77*$X77*AA$6,1) -> 1492.3 | AB77: =ROUND($C77*$X77*AB$6,1) -> 1354.1 | AC77: =ROUND($C77*$X77*AC$6,1) -> 1998.9 | AD77: =ROUND($C77*$X77*AD$6,1) -> 2763.5 | AE77: =ROUND(AF77*C77,1) -> 956.7 | AF77: =RCFs!C$13 -> 19.133333 | AG77: =ROUND($AE77*AG$6,1) -> 1578.6 | AH77: =ROUND($AE77*AH$6,1) -> 2009.1 | AI77: =ROUND($AE77*AI$6,1) -> 2870.1 | AJ77: =ROUNDDOWN(C77*AK77,1) -> 947.3 | AK77: =RCFs!C$25 -> 18.946667 | AL77: =ROUNDDOWN(C77*AM77,1) -> 1254.6 | AM77: =RCFs!C$29 -> 25.093333 | AN77: =ROUNDDOWN(C77*AO77,1) -> 1006 | AO77: =RCFs!C$33 -> 20.121274 | AP77: =ROUNDDOWN(AN77*AP$6,1) -> 1509 | AQ77: =ROUNDDOWN($C77*AR77,1) -> 1309.5 | AR77: =RCFs!C$35 -> 26.19 | AS77: =ROUNDDOWN(AQ77*AS$6,1) -> 1702.3 | AT77: =ROUNDDOWN(AR77*AT$6,1) -> 37.9 | AU77: =ROUNDDOWN($C77*AV77,1) -> 974.3 | AV77: =RCFs!C$37 -> 19.486667 | AW77: =ROUNDDOWN(AX77*C77,1) -> 991.3 | AX77: =RCFs!C$64 -> 19.826667 | AY77: =ROUNDDOWN($C77*AZ77,1) -> 947.3 | AZ77: =RCFs!C$39 -> 18.946667 | BA77: =ROUNDDOWN($C77*BB77,1) -> 953.4 | BB77: =RCFs!C$41 -> 19.068115
A78: 1273 | B78: Insertion of temporary pacemaker (modifier 0005 is not applicable) | C78: 120 | D78: =ROUND(E78*C78,1) -> 9032.2 | E78: =RCFs!C$43 -> 75.268515 | F78: =ROUNDDOWN($C78*G78,1) -> 2227.2 | G78: =RCFs!C$5 -> 18.56 | H78: =ROUNDDOWN($C78*I78,1) -> 2227.2 | I78: =RCFs!C$5 -> 18.56 | J78: =ROUND($C78*$I78*J$6,1) -> 2449.9 | K78: =ROUND($C78*$I78*K$6,1) -> 3051.3 | L78: =ROUND($C78*$I78*L$6,1) -> 3274 | M78: =ROUND($C78*$I78*M$6,1) -> 3608.1 | N78: =ROUND($C78*$I78*N$6,1) -> 4454.4 | O78: =ROUND($C78*$I78*O$6,1) -> 4788.5 | P78: =ROUND($C78*$I78*P$6,1) -> 6681.6 | Q78: =ROUNDDOWN(R78*C78,1) -> 2316.4 | R78: =RCFs!C$7 -> 19.303333 | S78: =ROUNDDOWN($Q78*S$6,1) -> 3011.3 | T78: =ROUNDDOWN($Q78*T$6,1) -> 3474.6 | U78: =ROUND(V78*C78,1) -> 2210.8 | V78: =RCFs!C$9 -> 18.423 | W78: =ROUND(X78*C78,1) -> 2210.8 | X78: =V78 -> 18.423 | Y78: =ROUNDDOWN($W78*Y$6,1) -> 2431.8 | Z78: =ROUND($C78*$X78*Z$6,1) -> 3028.7 | AA78: =ROUND($C78*$X78*AA$6,1) -> 3581.4 | AB78: =ROUND($C78*$X78*AB$6,1) -> 3249.8 | AC78: =ROUND($C78*$X78*AC$6,1) -> 4797.3 | AD78: =ROUND($C78*$X78*AD$6,1) -> 6632.3 | AE78: =ROUND(AF78*C78,1) -> 2296 | AF78: =RCFs!C$13 -> 19.133333 | AG78: =ROUND($AE78*AG$6,1) -> 3788.4 | AH78: =ROUND($AE78*AH$6,1) -> 4821.6 | AI78: =ROUND($AE78*AI$6,1) -> 6888 | AJ78: =ROUNDDOWN(C78*AK78,1) -> 2273.6 | AK78: =RCFs!C$25 -> 18.946667 | AL78: =ROUNDDOWN(C78*AM78,1) -> 3011.2 | AM78: =RCFs!C$29 -> 25.093333 | AN78: =ROUNDDOWN(C78*AO78,1) -> 2414.5 | AO78: =RCFs!C$33 -> 20.121274 | AP78: =ROUNDDOWN(AN78*AP$6,1) -> 3621.7 | AQ78: =ROUNDDOWN($C78*AR78,1) -> 3142.8 | AR78: =RCFs!C$35 -> 26.19 | AS78: =ROUNDDOWN(AQ78*AS$6,1) -> 4085.6 | AT78: =ROUNDDOWN(AR78*AT$6,1) -> 37.9 | AU78: =ROUNDDOWN($C78*AV78,1) -> 2338.4 | AV78: =RCFs!C$37 -> 19.486667 | AW78: =ROUNDDOWN(AX78*C78,1) -> 2379.2 | AX78: =RCFs!C$64 -> 19.826667 | AY78: =ROUNDDOWN($C78*AZ78,1) -> 2273.6 | AZ78: =RCFs!C$39 -> 18.946667 | BA78: =ROUNDDOWN($C78*BB78,1) -> 2288.1 | BB78: =RCFs!C$41 -> 19.068115
A79: 1276 | B79: Percutaneous transluminal angioplasty: First cardiologist: Single lesion | C79: 260 | D79: =ROUND(E79*C79,1) -> 19569.8 | E79: =RCFs!C$43 -> 75.268515 | F79: =ROUNDDOWN($C79*G79,1) -> 4825.6 | G79: =RCFs!C$5 -> 18.56 | H79: =ROUNDDOWN($C79*I79,1) -> 4825.6 | I79: =RCFs!C$5 -> 18.56 | J79: =ROUND($C79*$I79*J$6,1) -> 5308.2 | K79: =ROUND($C79*$I79*K$6,1) -> 6611.1 | L79: =ROUND($C79*$I79*L$6,1) -> 7093.6 | M79: =ROUND($C79*$I79*M$6,1) -> 7817.5 | N79: =ROUND($C79*$I79*N$6,1) -> 9651.2 | O79: =ROUND($C79*$I79*O$6,1) -> 10375 | P79: =ROUND($C79*$I79*P$6,1) -> 14476.8 | Q79: =ROUNDDOWN(R79*C79,1) -> 5018.8 | R79: =RCFs!C$7 -> 19.303333 | S79: =ROUNDDOWN($Q79*S$6,1) -> 6524.4 | T79: =ROUNDDOWN($Q79*T$6,1) -> 7528.2 | U79: =ROUND(V79*C79,1) -> 4790 | V79: =RCFs!C$9 -> 18.423 | W79: =ROUND(X79*C79,1) -> 4790 | X79: =V79 -> 18.423 | Y79: =ROUNDDOWN($W79*Y$6,1) -> 5269 | Z79: =ROUND($C79*$X79*Z$6,1) -> 6562.3 | AA79: =ROUND($C79*$X79*AA$6,1) -> 7759.8 | AB79: =ROUND($C79*$X79*AB$6,1) -> 7041.3 | AC79: =ROUND($C79*$X79*AC$6,1) -> 10394.3 | AD79: =ROUND($C79*$X79*AD$6,1) -> 14369.9 | AE79: =ROUND(AF79*C79,1) -> 4974.7 | AF79: =RCFs!C$13 -> 19.133333 | AG79: =ROUND($AE79*AG$6,1) -> 8208.3 | AH79: =ROUND($AE79*AH$6,1) -> 10446.9 | AI79: =ROUND($AE79*AI$6,1) -> 14924.1 | AJ79: =ROUNDDOWN(C79*AK79,1) -> 4926.1 | AK79: =RCFs!C$25 -> 18.946667 | AL79: =ROUNDDOWN(C79*AM79,1) -> 6524.2 | AM79: =RCFs!C$29 -> 25.093333 | AN79: =ROUNDDOWN(C79*AO79,1) -> 5231.5 | AO79: =RCFs!C$33 -> 20.121274 | AP79: =ROUNDDOWN(AN79*AP$6,1) -> 7847.2 | AQ79: =ROUNDDOWN($C79*AR79,1) -> 6809.4 | AR79: =RCFs!C$35 -> 26.19 | AS79: =ROUNDDOWN(AQ79*AS$6,1) -> 8852.2 | AT79: =ROUNDDOWN(AR79*AT$6,1) -> 37.9 | AU79: =ROUNDDOWN($C79*AV79,1) -> 5066.5 | AV79: =RCFs!C$37 -> 19.486667 | AW79: =ROUNDDOWN(AX79*C79,1) -> 5154.9 | AX79: =RCFs!C$64 -> 19.826667 | AY79: =ROUNDDOWN($C79*AZ79,1) -> 4926.1 | AZ79: =RCFs!C$39 -> 18.946667 | BA79: =ROUNDDOWN($C79*BB79,1) -> 4957.7 | BB79: =RCFs!C$41 -> 19.068115
A80: 1277 | B80: Percutaneous transluminal angioplasty: Second cardiologist: Single lesion | C80: 140 | D80: =ROUND(E80*C80,1) -> 10537.6 | E80: =RCFs!C$43 -> 75.268515 | F80: =ROUNDDOWN($C80*G80,1) -> 2598.4 | G80: =RCFs!C$5 -> 18.56 | H80: =ROUNDDOWN($C80*I80,1) -> 2598.4 | I80: =RCFs!C$5 -> 18.56 | J80: =ROUND($C80*$I80*J$6,1) -> 2858.2 | K80: =ROUND($C80*$I80*K$6,1) -> 3559.8 | L80: =ROUND($C80*$I80*L$6,1) -> 3819.6 | M80: =ROUND($C80*$I80*M$6,1) -> 4209.4 | N80: =ROUND($C80*$I80*N$6,1) -> 5196.8 | O80: =ROUND($C80*$I80*O$6,1) -> 5586.6 | P80: =ROUND($C80*$I80*P$6,1) -> 7795.2 | Q80: =ROUNDDOWN(R80*C80,1) -> 2702.4 | R80: =RCFs!C$7 -> 19.303333 | S80: =ROUNDDOWN($Q80*S$6,1) -> 3513.1 | T80: =ROUNDDOWN($Q80*T$6,1) -> 4053.6 | U80: =ROUND(V80*C80,1) -> 2579.2 | V80: =RCFs!C$9 -> 18.423 | W80: =ROUND(X80*C80,1) -> 2579.2 | X80: =V80 -> 18.423 | Y80: =ROUNDDOWN($W80*Y$6,1) -> 2837.1 | Z80: =ROUND($C80*$X80*Z$6,1) -> 3533.5 | AA80: =ROUND($C80*$X80*AA$6,1) -> 4178.3 | AB80: =ROUND($C80*$X80*AB$6,1) -> 3791.5 | AC80: =ROUND($C80*$X80*AC$6,1) -> 5596.9 | AD80: =ROUND($C80*$X80*AD$6,1) -> 7737.7 | AE80: =ROUND(AF80*C80,1) -> 2678.7 | AF80: =RCFs!C$13 -> 19.133333 | AG80: =ROUND($AE80*AG$6,1) -> 4419.9 | AH80: =ROUND($AE80*AH$6,1) -> 5625.3 | AI80: =ROUND($AE80*AI$6,1) -> 8036.1 | AJ80: =ROUNDDOWN(C80*AK80,1) -> 2652.5 | AK80: =RCFs!C$25 -> 18.946667 | AL80: =ROUNDDOWN(C80*AM80,1) -> 3513 | AM80: =RCFs!C$29 -> 25.093333 | AN80: =ROUNDDOWN(C80*AO80,1) -> 2816.9 | AO80: =RCFs!C$33 -> 20.121274 | AP80: =ROUNDDOWN(AN80*AP$6,1) -> 4225.3 | AQ80: =ROUNDDOWN($C80*AR80,1) -> 3666.6 | AR80: =RCFs!C$35 -> 26.19 | AS80: =ROUNDDOWN(AQ80*AS$6,1) -> 4766.5 | AT80: =ROUNDDOWN(AR80*AT$6,1) -> 37.9 | AU80: =ROUNDDOWN($C80*AV80,1) -> 2728.1 | AV80: =RCFs!C$37 -> 19.486667 | AW80: =ROUNDDOWN(AX80*C80,1) -> 2775.7 | AX80: =RCFs!C$64 -> 19.826667 | AY80: =ROUNDDOWN($C80*AZ80,1) -> 2652.5 | AZ80: =RCFs!C$39 -> 18.946667 | BA80: =ROUNDDOWN($C80*BB80,1) -> 2669.5 | BB80: =RCFs!C$41 -> 19.068115
A81: 1278 | B81: Percutaneous transluminal angioplasty: First cardiologist: Second lesion | C81: 60 | D81: =ROUND(E81*C81,1) -> 4516.1 | E81: =RCFs!C$43 -> 75.268515 | F81: =ROUNDDOWN($C81*G81,1) -> 1113.6 | G81: =RCFs!C$5 -> 18.56 | H81: =ROUNDDOWN($C81*I81,1) -> 1113.6 | I81: =RCFs!C$5 -> 18.56 | J81: =ROUND($C81*$I81*J$6,1) -> 1225 | K81: =ROUND($C81*$I81*K$6,1) -> 1525.6 | L81: =ROUND($C81*$I81*L$6,1) -> 1637 | M81: =ROUND($C81*$I81*M$6,1) -> 1804 | N81: =ROUND($C81*$I81*N$6,1) -> 2227.2 | O81: =ROUND($C81*$I81*O$6,1) -> 2394.2 | P81: =ROUND($C81*$I81*P$6,1) -> 3340.8 | Q81: =ROUNDDOWN(R81*C81,1) -> 1158.2 | R81: =RCFs!C$7 -> 19.303333 | S81: =ROUNDDOWN($Q81*S$6,1) -> 1505.6 | T81: =ROUNDDOWN($Q81*T$6,1) -> 1737.3 | U81: =ROUND(V81*C81,1) -> 1105.4 | V81: =RCFs!C$9 -> 18.423 | W81: =ROUND(X81*C81,1) -> 1105.4 | X81: =V81 -> 18.423 | Y81: =ROUNDDOWN($W81*Y$6,1) -> 1215.9 | Z81: =ROUND($C81*$X81*Z$6,1) -> 1514.4 | AA81: =ROUND($C81*$X81*AA$6,1) -> 1790.7 | AB81: =ROUND($C81*$X81*AB$6,1) -> 1624.9 | AC81: =ROUND($C81*$X81*AC$6,1) -> 2398.7 | AD81: =ROUND($C81*$X81*AD$6,1) -> 3316.1 | AE81: =ROUND(AF81*C81,1) -> 1148 | AF81: =RCFs!C$13 -> 19.133333 | AG81: =ROUND($AE81*AG$6,1) -> 1894.2 | AH81: =ROUND($AE81*AH$6,1) -> 2410.8 | AI81: =ROUND($AE81*AI$6,1) -> 3444 | AJ81: =ROUNDDOWN(C81*AK81,1) -> 1136.8 | AK81: =RCFs!C$25 -> 18.946667 | AL81: =ROUNDDOWN(C81*AM81,1) -> 1505.6 | AM81: =RCFs!C$29 -> 25.093333 | AN81: =ROUNDDOWN(C81*AO81,1) -> 1207.2 | AO81: =RCFs!C$33 -> 20.121274 | AP81: =ROUNDDOWN(AN81*AP$6,1) -> 1810.8 | AQ81: =ROUNDDOWN($C81*AR81,1) -> 1571.4 | AR81: =RCFs!C$35 -> 26.19 | AS81: =ROUNDDOWN(AQ81*AS$6,1) -> 2042.8 | AT81: =ROUNDDOWN(AR81*AT$6,1) -> 37.9 | AU81: =ROUNDDOWN($C81*AV81,1) -> 1169.2 | AV81: =RCFs!C$37 -> 19.486667 | AW81: =ROUNDDOWN(AX81*C81,1) -> 1189.6 | AX81: =RCFs!C$64 -> 19.826667 | AY81: =ROUNDDOWN($C81*AZ81,1) -> 1136.8 | AZ81: =RCFs!C$39 -> 18.946667 | BA81: =ROUNDDOWN($C81*BB81,1) -> 1144 | BB81: =RCFs!C$41 -> 19.068115
A82: 1280 | B82: Percutaneous transluminal angioplasty: First cardiologist: Third or subsequent lesions (each) | C82: 60 | D82: =ROUND(E82*C82,1) -> 4516.1 | E82: =RCFs!C$43 -> 75.268515 | F82: =ROUNDDOWN($C82*G82,1) -> 1113.6 | G82: =RCFs!C$5 -> 18.56 | H82: =ROUNDDOWN($C82*I82,1) -> 1113.6 | I82: =RCFs!C$5 -> 18.56 | J82: =ROUND($C82*$I82*J$6,1) -> 1225 | K82: =ROUND($C82*$I82*K$6,1) -> 1525.6 | L82: =ROUND($C82*$I82*L$6,1) -> 1637 | M82: =ROUND($C82*$I82*M$6,1) -> 1804 | N82: =ROUND($C82*$I82*N$6,1) -> 2227.2 | O82: =ROUND($C82*$I82*O$6,1) -> 2394.2 | P82: =ROUND($C82*$I82*P$6,1) -> 3340.8 | Q82: =ROUNDDOWN(R82*C82,1) -> 1158.2 | R82: =RCFs!C$7 -> 19.303333 | S82: =ROUNDDOWN($Q82*S$6,1) -> 1505.6 | T82: =ROUNDDOWN($Q82*T$6,1) -> 1737.3 | U82: =ROUND(V82*C82,1) -> 1105.4 | V82: =RCFs!C$9 -> 18.423 | W82: =ROUND(X82*C82,1) -> 1105.4 | X82: =V82 -> 18.423 | Y82: =ROUNDDOWN($W82*Y$6,1) -> 1215.9 | Z82: =ROUND($C82*$X82*Z$6,1) -> 1514.4 | AA82: =ROUND($C82*$X82*AA$6,1) -> 1790.7 | AB82: =ROUND($C82*$X82*AB$6,1) -> 1624.9 | AC82: =ROUND($C82*$X82*AC$6,1) -> 2398.7 | AD82: =ROUND($C82*$X82*AD$6,1) -> 3316.1 | AE82: =ROUND(AF82*C82,1) -> 1148 | AF82: =RCFs!C$13 -> 19.133333 | AG82: =ROUND($AE82*AG$6,1) -> 1894.2 | AH82: =ROUND($AE82*AH$6,1) -> 2410.8 | AI82: =ROUND($AE82*AI$6,1) -> 3444 | AJ82: =ROUNDDOWN(C82*AK82,1) -> 1136.8 | AK82: =RCFs!C$25 -> 18.946667 | AL82: =ROUNDDOWN(C82*AM82,1) -> 1505.6 | AM82: =RCFs!C$29 -> 25.093333 | AN82: =ROUNDDOWN(C82*AO82,1) -> 1207.2 | AO82: =RCFs!C$33 -> 20.121274 | AP82: =ROUNDDOWN(AN82*AP$6,1) -> 1810.8 | AQ82: =ROUNDDOWN($C82*AR82,1) -> 1571.4 | AR82: =RCFs!C$35 -> 26.19 | AS82: =ROUNDDOWN(AQ82*AS$6,1) -> 2042.8 | AT82: =ROUNDDOWN(AR82*AT$6,1) -> 37.9 | AU82: =ROUNDDOWN($C82*AV82,1) -> 1169.2 | AV82: =RCFs!C$37 -> 19.486667 | AW82: =ROUNDDOWN(AX82*C82,1) -> 1189.6 | AX82: =RCFs!C$64 -> 19.826667 | AY82: =ROUNDDOWN($C82*AZ82,1) -> 1136.8 | AZ82: =RCFs!C$39 -> 18.946667 | BA82: =ROUNDDOWN($C82*BB82,1) -> 1144 | BB82: =RCFs!C$41 -> 19.068115
... A85: 1408 | B85: Placement of Hickman catheter or similar (including subcutaneous port) | C85: 91 | D85: =ROUND(E85*C85,1) -> 6849.4 | E85: =RCFs!C$43 -> 75.268515 | F85: =ROUNDDOWN($C85*G85,1) -> 1688.9 | G85: =RCFs!C$5 -> 18.56 | H85: =ROUNDDOWN($C85*I85,1) -> 1688.9 | I85: =RCFs!C$5 -> 18.56 | J85: =ROUND($C85*$I85*J$6,1) -> 1857.9 | K85: =ROUND($C85*$I85*K$6,1) -> 2313.9 | L85: =ROUND($C85*$I85*L$6,1) -> 2482.8 | M85: =ROUND($C85*$I85*M$6,1) -> 2736.1 | N85: =ROUND($C85*$I85*N$6,1) -> 3377.9 | O85: =ROUND($C85*$I85*O$6,1) -> 3631.3 | P85: =ROUND($C85*$I85*P$6,1) -> 5066.9 | Q85: =ROUNDDOWN(R85*C85,1) -> 1756.6 | R85: =RCFs!C$7 -> 19.303333 | S85: =ROUNDDOWN($Q85*S$6,1) -> 2283.5 | T85: =ROUNDDOWN($Q85*T$6,1) -> 2634.9 | U85: =ROUND(V85*C85,1) -> 1676.5 | V85: =RCFs!C$9 -> 18.423 | W85: =ROUND(X85*C85,1) -> 1676.5 | X85: =V85 -> 18.423 | Y85: =ROUNDDOWN($W85*Y$6,1) -> 1844.1 | Z85: =ROUND($C85*$X85*Z$6,1) -> 2296.8 | AA85: =ROUND($C85*$X85*AA$6,1) -> 2715.9 | AB85: =ROUND($C85*$X85*AB$6,1) -> 2464.4 | AC85: =ROUND($C85*$X85*AC$6,1) -> 3638 | AD85: =ROUND($C85*$X85*AD$6,1) -> 5029.5 | AE85: =ROUND(AF85*C85,1) -> 1741.1 | AF85: =RCFs!C$13 -> 19.133333 | AG85: =ROUND($AE85*AG$6,1) -> 2872.8 | AH85: =ROUND($AE85*AH$6,1) -> 3656.3 | AI85: =ROUND($AE85*AI$6,1) -> 5223.3 | AJ85: =ROUNDDOWN(C85*AK85,1) -> 1724.1 | AK85: =RCFs!C$25 -> 18.946667 | AL85: =ROUNDDOWN(C85*AM85,1) -> 2283.4 | AM85: =RCFs!C$29 -> 25.093333 | AN85: =ROUNDDOWN(C85*AO85,1) -> 1831 | AO85: =RCFs!C$33 -> 20.121274 | AP85: =ROUNDDOWN(AN85*AP$6,1) -> 2746.5 | AQ85: =ROUNDDOWN($C85*AR85,1) -> 2383.2 | AR85: =RCFs!C$35 -> 26.19 | AS85: =ROUNDDOWN(AQ85*AS$6,1) -> 3098.1 | AT85: =ROUNDDOWN(AR85*AT$6,1) -> 37.9 | AU85: =ROUNDDOWN($C85*AV85,1) -> 1773.2 | AV85: =RCFs!C$37 -> 19.486667 | AW85: =ROUNDDOWN(AX85*C85,1) -> 1804.2 | AX85: =RCFs!C$64 -> 19.826667 | AY85: =ROUNDDOWN($C85*AZ85,1) -> 1724.1 | AZ85: =RCFs!C$39 -> 18.946667 | BA85: =ROUNDDOWN($C85*BB85,1) -> 1735.1 | BB85: =RCFs!C$41 -> 19.068115
A86: 1587 | B86: Upper gastro-intestinal endoscopy: Hospital equipment | C86: 48.75 | D86: =ROUND(E86*C86,1) -> 3669.3 | E86: =RCFs!C$43 -> 75.268515 | F86: =ROUNDDOWN($C86*G86,1) -> 904.8 | G86: =RCFs!C$5 -> 18.56 | H86: =ROUNDDOWN($C86*I86,1) -> 904.8 | I86: =RCFs!C$5 -> 18.56 | J86: =ROUND($C86*$I86*J$6,1) -> 995.3 | K86: =ROUND($C86*$I86*K$6,1) -> 1239.6 | L86: =ROUND($C86*$I86*L$6,1) -> 1330.1 | M86: =ROUND($C86*$I86*M$6,1) -> 1465.8 | N86: =ROUND($C86*$I86*N$6,1) -> 1809.6 | O86: =ROUND($C86*$I86*O$6,1) -> 1945.3 | P86: =ROUND($C86*$I86*P$6,1) -> 2714.4 | Q86: =ROUNDDOWN(R86*C86,1) -> 941 | R86: =RCFs!C$7 -> 19.303333 | S86: =ROUNDDOWN($Q86*S$6,1) -> 1223.3 | T86: =ROUNDDOWN($Q86*T$6,1) -> 1411.5 | U86: =ROUND(V86*C86,1) -> 898.1 | V86: =RCFs!C$9 -> 18.423 | W86: =ROUND(X86*C86,1) -> 898.1 | X86: =V86 -> 18.423 | Y86: =ROUNDDOWN($W86*Y$6,1) -> 987.9 | Z86: =ROUND($C86*$X86*Z$6,1) -> 1230.4 | AA86: =ROUND($C86*$X86*AA$6,1) -> 1455 | AB86: =ROUND($C86*$X86*AB$6,1) -> 1320.2 | AC86: =ROUND($C86*$X86*AC$6,1) -> 1948.9 | AD86: =ROUND($C86*$X86*AD$6,1) -> 2694.4 | AE86: =ROUND(AF86*C86,1) -> 932.8 | AF86: =RCFs!C$13 -> 19.133333 | AG86: =ROUND($AE86*AG$6,1) -> 1539.1 | AH86: =ROUND($AE86*AH$6,1) -> 1958.9 | AI86: =ROUND($AE86*AI$6,1) -> 2798.4 | AJ86: =ROUNDDOWN(C86*AK86,1) -> 923.6 | AK86: =RCFs!C$25 -> 18.946667 | AL86: =ROUNDDOWN(C86*AM86,1) -> 1223.3 | AM86: =RCFs!C$29 -> 25.093333 | AN86: =ROUNDDOWN(C86*AO86,1) -> 980.9 | AO86: =RCFs!C$33 -> 20.121274 | AP86: =ROUNDDOWN(AN86*AP$6,1) -> 1471.3 | AQ86: =ROUNDDOWN($C86*AR86,1) -> 1276.7 | AR86: =RCFs!C$35 -> 26.19 | AS86: =ROUNDDOWN(AQ86*AS$6,1) -> 1659.7 | AT86: =ROUNDDOWN(AR86*AT$6,1) -> 37.9 | AU86: =ROUNDDOWN($C86*AV86,1) -> 949.9 | AV86: =RCFs!C$37 -> 19.486667 | AW86: =ROUNDDOWN(AX86*C86,1) -> 966.5 | AX86: =RCFs!C$64 -> 19.826667 | AY86: =ROUNDDOWN($C86*AZ86,1) -> 923.6 | AZ86: =RCFs!C$39 -> 18.946667 | BA86: =ROUNDDOWN($C86*BB86,1) -> 929.5 | BB86: =RCFs!C$41 -> 19.068115
A87: 1642 | B87: Gastrointestinal tract imaging, intraluminal (e.g. video capsule endoscopy): Hire cost (item 0201 applicable for video capsule - disposable single use) | C87: 150 | D87: =ROUND(E87*C87,1) -> 11290.3 | E87: =RCFs!C$43 -> 75.268515 | F87: =ROUNDDOWN($C87*G87,1) -> 2784 | G87: =RCFs!C$5 -> 18.56 | H87: =ROUNDDOWN($C87*I87,1) -> 2784 | I87: =RCFs!C$5 -> 18.56 | J87: =ROUND($C87*$I87*J$6,1) -> 3062.4 | K87: =ROUND($C87*$I87*K$6,1) -> 3814.1 | L87: =ROUND($C87*$I87*L$6,1) -> 4092.5 | M87: =ROUND($C87*$I87*M$6,1) -> 4510.1 | N87: =ROUND($C87*$I87*N$6,1) -> 5568 | O87: =ROUND($C87*$I87*O$6,1) -> 5985.6 | P87: =ROUND($C87*$I87*P$6,1) -> 8352 | Q87: =ROUNDDOWN(R87*C87,1) -> 2895.5 | R87: =RCFs!C$7 -> 19.303333 | S87: =ROUNDDOWN($Q87*S$6,1) -> 3764.1 | T87: =ROUNDDOWN($Q87*T$6,1) -> 4343.2 | U87: =ROUND(V87*C87,1) -> 2763.5 | V87: =RCFs!C$9 -> 18.423 | W87: =ROUND(X87*C87,1) -> 2763.5 | X87: =V87 -> 18.423 | Y87: =ROUNDDOWN($W87*Y$6,1) -> 3039.8 | Z87: =ROUND($C87*$X87*Z$6,1) -> 3785.9 | AA87: =ROUND($C87*$X87*AA$6,1) -> 4476.8 | AB87: =ROUND($C87*$X87*AB$6,1) -> 4062.3 | AC87: =ROUND($C87*$X87*AC$6,1) -> 5996.7 | AD87: =ROUND($C87*$X87*AD$6,1) -> 8290.4 | AE87: =ROUND(AF87*C87,1) -> 2870 | AF87: =RCFs!C$13 -> 19.133333 | AG87: =ROUND($AE87*AG$6,1) -> 4735.5 | AH87: =ROUND($AE87*AH$6,1) -> 6027 | AI87: =ROUND($AE87*AI$6,1) -> 8610 | AJ87: =ROUNDDOWN(C87*AK87,1) -> 2842 | AK87: =RCFs!C$25 -> 18.946667 | AL87: =ROUNDDOWN(C87*AM87,1) -> 3764 | AM87: =RCFs!C$29 -> 25.093333 | AN87: =ROUNDDOWN(C87*AO87,1) -> 3018.1 | AO87: =RCFs!C$33 -> 20.121274 | AP87: =ROUNDDOWN(AN87*AP$6,1) -> 4527.1 | AQ87: =ROUNDDOWN($C87*AR87,1) -> 3928.5 | AR87: =RCFs!C$35 -> 26.19 | AS87: =ROUNDDOWN(AQ87*AS$6,1) -> 5107 | AT87: =ROUNDDOWN(AR87*AT$6,1) -> 37.9 | AU87: =ROUNDDOWN($C87*AV87,1) -> 2923 | AV87: =RCFs!C$37 -> 19.486667 | AW87: =ROUNDDOWN(AX87*C87,1) -> 2974 | AX87: =RCFs!C$64 -> 19.826667 | AY87: =ROUNDDOWN($C87*AZ87,1) -> 2842 | AZ87: =RCFs!C$39 -> 18.946667 | BA87: =ROUNDDOWN($C87*BB87,1) -> 2860.2 | BB87: =RCFs!C$41 -> 19.068115
A88: 1653 | B88: Total colonoscopy: With hospital equipment (including biopsy) | C88: 90 | D88: =ROUND(E88*C88,1) -> 6774.2 | E88: =RCFs!C$43 -> 75.268515 | F88: =ROUNDDOWN($C88*G88,1) -> 1670.4 | G88: =RCFs!C$5 -> 18.56 | H88: =ROUNDDOWN($C88*I88,1) -> 1670.4 | I88: =RCFs!C$5 -> 18.56 | J88: =ROUND($C88*$I88*J$6,1) -> 1837.4 | K88: =ROUND($C88*$I88*K$6,1) -> 2288.4 | L88: =ROUND($C88*$I88*L$6,1) -> 2455.5 | M88: =ROUND($C88*$I88*M$6,1) -> 2706 | N88: =ROUND($C88*$I88*N$6,1) -> 3340.8 | O88: =ROUND($C88*$I88*O$6,1) -> 3591.4 | P88: =ROUND($C88*$I88*P$6,1) -> 5011.2 | Q88: =ROUNDDOWN(R88*C88,1) -> 1737.3 | R88: =RCFs!C$7 -> 19.303333 | S88: =ROUNDDOWN($Q88*S$6,1) -> 2258.4 | T88: =ROUNDDOWN($Q88*T$6,1) -> 2605.9 | U88: =ROUND(V88*C88,1) -> 1658.1 | V88: =RCFs!C$9 -> 18.423 | W88: =ROUND(X88*C88,1) -> 1658.1 | X88: =V88 -> 18.423 | Y88: =ROUNDDOWN($W88*Y$6,1) -> 1823.9 | Z88: =ROUND($C88*$X88*Z$6,1) -> 2271.6 | AA88: =ROUND($C88*$X88*AA$6,1) -> 2686.1 | AB88: =ROUND($C88*$X88*AB$6,1) -> 2437.4 | AC88: =ROUND($C88*$X88*AC$6,1) -> 3598 | AD88: =ROUND($C88*$X88*AD$6,1) -> 4974.2 | AE88: =ROUND(AF88*C88,1) -> 1722 | AF88: =RCFs!C$13 -> 19.133333 | AG88: =ROUND($AE88*AG$6,1) -> 2841.3 | AH88: =ROUND($AE88*AH$6,1) -> 3616.2 | AI88: =ROUND($AE88*AI$6,1) -> 5166 | AJ88: =ROUNDDOWN(C88*AK88,1) -> 1705.2 | AK88: =RCFs!C$25 -> 18.946667 | AL88: =ROUNDDOWN(C88*AM88,1) -> 2258.4 | AM88: =RCFs!C$29 -> 25.093333 | AN88: =ROUNDDOWN(C88*AO88,1) -> 1810.9 | AO88: =RCFs!C$33 -> 20.121274 | AP88: =ROUNDDOWN(AN88*AP$6,1) -> 2716.3 | AQ88: =ROUNDDOWN($C88*AR88,1) -> 2357.1 | AR88: =RCFs!C$35 -> 26.19 | AS88: =ROUNDDOWN(AQ88*AS$6,1) -> 3064.2 | AT88: =ROUNDDOWN(AR88*AT$6,1) -> 37.9 | AU88: =ROUNDDOWN($C88*AV88,1) -> 1753.8 | AV88: =RCFs!C$37 -> 19.486667 | AW88: =ROUNDDOWN(AX88*C88,1) -> 1784.4 | AX88: =RCFs!C$64 -> 19.826667 | AY88: =ROUNDDOWN($C88*AZ88,1) -> 1705.2 | AZ88: =RCFs!C$39 -> 18.946667 | BA88: =ROUNDDOWN($C88*BB88,1) -> 1716.1 | BB88: =RCFs!C$41 -> 19.068115
A89: 1654 | B89: PLUS polypectomy: ADD to colonoscopy (item 1653 or item 1656): per lesion | C89: 30 | D89: =ROUND(E89*C89,1) -> 2258.1 | E89: =RCFs!C$43 -> 75.268515 | F89: =ROUNDDOWN($C89*G89,1) -> 556.8 | G89: =RCFs!C$5 -> 18.56 | H89: =ROUNDDOWN($C89*I89,1) -> 556.8 | I89: =RCFs!C$5 -> 18.56 | J89: =ROUND($C89*$I89*J$6,1) -> 612.5 | K89: =ROUND($C89*$I89*K$6,1) -> 762.8 | L89: =ROUND($C89*$I89*L$6,1) -> 818.5 | M89: =ROUND($C89*$I89*M$6,1) -> 902 | N89: =ROUND($C89*$I89*N$6,1) -> 1113.6 | O89: =ROUND($C89*$I89*O$6,1) -> 1197.1 | P89: =ROUND($C89*$I89*P$6,1) -> 1670.4 | Q89: =ROUNDDOWN(R89*C89,1) -> 579.1 | R89: =RCFs!C$7 -> 19.303333 | S89: =ROUNDDOWN($Q89*S$6,1) -> 752.8 | T89: =ROUNDDOWN($Q89*T$6,1) -> 868.6 | U89: =ROUND(V89*C89,1) -> 552.7 | V89: =RCFs!C$9 -> 18.423 | W89: =ROUND(X89*C89,1) -> 552.7 | X89: =V89 -> 18.423 | Y89: =ROUNDDOWN($W89*Y$6,1) -> 607.9 | Z89: =ROUND($C89*$X89*Z$6,1) -> 757.2 | AA89: =ROUND($C89*$X89*AA$6,1) -> 895.4 | AB89: =ROUND($C89*$X89*AB$6,1) -> 812.5 | AC89: =ROUND($C89*$X89*AC$6,1) -> 1199.3 | AD89: =ROUND($C89*$X89*AD$6,1) -> 1658.1 | AE89: =ROUND(AF89*C89,1) -> 574 | AF89: =RCFs!C$13 -> 19.133333 | AG89: =ROUND($AE89*AG$6,1) -> 947.1 | AH89: =ROUND($AE89*AH$6,1) -> 1205.4 | AI89: =ROUND($AE89*AI$6,1) -> 1722 | AJ89: =ROUNDDOWN(C89*AK89,1) -> 568.4 | AK89: =RCFs!C$25 -> 18.946667 | AL89: =ROUNDDOWN(C89*AM89,1) -> 752.8 | AM89: =RCFs!C$29 -> 25.093333 | AN89: =ROUNDDOWN(C89*AO89,1) -> 603.6 | AO89: =RCFs!C$33 -> 20.121274 | AP89: =ROUNDDOWN(AN89*AP$6,1) -> 905.4 | AQ89: =ROUNDDOWN($C89*AR89,1) -> 785.7 | AR89: =RCFs!C$35 -> 26.19 | AS89: =ROUNDDOWN(AQ89*AS$6,1) -> 1021.4 | AT89: =ROUNDDOWN(AR89*AT$6,1) -> 37.9 | AU89: =ROUNDDOWN($C89*AV89,1) -> 584.6 | AV89: =RCFs!C$37 -> 19.486667 | AW89: =ROUNDDOWN(AX89*C89,1) -> 594.8 | AX89: =RCFs!C$64 -> 19.826667 | AY89: =ROUNDDOWN($C89*AZ89,1) -> 568.4 | AZ89: =RCFs!C$39 -> 18.946667 | BA89: =ROUNDDOWN($C89*BB89,1) -> 572 | BB89: =RCFs!C$41 -> 19.068115
A90: 1778 | B90: Endoscopic Retrograde Cholangiopancreatography (ERCP): Endoscopy + catheterisation of pancreas duct or choledochus | C90: 105.9 | D90: =ROUND(E90*C90,1) -> 7970.9 | E90: =RCFs!C$43 -> 75.268515 | F90: =ROUNDDOWN($C90*G90,1) -> 1965.5 | G90: =RCFs!C$5 -> 18.56 | H90: =ROUNDDOWN($C90*I90,1) -> 1965.5 | I90: =RCFs!C$5 -> 18.56 | J90: =ROUND($C90*$I90*J$6,1) -> 2162.1 | K90: =ROUND($C90*$I90*K$6,1) -> 2692.7 | L90: =ROUND($C90*$I90*L$6,1) -> 2889.3 | M90: =ROUND($C90*$I90*M$6,1) -> 3184.1 | N90: =ROUND($C90*$I90*N$6,1) -> 3931 | O90: =ROUND($C90*$I90*O$6,1) -> 4225.8 | P90: =ROUND($C90*$I90*P$6,1) -> 5896.5 | Q90: =ROUNDDOWN(R90*C90,1) -> 2044.2 | R90: =RCFs!C$7 -> 19.303333 | S90: =ROUNDDOWN($Q90*S$6,1) -> 2657.4 | T90: =ROUNDDOWN($Q90*T$6,1) -> 3066.3 | U90: =ROUND(V90*C90,1) -> 1951 | V90: =RCFs!C$9 -> 18.423 | W90: =ROUND(X90*C90,1) -> 1951 | X90: =V90 -> 18.423 | Y90: =ROUNDDOWN($W90*Y$6,1) -> 2146.1 | Z90: =ROUND($C90*$X90*Z$6,1) -> 2672.9 | AA90: =ROUND($C90*$X90*AA$6,1) -> 3160.6 | AB90: =ROUND($C90*$X90*AB$6,1) -> 2868 | AC90: =ROUND($C90*$X90*AC$6,1) -> 4233.7 | AD90: =ROUND($C90*$X90*AD$6,1) -> 5853 | AE90: =ROUND(AF90*C90,1) -> 2026.2 | AF90: =RCFs!C$13 -> 19.133333 | AG90: =ROUND($AE90*AG$6,1) -> 3343.2 | AH90: =ROUND($AE90*AH$6,1) -> 4255 | AI90: =ROUND($AE90*AI$6,1) -> 6078.6 | AJ90: =ROUNDDOWN(C90*AK90,1) -> 2006.4 | AK90: =RCFs!C$25 -> 18.946667 | AL90: =ROUNDDOWN(C90*AM90,1) -> 2657.3 | AM90: =RCFs!C$29 -> 25.093333 | AN90: =ROUNDDOWN(C90*AO90,1) -> 2130.8 | AO90: =RCFs!C$33 -> 20.121274 | AP90: =ROUNDDOWN(AN90*AP$6,1) -> 3196.2 | AQ90: =ROUNDDOWN($C90*AR90,1) -> 2773.5 | AR90: =RCFs!C$35 -> 26.19 | AS90: =ROUNDDOWN(AQ90*AS$6,1) -> 3605.5 | AT90: =ROUNDDOWN(AR90*AT$6,1) -> 37.9 | AU90: =ROUNDDOWN($C90*AV90,1) -> 2063.6 | AV90: =RCFs!C$37 -> 19.486667 | AW90: =ROUNDDOWN(AX90*C90,1) -> 2099.6 | AX90: =RCFs!C$64 -> 19.826667 | AY90: =ROUNDDOWN($C90*AZ90,1) -> 2006.4 | AZ90: =RCFs!C$39 -> 18.946667 | BA90: =ROUNDDOWN($C90*BB90,1) -> 2019.3 | BB90: =RCFs!C$41 -> 19.068115
A91: 1847 | B91: Haemodialysis: Per hour or part thereof | C91: 21 | D91: =ROUND(E91*C91,1) -> 1580.6 | E91: =RCFs!C$43 -> 75.268515 | F91: =ROUNDDOWN($C91*G91,1) -> 389.7 | G91: =RCFs!C$5 -> 18.56 | H91: =ROUNDDOWN($C91*I91,1) -> 389.7 | I91: =RCFs!C$5 -> 18.56 | J91: =ROUND($C91*$I91*J$6,1) -> 428.7 | K91: =ROUND($C91*$I91*K$6,1) -> 534 | L91: =ROUND($C91*$I91*L$6,1) -> 572.9 | M91: =ROUND($C91*$I91*M$6,1) -> 631.4 | N91: =ROUND($C91*$I91*N$6,1) -> 779.5 | O91: =ROUND($C91*$I91*O$6,1) -> 838 | P91: =ROUND($C91*$I91*P$6,1) -> 1169.3 | Q91: =ROUNDDOWN(R91*C91,1) -> 405.3 | R91: =RCFs!C$7 -> 19.303333 | S91: =ROUNDDOWN($Q91*S$6,1) -> 526.8 | T91: =ROUNDDOWN($Q91*T$6,1) -> 607.9 | U91: =ROUND(V91*C91,1) -> 386.9 | V91: =RCFs!C$9 -> 18.423 | W91: =ROUND(X91*C91,1) -> 386.9 | X91: =V91 -> 18.423 | Y91: =ROUNDDOWN($W91*Y$6,1) -> 425.5 | Z91: =ROUND($C91*$X91*Z$6,1) -> 530 | AA91: =ROUND($C91*$X91*AA$6,1) -> 626.8 | AB91: =ROUND($C91*$X91*AB$6,1) -> 568.7 | AC91: =ROUND($C91*$X91*AC$6,1) -> 839.5 | AD91: =ROUND($C91*$X91*AD$6,1) -> 1160.6 | AE91: =ROUND(AF91*C91,1) -> 401.8 | AF91: =RCFs!C$13 -> 19.133333 | AG91: =ROUND($AE91*AG$6,1) -> 663 | AH91: =ROUND($AE91*AH$6,1) -> 843.8 | AI91: =ROUND($AE91*AI$6,1) -> 1205.4 | AJ91: =ROUNDDOWN(C91*AK91,1) -> 397.8 | AK91: =RCFs!C$25 -> 18.946667 | AL91: =ROUNDDOWN(C91*AM91,1) -> 526.9 | AM91: =RCFs!C$29 -> 25.093333 | AN91: =ROUNDDOWN(C91*AO91,1) -> 422.5 | AO91: =RCFs!C$33 -> 20.121274 | AP91: =ROUNDDOWN(AN91*AP$6,1) -> 633.7 | AQ91: =ROUNDDOWN($C91*AR91,1) -> 549.9 | AR91: =RCFs!C$35 -> 26.19 | AS91: =ROUNDDOWN(AQ91*AS$6,1) -> 714.8 | AT91: =ROUNDDOWN(AR91*AT$6,1) -> 37.9 | AU91: =ROUNDDOWN($C91*AV91,1) -> 409.2 | AV91: =RCFs!C$37 -> 19.486667 | AW91: =ROUNDDOWN(AX91*C91,1) -> 416.3 | AX91: =RCFs!C$64 -> 19.826667 | AY91: =ROUNDDOWN($C91*AZ91,1) -> 397.8 | AZ91: =RCFs!C$39 -> 18.946667 | BA91: =ROUNDDOWN($C91*BB91,1) -> 400.4 | BB91: =RCFs!C$41 -> 19.068115
A92: 1849 | B92: Acute haemodialysis: First calendar day: Appropriate for haemodialysis in intensive or high care unit (the medical doctor does not have to be present for the duration of the treatment) | C92: 168 | D92: =ROUND(E92*C92,1) -> 12645.1 | E92: =RCFs!C$43 -> 75.268515 | F92: =ROUNDDOWN($C92*G92,1) -> 3118 | G92: =RCFs!C$5 -> 18.56 | H92: =ROUNDDOWN($C92*I92,1) -> 3118 | I92: =RCFs!C$5 -> 18.56 | J92: =ROUND($C92*$I92*J$6,1) -> 3429.9 | K92: =ROUND($C92*$I92*K$6,1) -> 4271.8 | L92: =ROUND($C92*$I92*L$6,1) -> 4583.6 | M92: =ROUND($C92*$I92*M$6,1) -> 5051.3 | N92: =ROUND($C92*$I92*N$6,1) -> 6236.2 | O92: =ROUND($C92*$I92*O$6,1) -> 6703.9 | P92: =ROUND($C92*$I92*P$6,1) -> 9354.2 | Q92: =ROUNDDOWN(R92*C92,1) -> 3242.9 | R92: =RCFs!C$7 -> 19.303333 | S92: =ROUNDDOWN($Q92*S$6,1) -> 4215.7 | T92: =ROUNDDOWN($Q92*T$6,1) -> 4864.3 | U92: =ROUND(V92*C92,1) -> 3095.1 | V92: =RCFs!C$9 -> 18.423 | W92: =ROUND(X92*C92,1) -> 3095.1 | X92: =V92 -> 18.423 | Y92: =ROUNDDOWN($W92*Y$6,1) -> 3404.6 | Z92: =ROUND($C92*$X92*Z$6,1) -> 4240.2 | AA92: =ROUND($C92*$X92*AA$6,1) -> 5014 | AB92: =ROUND($C92*$X92*AB$6,1) -> 4549.7 | AC92: =ROUND($C92*$X92*AC$6,1) -> 6716.3 | AD92: =ROUND($C92*$X92*AD$6,1) -> 9285.2 | AE92: =ROUND(AF92*C92,1) -> 3214.4 | AF92: =RCFs!C$13 -> 19.133333 | AG92: =ROUND($AE92*AG$6,1) -> 5303.8 | AH92: =ROUND($AE92*AH$6,1) -> 6750.2 | AI92: =ROUND($AE92*AI$6,1) -> 9643.2 | AJ92: =ROUNDDOWN(C92*AK92,1) -> 3183 | AK92: =RCFs!C$25 -> 18.946667 | AL92: =ROUNDDOWN(C92*AM92,1) -> 4215.6 | AM92: =RCFs!C$29 -> 25.093333 | AN92: =ROUNDDOWN(C92*AO92,1) -> 3380.3 | AO92: =RCFs!C$33 -> 20.121274 | AP92: =ROUNDDOWN(AN92*AP$6,1) -> 5070.4 | AQ92: =ROUNDDOWN($C92*AR92,1) -> 4399.9 | AR92: =RCFs!C$35 -> 26.19 | AS92: =ROUNDDOWN(AQ92*AS$6,1) -> 5719.8 | AT92: =ROUNDDOWN(AR92*AT$6,1) -> 37.9 | AU92: =ROUNDDOWN($C92*AV92,1) -> 3273.7 | AV92: =RCFs!C$37 -> 19.486667 | AW92: =ROUNDDOWN(AX92*C92,1) -> 3330.8 | AX92: =RCFs!C$64 -> 19.826667 | AY92: =ROUNDDOWN($C92*AZ92,1) -> 3183 | AZ92: =RCFs!C$39 -> 18.946667 | BA92: =ROUNDDOWN($C92*BB92,1) -> 3203.4 | BB92: =RCFs!C$41 -> 19.068115
A93: 1851 | B93: Haemodialysis: Thereafter per week | C93: 55 | D93: =ROUND(E93*C93,1) -> 4139.8 | E93: =RCFs!C$43 -> 75.268515 | F93: =ROUNDDOWN($C93*G93,1) -> 1020.8 | G93: =RCFs!C$5 -> 18.56 | H93: =ROUNDDOWN($C93*I93,1) -> 1020.8 | I93: =RCFs!C$5 -> 18.56 | J93: =ROUND($C93*$I93*J$6,1) -> 1122.9 | K93: =ROUND($C93*$I93*K$6,1) -> 1398.5 | L93: =ROUND($C93*$I93*L$6,1) -> 1500.6 | M93: =ROUND($C93*$I93*M$6,1) -> 1653.7 | N93: =ROUND($C93*$I93*N$6,1) -> 2041.6 | O93: =ROUND($C93*$I93*O$6,1) -> 2194.7 | P93: =ROUND($C93*$I93*P$6,1) -> 3062.4 | Q93: =ROUNDDOWN(R93*C93,1) -> 1061.6 | R93: =RCFs!C$7 -> 19.303333 | S93: =ROUNDDOWN($Q93*S$6,1) -> 1380 | T93: =ROUNDDOWN($Q93*T$6,1) -> 1592.4 | U93: =ROUND(V93*C93,1) -> 1013.3 | V93: =RCFs!C$9 -> 18.423 | W93: =ROUND(X93*C93,1) -> 1013.3 | X93: =V93 -> 18.423 | Y93: =ROUNDDOWN($W93*Y$6,1) -> 1114.6 | Z93: =ROUND($C93*$X93*Z$6,1) -> 1388.2 | AA93: =ROUND($C93*$X93*AA$6,1) -> 1641.5 | AB93: =ROUND($C93*$X93*AB$6,1) -> 1489.5 | AC93: =ROUND($C93*$X93*AC$6,1) -> 2198.8 | AD93: =ROUND($C93*$X93*AD$6,1) -> 3039.8 | AE93: =ROUND(AF93*C93,1) -> 1052.3 | AF93: =RCFs!C$13 -> 19.133333 | AG93: =ROUND($AE93*AG$6,1) -> 1736.3 | AH93: =ROUND($AE93*AH$6,1) -> 2209.8 | AI93: =ROUND($AE93*AI$6,1) -> 3156.9 | AJ93: =ROUNDDOWN(C93*AK93,1) -> 1042 | AK93: =RCFs!C$25 -> 18.946667 | AL93: =ROUNDDOWN(C93*AM93,1) -> 1380.1 | AM93: =RCFs!C$29 -> 25.093333 | AN93: =ROUNDDOWN(C93*AO93,1) -> 1106.6 | AO93: =RCFs!C$33 -> 20.121274 | AP93: =ROUNDDOWN(AN93*AP$6,1) -> 1659.9 | AQ93: =ROUNDDOWN($C93*AR93,1) -> 1440.4 | AR93: =RCFs!C$35 -> 26.19 | AS93: =ROUNDDOWN(AQ93*AS$6,1) -> 1872.5 | AT93: =ROUNDDOWN(AR93*AT$6,1) -> 37.9 | AU93: =ROUNDDOWN($C93*AV93,1) -> 1071.7 | AV93: =RCFs!C$37 -> 19.486667 | AW93: =ROUNDDOWN(AX93*C93,1) -> 1090.4 | AX93: =RCFs!C$64 -> 19.826667 | AY93: =ROUNDDOWN($C93*AZ93,1) -> 1042 | AZ93: =RCFs!C$39 -> 18.946667 | BA93: =ROUNDDOWN($C93*BB93,1) -> 1048.7 | BB93: =RCFs!C$41 -> 19.068115
A94: 1852 | B94: Continuous haemodialysis per calendar day in intensive or high care unit | C94: 33 | D94: =ROUND(E94*C94,1) -> 2483.9 | E94: =RCFs!C$43 -> 75.268515 | F94: =ROUNDDOWN($C94*G94,1) -> 612.4 | G94: =RCFs!C$5 -> 18.56 | H94: =ROUNDDOWN($C94*I94,1) -> 612.4 | I94: =RCFs!C$5 -> 18.56 | J94: =ROUND($C94*$I94*J$6,1) -> 673.7 | K94: =ROUND($C94*$I94*K$6,1) -> 839.1 | L94: =ROUND($C94*$I94*L$6,1) -> 900.3 | M94: =ROUND($C94*$I94*M$6,1) -> 992.2 | N94: =ROUND($C94*$I94*N$6,1) -> 1225 | O94: =ROUND($C94*$I94*O$6,1) -> 1316.8 | P94: =ROUND($C94*$I94*P$6,1) -> 1837.4 | Q94: =ROUNDDOWN(R94*C94,1) -> 637 | R94: =RCFs!C$7 -> 19.303333 | S94: =ROUNDDOWN($Q94*S$6,1) -> 828.1 | T94: =ROUNDDOWN($Q94*T$6,1) -> 955.5 | U94: =ROUND(V94*C94,1) -> 608 | V94: =RCFs!C$9 -> 18.423 | W94: =ROUND(X94*C94,1) -> 608 | X94: =V94 -> 18.423 | Y94: =ROUNDDOWN($W94*Y$6,1) -> 668.8 | Z94: =ROUND($C94*$X94*Z$6,1) -> 832.9 | AA94: =ROUND($C94*$X94*AA$6,1) -> 984.9 | AB94: =ROUND($C94*$X94*AB$6,1) -> 893.7 | AC94: =ROUND($C94*$X94*AC$6,1) -> 1319.3 | AD94: =ROUND($C94*$X94*AD$6,1) -> 1823.9 | AE94: =ROUND(AF94*C94,1) -> 631.4 | AF94: =RCFs!C$13 -> 19.133333 | AG94: =ROUND($AE94*AG$6,1) -> 1041.8 | AH94: =ROUND($AE94*AH$6,1) -> 1325.9 | AI94: =ROUND($AE94*AI$6,1) -> 1894.2 | AJ94: =ROUNDDOWN(C94*AK94,1) -> 625.2 | AK94: =RCFs!C$25 -> 18.946667 | AL94: =ROUNDDOWN(C94*AM94,1) -> 828 | AM94: =RCFs!C$29 -> 25.093333 | AN94: =ROUNDDOWN(C94*AO94,1) -> 664 | AO94: =RCFs!C$33 -> 20.121274 | AP94: =ROUNDDOWN(AN94*AP$6,1) -> 996 | AQ94: =ROUNDDOWN($C94*AR94,1) -> 864.2 | AR94: =RCFs!C$35 -> 26.19 | AS94: =ROUNDDOWN(AQ94*AS$6,1) -> 1123.4 | AT94: =ROUNDDOWN(AR94*AT$6,1) -> 37.9 | AU94: =ROUNDDOWN($C94*AV94,1) -> 643 | AV94: =RCFs!C$37 -> 19.486667 | AW94: =ROUNDDOWN(AX94*C94,1) -> 654.2 | AX94: =RCFs!C$64 -> 19.826667 | AY94: =ROUNDDOWN($C94*AZ94,1) -> 625.2 | AZ94: =RCFs!C$39 -> 18.946667 | BA94: =ROUNDDOWN($C94*BB94,1) -> 629.2 | BB94: =RCFs!C$41 -> 19.068115
A95: 2719 | B95: Overnight polysomnogram and sleep staging: Equipment hire | C95: 125 | D95: =ROUND(E95*C95,1) -> 9408.6 | E95: =RCFs!C$43 -> 75.268515 | F95: =ROUNDDOWN($C95*G95,1) -> 2320 | G95: =RCFs!C$5 -> 18.56 | H95: =ROUNDDOWN($C95*I95,1) -> 2320 | I95: =RCFs!C$5 -> 18.56 | J95: =ROUND($C95*$I95*J$6,1) -> 2552 | K95: =ROUND($C95*$I95*K$6,1) -> 3178.4 | L95: =ROUND($C95*$I95*L$6,1) -> 3410.4 | M95: =ROUND($C95*$I95*M$6,1) -> 3758.4 | N95: =ROUND($C95*$I95*N$6,1) -> 4640 | O95: =ROUND($C95*$I95*O$6,1) -> 4988 | P95: =ROUND($C95*$I95*P$6,1) -> 6960 | Q95: =ROUNDDOWN(R95*C95,1) -> 2412.9 | R95: =RCFs!C$7 -> 19.303333 | S95: =ROUNDDOWN($Q95*S$6,1) -> 3136.7 | T95: =ROUNDDOWN($Q95*T$6,1) -> 3619.3 | U95: =ROUND(V95*C95,1) -> 2302.9 | V95: =RCFs!C$9 -> 18.423 | W95: =ROUND(X95*C95,1) -> 2302.9 | X95: =V95 -> 18.423 | Y95: =ROUNDDOWN($W95*Y$6,1) -> 2533.1 | Z95: =ROUND($C95*$X95*Z$6,1) -> 3154.9 | AA95: =ROUND($C95*$X95*AA$6,1) -> 3730.7 | AB95: =ROUND($C95*$X95*AB$6,1) -> 3385.2 | AC95: =ROUND($C95*$X95*AC$6,1) -> 4997.2 | AD95: =ROUND($C95*$X95*AD$6,1) -> 6908.6 | AE95: =ROUND(AF95*C95,1) -> 2391.7 | AF95: =RCFs!C$13 -> 19.133333 | AG95: =ROUND($AE95*AG$6,1) -> 3946.3 | AH95: =ROUND($AE95*AH$6,1) -> 5022.6 | AI95: =ROUND($AE95*AI$6,1) -> 7175.1 | AJ95: =ROUNDDOWN(C95*AK95,1) -> 2368.3 | AK95: =RCFs!C$25 -> 18.946667 | AL95: =ROUNDDOWN(C95*AM95,1) -> 3136.6 | AM95: =RCFs!C$29 -> 25.093333 | AN95: =ROUNDDOWN(C95*AO95,1) -> 2515.1 | AO95: =RCFs!C$33 -> 20.121274 | AP95: =ROUNDDOWN(AN95*AP$6,1) -> 3772.6 | AQ95: =ROUNDDOWN($C95*AR95,1) -> 3273.7 | AR95: =RCFs!C$35 -> 26.19 | AS95: =ROUNDDOWN(AQ95*AS$6,1) -> 4255.8 | AT95: =ROUNDDOWN(AR95*AT$6,1) -> 37.9 | AU95: =ROUNDDOWN($C95*AV95,1) -> 2435.8 | AV95: =RCFs!C$37 -> 19.486667 | AW95: =ROUNDDOWN(AX95*C95,1) -> 2478.3 | AX95: =RCFs!C$64 -> 19.826667 | AY95: =ROUNDDOWN($C95*AZ95,1) -> 2368.3 | AZ95: =RCFs!C$39 -> 18.946667 | BA95: =ROUNDDOWN($C95*BB95,1) -> 2383.5 | BB95: =RCFs!C$41 -> 19.068115
A96: 2724 | B96: Overnight continuous positive airways pressure (CPAP) titration | C96: 155 | D96: =ROUND(E96*C96,1) -> 11666.6 | E96: =RCFs!C$43 -> 75.268515 | F96: =ROUNDDOWN($C96*G96,1) -> 2876.8 | G96: =RCFs!C$5 -> 18.56 | H96: =ROUNDDOWN($C96*I96,1) -> 2876.8 | I96: =RCFs!C$5 -> 18.56 | J96: =ROUND($C96*$I96*J$6,1) -> 3164.5 | K96: =ROUND($C96*$I96*K$6,1) -> 3941.2 | L96: =ROUND($C96*$I96*L$6,1) -> 4228.9 | M96: =ROUND($C96*$I96*M$6,1) -> 4660.4 | N96: =ROUND($C96*$I96*N$6,1) -> 5753.6 | O96: =ROUND($C96*$I96*O$6,1) -> 6185.1 | P96: =ROUND($C96*$I96*P$6,1) -> 8630.4 | Q96: =ROUNDDOWN(R96*C96,1) -> 2992 | R96: =RCFs!C$7 -> 19.303333 | S96: =ROUNDDOWN($Q96*S$6,1) -> 3889.6 | T96: =ROUNDDOWN($Q96*T$6,1) -> 4488 | U96: =ROUND(V96*C96,1) -> 2855.6 | V96: =RCFs!C$9 -> 18.423 | W96: =ROUND(X96*C96,1) -> 2855.6 | X96: =V96 -> 18.423 | Y96: =ROUNDDOWN($W96*Y$6,1) -> 3141.1 | Z96: =ROUND($C96*$X96*Z$6,1) -> 3912.1 | AA96: =ROUND($C96*$X96*AA$6,1) -> 4626 | AB96: =ROUND($C96*$X96*AB$6,1) -> 4197.7 | AC96: =ROUND($C96*$X96*AC$6,1) -> 6196.6 | AD96: =ROUND($C96*$X96*AD$6,1) -> 8566.7 | AE96: =ROUND(AF96*C96,1) -> 2965.7 | AF96: =RCFs!C$13 -> 19.133333 | AG96: =ROUND($AE96*AG$6,1) -> 4893.4 | AH96: =ROUND($AE96*AH$6,1) -> 6228 | AI96: =ROUND($AE96*AI$6,1) -> 8897.1 | AJ96: =ROUNDDOWN(C96*AK96,1) -> 2936.7 | AK96: =RCFs!C$25 -> 18.946667 | AL96: =ROUNDDOWN(C96*AM96,1) -> 3889.4 | AM96: =RCFs!C$29 -> 25.093333 | AN96: =ROUNDDOWN(C96*AO96,1) -> 3118.7 | AO96: =RCFs!C$33 -> 20.121274 | AP96: =ROUNDDOWN(AN96*AP$6,1) -> 4678 | AQ96: =ROUNDDOWN($C96*AR96,1) -> 4059.4 | AR96: =RCFs!C$35 -> 26.19 | AS96: =ROUNDDOWN(AQ96*AS$6,1) -> 5277.2 | AT96: =ROUNDDOWN(AR96*AT$6,1) -> 37.9 | AU96: =ROUNDDOWN($C96*AV96,1) -> 3020.4 | AV96: =RCFs!C$37 -> 19.486667 | AW96: =ROUNDDOWN(AX96*C96,1) -> 3073.1 | AX96: =RCFs!C$64 -> 19.826667 | AY96: =ROUNDDOWN($C96*AZ96,1) -> 2936.7 | AZ96: =RCFs!C$39 -> 18.946667 | BA96: =ROUNDDOWN($C96*BB96,1) -> 2955.5 | BB96: =RCFs!C$41 -> 19.068115
A97: 3557 | B97: Catheterisation aorta or vena cava, any level, any route, with aortogram/cavogram | C97: 81 | D97: =ROUND(E97*C97,1) -> 6096.7 | E97: =RCFs!C$43 -> 75.268515 | F97: =ROUNDDOWN($C97*G97,1) -> 1503.3 | G97: =RCFs!C$5 -> 18.56 | H97: =ROUNDDOWN($C97*I97,1) -> 1503.3 | I97: =RCFs!C$5 -> 18.56 | J97: =ROUND($C97*$I97*J$6,1) -> 1653.7 | K97: =ROUND($C97*$I97*K$6,1) -> 2059.6 | L97: =ROUND($C97*$I97*L$6,1) -> 2209.9 | M97: =ROUND($C97*$I97*M$6,1) -> 2435.4 | N97: =ROUND($C97*$I97*N$6,1) -> 3006.7 | O97: =ROUND($C97*$I97*O$6,1) -> 3232.2 | P97: =ROUND($C97*$I97*P$6,1) -> 4510.1 | Q97: =ROUNDDOWN(R97*C97,1) -> 1563.5 | R97: =RCFs!C$7 -> 19.303333 | S97: =ROUNDDOWN($Q97*S$6,1) -> 2032.5 | T97: =ROUNDDOWN($Q97*T$6,1) -> 2345.2 | U97: =ROUND(V97*C97,1) -> 1492.3 | V97: =RCFs!C$9 -> 18.423 | W97: =ROUND(X97*C97,1) -> 1492.3 | X97: =V97 -> 18.423 | Y97: =ROUNDDOWN($W97*Y$6,1) -> 1641.5 | Z97: =ROUND($C97*$X97*Z$6,1) -> 2044.4 | AA97: =ROUND($C97*$X97*AA$6,1) -> 2417.5 | AB97: =ROUND($C97*$X97*AB$6,1) -> 2193.6 | AC97: =ROUND($C97*$X97*AC$6,1) -> 3238.2 | AD97: =ROUND($C97*$X97*AD$6,1) -> 4476.8 | AE97: =ROUND(AF97*C97,1) -> 1549.8 | AF97: =RCFs!C$13 -> 19.133333 | AG97: =ROUND($AE97*AG$6,1) -> 2557.2 | AH97: =ROUND($AE97*AH$6,1) -> 3254.6 | AI97: =ROUND($AE97*AI$6,1) -> 4649.4 | AJ97: =ROUNDDOWN(C97*AK97,1) -> 1534.6 | AK97: =RCFs!C$25 -> 18.946667 | AL97: =ROUNDDOWN(C97*AM97,1) -> 2032.5 | AM97: =RCFs!C$29 -> 25.093333 | AN97: =ROUNDDOWN(C97*AO97,1) -> 1629.8 | AO97: =RCFs!C$33 -> 20.121274 | AP97: =ROUNDDOWN(AN97*AP$6,1) -> 2444.7 | AQ97: =ROUNDDOWN($C97*AR97,1) -> 2121.3 | AR97: =RCFs!C$35 -> 26.19 | AS97: =ROUNDDOWN(AQ97*AS$6,1) -> 2757.6 | AT97: =ROUNDDOWN(AR97*AT$6,1) -> 37.9 | AU97: =ROUNDDOWN($C97*AV97,1) -> 1578.4 | AV97: =RCFs!C$37 -> 19.486667 | AW97: =ROUNDDOWN(AX97*C97,1) -> 1605.9 | AX97: =RCFs!C$64 -> 19.826667 | AY97: =ROUNDDOWN($C97*AZ97,1) -> 1534.6 | AZ97: =RCFs!C$39 -> 18.946667 | BA97: =ROUNDDOWN($C97*BB97,1) -> 1544.5 | BB97: =RCFs!C$41 -> 19.068115
A98: 3559 | B98: Selective first order catheterisation, arterial or venous, with angiogram/venogram | C98: 95 | D98: =ROUND(E98*C98,1) -> 7150.5 | E98: =RCFs!C$43 -> 75.268515 | F98: =ROUNDDOWN($C98*G98,1) -> 1763.2 | G98: =RCFs!C$5 -> 18.56 | H98: =ROUNDDOWN($C98*I98,1) -> 1763.2 | I98: =RCFs!C$5 -> 18.56 | J98: =ROUND($C98*$I98*J$6,1) -> 1939.5 | K98: =ROUND($C98*$I98*K$6,1) -> 2415.6 | L98: =ROUND($C98*$I98*L$6,1) -> 2591.9 | M98: =ROUND($C98*$I98*M$6,1) -> 2856.4 | N98: =ROUND($C98*$I98*N$6,1) -> 3526.4 | O98: =ROUND($C98*$I98*O$6,1) -> 3790.9 | P98: =ROUND($C98*$I98*P$6,1) -> 5289.6 | Q98: =ROUNDDOWN(R98*C98,1) -> 1833.8 | R98: =RCFs!C$7 -> 19.303333 | S98: =ROUNDDOWN($Q98*S$6,1) -> 2383.9 | T98: =ROUNDDOWN($Q98*T$6,1) -> 2750.7 | U98: =ROUND(V98*C98,1) -> 1750.2 | V98: =RCFs!C$9 -> 18.423 | W98: =ROUND(X98*C98,1) -> 1750.2 | X98: =V98 -> 18.423 | Y98: =ROUNDDOWN($W98*Y$6,1) -> 1925.2 | Z98: =ROUND($C98*$X98*Z$6,1) -> 2397.8 | AA98: =ROUND($C98*$X98*AA$6,1) -> 2835.3 | AB98: =ROUND($C98*$X98*AB$6,1) -> 2572.8 | AC98: =ROUND($C98*$X98*AC$6,1) -> 3797.9 | AD98: =ROUND($C98*$X98*AD$6,1) -> 5250.6 | AE98: =ROUND(AF98*C98,1) -> 1817.7 | AF98: =RCFs!C$13 -> 19.133333 | AG98: =ROUND($AE98*AG$6,1) -> 2999.2 | AH98: =ROUND($AE98*AH$6,1) -> 3817.2 | AI98: =ROUND($AE98*AI$6,1) -> 5453.1 | AJ98: =ROUNDDOWN(C98*AK98,1) -> 1799.9 | AK98: =RCFs!C$25 -> 18.946667 | AL98: =ROUNDDOWN(C98*AM98,1) -> 2383.8 | AM98: =RCFs!C$29 -> 25.093333 | AN98: =ROUNDDOWN(C98*AO98,1) -> 1911.5 | AO98: =RCFs!C$33 -> 20.121274 | AP98: =ROUNDDOWN(AN98*AP$6,1) -> 2867.2 | AQ98: =ROUNDDOWN($C98*AR98,1) -> 2488 | AR98: =RCFs!C$35 -> 26.19 | AS98: =ROUNDDOWN(AQ98*AS$6,1) -> 3234.4 | AT98: =ROUNDDOWN(AR98*AT$6,1) -> 37.9 | AU98: =ROUNDDOWN($C98*AV98,1) -> 1851.2 | AV98: =RCFs!C$37 -> 19.486667 | AW98: =ROUNDDOWN(AX98*C98,1) -> 1883.5 | AX98: =RCFs!C$64 -> 19.826667 | AY98: =ROUNDDOWN($C98*AZ98,1) -> 1799.9 | AZ98: =RCFs!C$39 -> 18.946667 | BA98: =ROUNDDOWN($C98*BB98,1) -> 1811.4 | BB98: =RCFs!C$41 -> 19.068115
A99: 3560 | B99: Selective second order catheterisation, arterial or venous, with angiogram/venogram | C99: 109 | D99: =ROUND(E99*C99,1) -> 8204.3 | E99: =RCFs!C$43 -> 75.268515 | F99: =ROUNDDOWN($C99*G99,1) -> 2023 | G99: =RCFs!C$5 -> 18.56 | H99: =ROUNDDOWN($C99*I99,1) -> 2023 | I99: =RCFs!C$5 -> 18.56 | J99: =ROUND($C99*$I99*J$6,1) -> 2225.3 | K99: =ROUND($C99*$I99*K$6,1) -> 2771.6 | L99: =ROUND($C99*$I99*L$6,1) -> 2973.9 | M99: =ROUND($C99*$I99*M$6,1) -> 3277.3 | N99: =ROUND($C99*$I99*N$6,1) -> 4046.1 | O99: =ROUND($C99*$I99*O$6,1) -> 4349.5 | P99: =ROUND($C99*$I99*P$6,1) -> 6069.1 | Q99: =ROUNDDOWN(R99*C99,1) -> 2104 | R99: =RCFs!C$7 -> 19.303333 | S99: =ROUNDDOWN($Q99*S$6,1) -> 2735.2 | T99: =ROUNDDOWN($Q99*T$6,1) -> 3156 | U99: =ROUND(V99*C99,1) -> 2008.1 | V99: =RCFs!C$9 -> 18.423 | W99: =ROUND(X99*C99,1) -> 2008.1 | X99: =V99 -> 18.423 | Y99: =ROUNDDOWN($W99*Y$6,1) -> 2208.9 | Z99: =ROUND($C99*$X99*Z$6,1) -> 2751.1 | AA99: =ROUND($C99*$X99*AA$6,1) -> 3253.1 | AB99: =ROUND($C99*$X99*AB$6,1) -> 2951.9 | AC99: =ROUND($C99*$X99*AC$6,1) -> 4357.6 | AD99: =ROUND($C99*$X99*AD$6,1) -> 6024.3 | AE99: =ROUND(AF99*C99,1) -> 2085.5 | AF99: =RCFs!C$13 -> 19.133333 | AG99: =ROUND($AE99*AG$6,1) -> 3441.1 | AH99: =ROUND($AE99*AH$6,1) -> 4379.6 | AI99: =ROUND($AE99*AI$6,1) -> 6256.5 | AJ99: =ROUNDDOWN(C99*AK99,1) -> 2065.1 | AK99: =RCFs!C$25 -> 18.946667 | AL99: =ROUNDDOWN(C99*AM99,1) -> 2735.1 | AM99: =RCFs!C$29 -> 25.093333 | AN99: =ROUNDDOWN(C99*AO99,1) -> 2193.2 | AO99: =RCFs!C$33 -> 20.121274 | AP99: =ROUNDDOWN(AN99*AP$6,1) -> 3289.8 | AQ99: =ROUNDDOWN($C99*AR99,1) -> 2854.7 | AR99: =RCFs!C$35 -> 26.19 | AS99: =ROUNDDOWN(AQ99*AS$6,1) -> 3711.1 | AT99: =ROUNDDOWN(AR99*AT$6,1) -> 37.9 | AU99: =ROUNDDOWN($C99*AV99,1) -> 2124 | AV99: =RCFs!C$37 -> 19.486667 | AW99: =ROUNDDOWN(AX99*C99,1) -> 2161.1 | AX99: =RCFs!C$64 -> 19.826667 | AY99: =ROUNDDOWN($C99*AZ99,1) -> 2065.1 | AZ99: =RCFs!C$39 -> 18.946667 | BA99: =ROUNDDOWN($C99*BB99,1) -> 2078.4 | BB99: =RCFs!C$41 -> 19.068115
A100: 3566 | B100: Guiding catheter placement, any site arterial or venous, for any intracranial procedure or arteriovenous malformation (AVM) | C100: 143 | D100: =ROUND(E100*C100,1) -> 10763.4 | E100: =RCFs!C$43 -> 75.268515 | F100: =ROUNDDOWN($C100*G100,1) -> 2654 | G100: =RCFs!C$5 -> 18.56 | H100: =ROUNDDOWN($C100*I100,1) -> 2654 | I100: =RCFs!C$5 -> 18.56 | J100: =ROUND($C100*$I100*J$6,1) -> 2919.5 | K100: =ROUND($C100*$I100*K$6,1) -> 3636.1 | L100: =ROUND($C100*$I100*L$6,1) -> 3901.5 | M100: =ROUND($C100*$I100*M$6,1) -> 4299.6 | N100: =ROUND($C100*$I100*N$6,1) -> 5308.2 | O100: =ROUND($C100*$I100*O$6,1) -> 5706.3 | P100: =ROUND($C100*$I100*P$6,1) -> 7962.2 | Q100: =ROUNDDOWN(R100*C100,1) -> 2760.3 | R100: =RCFs!C$7 -> 19.303333 | S100: =ROUNDDOWN($Q100*S$6,1) -> 3588.3 | T100: =ROUNDDOWN($Q100*T$6,1) -> 4140.4 | U100: =ROUND(V100*C100,1) -> 2634.5 | V100: =RCFs!C$9 -> 18.423 | W100: =ROUND(X100*C100,1) -> 2634.5 | X100: =V100 -> 18.423 | Y100: =ROUNDDOWN($W100*Y$6,1) -> 2897.9 | Z100: =ROUND($C100*$X100*Z$6,1) -> 3609.2 | AA100: =ROUND($C100*$X100*AA$6,1) -> 4267.9 | AB100: =ROUND($C100*$X100*AB$6,1) -> 3872.7 | AC100: =ROUND($C100*$X100*AC$6,1) -> 5716.8 | AD100: =ROUND($C100*$X100*AD$6,1) -> 7903.5 | AE100: =ROUND(AF100*C100,1) -> 2736.1 | AF100: =RCFs!C$13 -> 19.133333 | AG100: =ROUND($AE100*AG$6,1) -> 4514.6 | AH100: =ROUND($AE100*AH$6,1) -> 5745.8 | AI100: =ROUND($AE100*AI$6,1) -> 8208.3 | AJ100: =ROUNDDOWN(C100*AK100,1) -> 2709.3 | AK100: =RCFs!C$25 -> 18.946667 | AL100: =ROUNDDOWN(C100*AM100,1) -> 3588.3 | AM100: =RCFs!C$29 -> 25.093333 | AN100: =ROUNDDOWN(C100*AO100,1) -> 2877.3 | AO100: =RCFs!C$33 -> 20.121274 | AP100: =ROUNDDOWN(AN100*AP$6,1) -> 4315.9 | AQ100: =ROUNDDOWN($C100*AR100,1) -> 3745.1 | AR100: =RCFs!C$35 -> 26.19 | AS100: =ROUNDDOWN(AQ100*AS$6,1) -> 4868.6 | AT100: =ROUNDDOWN(AR100*AT$6,1) -> 37.9 | AU100: =ROUNDDOWN($C100*AV100,1) -> 2786.5 | AV100: =RCFs!C$37 -> 19.486667 | AW100: =ROUNDDOWN(AX100*C100,1) -> 2835.2 | AX100: =RCFs!C$64 -> 19.826667 | AY100: =ROUNDDOWN($C100*AZ100,1) -> 2709.3 | AZ100: =RCFs!C$39 -> 18.946667 | BA100: =ROUNDDOWN($C100*BB100,1) -> 2726.7 | BB100: =RCFs!C$41 -> 19.068115
A101: 3570 | B101: Microcatheter insertion, any cranial vessel and/or pulmonary vessel, arterial or venous (including guiding catheter placement) | C101: 218 | D101: =ROUND(E101*C101,1) -> 16408.5 | E101: =RCFs!C$43 -> 75.268515 | F101: =ROUNDDOWN($C101*G101,1) -> 4046 | G101: =RCFs!C$5 -> 18.56 | H101: =ROUNDDOWN($C101*I101,1) -> 4046 | I101: =RCFs!C$5 -> 18.56 | J101: =ROUND($C101*$I101*J$6,1) -> 4450.7 | K101: =ROUND($C101*$I101*K$6,1) -> 5543.1 | L101: =ROUND($C101*$I101*L$6,1) -> 5947.7 | M101: =ROUND($C101*$I101*M$6,1) -> 6554.6 | N101: =ROUND($C101*$I101*N$6,1) -> 8092.2 | O101: =ROUND($C101*$I101*O$6,1) -> 8699.1 | P101: =ROUND($C101*$I101*P$6,1) -> 12138.2 | Q101: =ROUNDDOWN(R101*C101,1) -> 4208.1 | R101: =RCFs!C$7 -> 19.303333 | S101: =ROUNDDOWN($Q101*S$6,1) -> 5470.5 | T101: =ROUNDDOWN($Q101*T$6,1) -> 6312.1 | U101: =ROUND(V101*C101,1) -> 4016.2 | V101: =RCFs!C$9 -> 18.423 | W101: =ROUND(X101*C101,1) -> 4016.2 | X101: =V101 -> 18.423 | Y101: =ROUNDDOWN($W101*Y$6,1) -> 4417.8 | Z101: =ROUND($C101*$X101*Z$6,1) -> 5502.2 | AA101: =ROUND($C101*$X101*AA$6,1) -> 6506.3 | AB101: =ROUND($C101*$X101*AB$6,1) -> 5903.8 | AC101: =ROUND($C101*$X101*AC$6,1) -> 8715.2 | AD101: =ROUND($C101*$X101*AD$6,1) -> 12048.6 | AE101: =ROUND(AF101*C101,1) -> 4171.1 | AF101: =RCFs!C$13 -> 19.133333 | AG101: =ROUND($AE101*AG$6,1) -> 6882.3 | AH101: =ROUND($AE101*AH$6,1) -> 8759.3 | AI101: =ROUND($AE101*AI$6,1) -> 12513.3 | AJ101: =ROUNDDOWN(C101*AK101,1) -> 4130.3 | AK101: =RCFs!C$25 -> 18.946667 | AL101: =ROUNDDOWN(C101*AM101,1) -> 5470.3 | AM101: =RCFs!C$29 -> 25.093333 | AN101: =ROUNDDOWN(C101*AO101,1) -> 4386.4 | AO101: =RCFs!C$33 -> 20.121274 | AP101: =ROUNDDOWN(AN101*AP$6,1) -> 6579.6 | AQ101: =ROUNDDOWN($C101*AR101,1) -> 5709.4 | AR101: =RCFs!C$35 -> 26.19 | AS101: =ROUNDDOWN(AQ101*AS$6,1) -> 7422.2 | AT101: =ROUNDDOWN(AR101*AT$6,1) -> 37.9 | AU101: =ROUNDDOWN($C101*AV101,1) -> 4248 | AV101: =RCFs!C$37 -> 19.486667 | AW101: =ROUNDDOWN(AX101*C101,1) -> 4322.2 | AX101: =RCFs!C$64 -> 19.826667 | AY101: =ROUNDDOWN($C101*AZ101,1) -> 4130.3 | AZ101: =RCFs!C$39 -> 18.946667 | BA101: =ROUNDDOWN($C101*BB101,1) -> 4156.8 | BB101: =RCFs!C$41 -> 19.068115
A102: 3604 | B102: Bone densitometry (to be coded once only for one or more levels done at the same session) | C102: 77 | D102: =ROUND(E102*C102,1) -> 5795.7 | E102: =RCFs!C$43 -> 75.268515 | F102: =ROUNDDOWN($C102*G102,1) -> 1429.1 | G102: =RCFs!C$5 -> 18.56 | H102: =ROUNDDOWN($C102*I102,1) -> 1429.1 | I102: =RCFs!C$5 -> 18.56 | J102: =ROUND($C102*$I102*J$6,1) -> 1572 | K102: =ROUND($C102*$I102*K$6,1) -> 1957.9 | L102: =ROUND($C102*$I102*L$6,1) -> 2100.8 | M102: =ROUND($C102*$I102*M$6,1) -> 2315.2 | N102: =ROUND($C102*$I102*N$6,1) -> 2858.2 | O102: =ROUND($C102*$I102*O$6,1) -> 3072.6 | P102: =ROUND($C102*$I102*P$6,1) -> 4287.4 | Q102: =ROUNDDOWN(R102*C102,1) -> 1486.3 | R102: =RCFs!C$7 -> 19.303333 | S102: =ROUNDDOWN($Q102*S$6,1) -> 1932.1 | T102: =ROUNDDOWN($Q102*T$6,1) -> 2229.4 | U102: =ROUND(V102*C102,1) -> 1418.6 | V102: =RCFs!C$9 -> 18.423 | W102: =ROUND(X102*C102,1) -> 1418.6 | X102: =V102 -> 18.423 | Y102: =ROUNDDOWN($W102*Y$6,1) -> 1560.4 | Z102: =ROUND($C102*$X102*Z$6,1) -> 1943.4 | AA102: =ROUND($C102*$X102*AA$6,1) -> 2298.1 | AB102: =ROUND($C102*$X102*AB$6,1) -> 2085.3 | AC102: =ROUND($C102*$X102*AC$6,1) -> 3078.3 | AD102: =ROUND($C102*$X102*AD$6,1) -> 4255.7 | AE102: =ROUND(AF102*C102,1) -> 1473.3 | AF102: =RCFs!C$13 -> 19.133333 | AG102: =ROUND($AE102*AG$6,1) -> 2430.9 | AH102: =ROUND($AE102*AH$6,1) -> 3093.9 | AI102: =ROUND($AE102*AI$6,1) -> 4419.9 | AJ102: =ROUNDDOWN(C102*AK102,1) -> 1458.8 | AK102: =RCFs!C$25 -> 18.946667 | AL102: =ROUNDDOWN(C102*AM102,1) -> 1932.1 | AM102: =RCFs!C$29 -> 25.093333 | AN102: =ROUNDDOWN(C102*AO102,1) -> 1549.3 | AO102: =RCFs!C$33 -> 20.121274 | AP102: =ROUNDDOWN(AN102*AP$6,1) -> 2323.9 | AQ102: =ROUNDDOWN($C102*AR102,1) -> 2016.6 | AR102: =RCFs!C$35 -> 26.19 | AS102: =ROUNDDOWN(AQ102*AS$6,1) -> 2621.5 | AT102: =ROUNDDOWN(AR102*AT$6,1) -> 37.9 | AU102: =ROUNDDOWN($C102*AV102,1) -> 1500.4 | AV102: =RCFs!C$37 -> 19.486667 | AW102: =ROUNDDOWN(AX102*C102,1) -> 1526.6 | AX102: =RCFs!C$64 -> 19.826667 | AY102: =ROUNDDOWN($C102*AZ102,1) -> 1458.8 | AZ102: =RCFs!C$39 -> 18.946667 | BA102: =ROUNDDOWN($C102*BB102,1) -> 1468.2 | BB102: =RCFs!C$41 -> 19.068115
A103: 3620 | B103: Cardiac examination plus Doppler colour mapping | C103: 50 | D103: =ROUND(E103*C103,1) -> 926.4 | E103: =BB103 -> 18.52785 | F103: =ROUNDDOWN($C103*G103,1) -> 906 | G103: =RCFs!F$5 -> 18.12 | H103: =ROUNDDOWN($C103*I103,1) -> 906 | I103: =RCFs!F$5 -> 18.12 | J103: =ROUND($C103*$I103*J$6,1) -> 996.6 | K103: =ROUND($C103*$I103*K$6,1) -> 1241.2 | L103: =ROUND($C103*$I103*L$6,1) -> 1331.8 | M103: =ROUND($C103*$I103*M$6,1) -> 1467.7 | N103: =ROUND($C103*$I103*N$6,1) -> 1812 | O103: =ROUND($C103*$I103*O$6,1) -> 1947.9 | P103: =ROUND($C103*$I103*P$6,1) -> 2718 | Q103: =ROUNDDOWN(R103*C103,1) -> 920.1 | R103: =RCFs!F$7 -> 18.402 | S103: =ROUNDDOWN($Q103*S$6,1) -> 1196.1 | T103: =ROUNDDOWN($Q103*T$6,1) -> 1380.1 | U103: =ROUND(V103*C103,1) -> 878.2 | V103: =RCFs!F$9 -> 17.563 | W103: =ROUND(X103*C103,1) -> 878.2 | X103: =V103 -> 17.563 | Y103: =ROUNDDOWN($W103*Y$6,1) -> 966 | Z103: =ROUND($C103*$X103*Z$6,1) -> 1203.1 | AA103: =ROUND($C103*$X103*AA$6,1) -> 1422.6 | AB103: =ROUND($C103*$X103*AB$6,1) -> 1290.9 | AC103: =ROUND($C103*$X103*AC$6,1) -> 1905.6 | AD103: =ROUND($C103*$X103*AD$6,1) -> 2634.5 | AE103: =ROUND(AF103*C103,1) -> 911.8 | AF103: =RCFs!F$13 -> 18.236 | AG103: =ROUND($AE103*AG$6,1) -> 1504.5 | AH103: =ROUND($AE103*AH$6,1) -> 1914.8 | AI103: =ROUND($AE103*AI$6,1) -> 2735.4 | AJ103: =ROUNDDOWN(C103*AK103,1) -> 902.9 | AK103: =RCFs!F$25 -> 18.058 | AL103: =ROUND(AM103*C103,1) -> 1196.2 | AM103: =RCFs!F$29 -> 23.924 | AN103: =ROUNDDOWN(C103*AO103,1) -> 958.9 | AO103: =RCFs!F$33 -> 19.17994 | AP103: =ROUNDDOWN(AN103*AP$6,1) -> 1438.3 | AQ103: =ROUNDDOWN($C103*AR103,1) -> 1247.8 | AR103: =RCFs!F$35 -> 24.956 | AS103: =ROUNDDOWN(AQ103*AS$6,1) -> 1622.1 | AT103: =ROUNDDOWN(AR103*AT$6,1) -> 36.1 | AU103: =ROUNDDOWN($C103*AV103,1) -> 929 | AV103: =RCFs!F$37 -> 18.58 | AW103: =ROUNDDOWN(AX103*C103,1) -> 944.8 | AX103: =RCFs!F$64 -> 18.896 | AY103: =ROUNDDOWN($C103*AZ103,1) -> 920.8 | AZ103: =RCFs!F$39 -> 18.416 | BA103: =ROUNDDOWN($C103*BB103,1) -> 926.3 | BB103: =RCFs!F$41 -> 18.52785
A104: 3621 | B104: Cardiac examination (MMode) | C104: 25 | D104: =ROUND(E104*C104,1) -> 463.2 | E104: =BB104 -> 18.52785 | F104: =ROUNDDOWN($C104*G104,1) -> 453 | G104: =RCFs!F$5 -> 18.12 | H104: =ROUNDDOWN($C104*I104,1) -> 453 | I104: =RCFs!F$5 -> 18.12 | J104: =ROUND($C104*$I104*J$6,1) -> 498.3 | K104: =ROUND($C104*$I104*K$6,1) -> 620.6 | L104: =ROUND($C104*$I104*L$6,1) -> 665.9 | M104: =ROUND($C104*$I104*M$6,1) -> 733.9 | N104: =ROUND($C104*$I104*N$6,1) -> 906 | O104: =ROUND($C104*$I104*O$6,1) -> 974 | P104: =ROUND($C104*$I104*P$6,1) -> 1359 | Q104: =ROUNDDOWN(R104*C104,1) -> 460 | R104: =RCFs!F$7 -> 18.402 | S104: =ROUNDDOWN($Q104*S$6,1) -> 598 | T104: =ROUNDDOWN($Q104*T$6,1) -> 690 | U104: =ROUND(V104*C104,1) -> 439.1 | V104: =RCFs!F$9 -> 17.563 | W104: =ROUND(X104*C104,1) -> 439.1 | X104: =V104 -> 17.563 | Y104: =ROUNDDOWN($W104*Y$6,1) -> 483 | Z104: =ROUND($C104*$X104*Z$6,1) -> 601.5 | AA104: =ROUND($C104*$X104*AA$6,1) -> 711.3 | AB104: =ROUND($C104*$X104*AB$6,1) -> 645.4 | AC104: =ROUND($C104*$X104*AC$6,1) -> 952.8 | AD104: =ROUND($C104*$X104*AD$6,1) -> 1317.2 | AE104: =ROUND(AF104*C104,1) -> 455.9 | AF104: =RCFs!F$13 -> 18.236 | AG104: =ROUND($AE104*AG$6,1) -> 752.2 | AH104: =ROUND($AE104*AH$6,1) -> 957.4 | AI104: =ROUND($AE104*AI$6,1) -> 1367.7 | AJ104: =ROUNDDOWN(C104*AK104,1) -> 451.4 | AK104: =RCFs!F$25 -> 18.058 | AL104: =ROUND(AM104*C104,1) -> 598.1 | AM104: =RCFs!F$29 -> 23.924 | AN104: =ROUNDDOWN(C104*AO104,1) -> 479.4 | AO104: =RCFs!F$33 -> 19.17994 | AP104: =ROUNDDOWN(AN104*AP$6,1) -> 719.1 | AQ104: =ROUNDDOWN($C104*AR104,1) -> 623.9 | AR104: =RCFs!F$35 -> 24.956 | AS104: =ROUNDDOWN(AQ104*AS$6,1) -> 811 | AT104: =ROUNDDOWN(AR104*AT$6,1) -> 36.1 | AU104: =ROUNDDOWN($C104*AV104,1) -> 464.5 | AV104: =RCFs!F$37 -> 18.58 | AW104: =ROUNDDOWN(AX104*C104,1) -> 472.4 | AX104: =RCFs!F$64 -> 18.896 | AY104: =ROUNDDOWN($C104*AZ104,1) -> 460.4 | AZ104: =RCFs!F$39 -> 18.416 | BA104: =ROUNDDOWN($C104*BB104,1) -> 463.1 | BB104: =RCFs!F$41 -> 18.52785
A105: 3622 | B105: Cardiac examination: 2 Dimensional | C105: 50 | D105: =ROUND(E105*C105,1) -> 926.4 | E105: =BB105 -> 18.52785 | F105: =ROUNDDOWN($C105*G105,1) -> 906 | G105: =RCFs!F$5 -> 18.12 | H105: =ROUNDDOWN($C105*I105,1) -> 906 | I105: =RCFs!F$5 -> 18.12 | J105: =ROUND($C105*$I105*J$6,1) -> 996.6 | K105: =ROUND($C105*$I105*K$6,1) -> 1241.2 | L105: =ROUND($C105*$I105*L$6,1) -> 1331.8 | M105: =ROUND($C105*$I105*M$6,1) -> 1467.7 | N105: =ROUND($C105*$I105*N$6,1) -> 1812 | O105: =ROUND($C105*$I105*O$6,1) -> 1947.9 | P105: =ROUND($C105*$I105*P$6,1) -> 2718 | Q105: =ROUNDDOWN(R105*C105,1) -> 920.1 | R105: =RCFs!F$7 -> 18.402 | S105: =ROUNDDOWN($Q105*S$6,1) -> 1196.1 | T105: =ROUNDDOWN($Q105*T$6,1) -> 1380.1 | U105: =ROUND(V105*C105,1) -> 878.2 | V105: =RCFs!F$9 -> 17.563 | W105: =ROUND(X105*C105,1) -> 878.2 | X105: =V105 -> 17.563 | Y105: =ROUNDDOWN($W105*Y$6,1) -> 966 | Z105: =ROUND($C105*$X105*Z$6,1) -> 1203.1 | AA105: =ROUND($C105*$X105*AA$6,1) -> 1422.6 | AB105: =ROUND($C105*$X105*AB$6,1) -> 1290.9 | AC105: =ROUND($C105*$X105*AC$6,1) -> 1905.6 | AD105: =ROUND($C105*$X105*AD$6,1) -> 2634.5 | AE105: =ROUND(AF105*C105,1) -> 911.8 | AF105: =RCFs!F$13 -> 18.236 | AG105: =ROUND($AE105*AG$6,1) -> 1504.5 | AH105: =ROUND($AE105*AH$6,1) -> 1914.8 | AI105: =ROUND($AE105*AI$6,1) -> 2735.4 | AJ105: =ROUNDDOWN(C105*AK105,1) -> 902.9 | AK105: =RCFs!F$25 -> 18.058 | AL105: =ROUND(AM105*C105,1) -> 1196.2 | AM105: =RCFs!F$29 -> 23.924 | AN105: =ROUNDDOWN(C105*AO105,1) -> 958.9 | AO105: =RCFs!F$33 -> 19.17994 | AP105: =ROUNDDOWN(AN105*AP$6,1) -> 1438.3 | AQ105: =ROUNDDOWN($C105*AR105,1) -> 1247.8 | AR105: =RCFs!F$35 -> 24.956 | AS105: =ROUNDDOWN(AQ105*AS$6,1) -> 1622.1 | AT105: =ROUNDDOWN(AR105*AT$6,1) -> 36.1 | AU105: =ROUNDDOWN($C105*AV105,1) -> 929 | AV105: =RCFs!F$37 -> 18.58 | AW105: =ROUNDDOWN(AX105*C105,1) -> 944.8 | AX105: =RCFs!F$64 -> 18.896 | AY105: =ROUNDDOWN($C105*AZ105,1) -> 920.8 | AZ105: =RCFs!F$39 -> 18.416 | BA105: =ROUNDDOWN($C105*BB105,1) -> 926.3 | BB105: =RCFs!F$41 -> 18.52785
A106: 3625 | B106: Cardiac examinations + doppler | C106: 50 | D106: =ROUND(E106*C106,1) -> 926.4 | E106: =BB106 -> 18.52785 | F106: =ROUNDDOWN($C106*G106,1) -> 906 | G106: =RCFs!F$5 -> 18.12 | H106: =ROUNDDOWN($C106*I106,1) -> 906 | I106: =RCFs!F$5 -> 18.12 | J106: =ROUND($C106*$I106*J$6,1) -> 996.6 | K106: =ROUND($C106*$I106*K$6,1) -> 1241.2 | L106: =ROUND($C106*$I106*L$6,1) -> 1331.8 | M106: =ROUND($C106*$I106*M$6,1) -> 1467.7 | N106: =ROUND($C106*$I106*N$6,1) -> 1812 | O106: =ROUND($C106*$I106*O$6,1) -> 1947.9 | P106: =ROUND($C106*$I106*P$6,1) -> 2718 | Q106: =ROUNDDOWN(R106*C106,1) -> 920.1 | R106: =RCFs!F$7 -> 18.402 | S106: =ROUNDDOWN($Q106*S$6,1) -> 1196.1 | T106: =ROUNDDOWN($Q106*T$6,1) -> 1380.1 | U106: =ROUND(V106*C106,1) -> 878.2 | V106: =RCFs!F$9 -> 17.563 | W106: =ROUND(X106*C106,1) -> 878.2 | X106: =V106 -> 17.563 | Y106: =ROUNDDOWN($W106*Y$6,1) -> 966 | Z106: =ROUND($C106*$X106*Z$6,1) -> 1203.1 | AA106: =ROUND($C106*$X106*AA$6,1) -> 1422.6 | AB106: =ROUND($C106*$X106*AB$6,1) -> 1290.9 | AC106: =ROUND($C106*$X106*AC$6,1) -> 1905.6 | AD106: =ROUND($C106*$X106*AD$6,1) -> 2634.5 | AE106: =ROUND(AF106*C106,1) -> 911.8 | AF106: =RCFs!F$13 -> 18.236 | AG106: =ROUND($AE106*AG$6,1) -> 1504.5 | AH106: =ROUND($AE106*AH$6,1) -> 1914.8 | AI106: =ROUND($AE106*AI$6,1) -> 2735.4 | AJ106: =ROUNDDOWN(C106*AK106,1) -> 902.9 | AK106: =RCFs!F$25 -> 18.058 | AL106: =ROUND(AM106*C106,1) -> 1196.2 | AM106: =RCFs!F$29 -> 23.924 | AN106: =ROUNDDOWN(C106*AO106,1) -> 958.9 | AO106: =RCFs!F$33 -> 19.17994 | AP106: =ROUNDDOWN(AN106*AP$6,1) -> 1438.3 | AQ106: =ROUNDDOWN($C106*AR106,1) -> 1247.8 | AR106: =RCFs!F$35 -> 24.956 | AS106: =ROUNDDOWN(AQ106*AS$6,1) -> 1622.1 | AT106: =ROUNDDOWN(AR106*AT$6,1) -> 36.1 | AU106: =ROUNDDOWN($C106*AV106,1) -> 929 | AV106: =RCFs!F$37 -> 18.58 | AW106: =ROUNDDOWN(AX106*C106,1) -> 944.8 | AX106: =RCFs!F$64 -> 18.896 | AY106: =ROUNDDOWN($C106*AZ106,1) -> 920.8 | AZ106: =RCFs!F$39 -> 18.416 | BA106: =ROUNDDOWN($C106*BB106,1) -> 926.3 | BB106: =RCFs!F$41 -> 18.52785
...

Sheet RCFs
A1: Code/Scheme | C1: 1204 | D1: 3604 | E1: 4076 | F1: 3620 | G1: 0017 | H1: 4561 | I1: Conults | J1: GP Consults | K1: 2614 (New) | L1: 2615 (New) | M1: MPS (Obs Potrion) | N1: Ave Deliveies p/a | O1: Schem Units 2614 | P1: Schem Units 2615 | Q1: SAMA Units 2614 | R1: SAMA Units 2615 | S1: Unique ICU RCF
A2: Units --> | C2: 30 | D2: 77 | E2: 19.1 | F2: 50 | G2: 7.5 | H2: 8.9 (GP) /13.4 (S)
C3: Clin. Pro | D3: Radiology | E3: Clin. Path | F3: Ultra | H3: Anat. Cy
A4: Bankmed | B4: 2025 | C4: 18.315 | D4: 25.947 | E4: 20.088 | F4: 17.457 | H4: 23.162
A5: Bankmed | B5: 2026 | C5: =556.8/C2 -> 18.56 | D5: 26.933 | E5: 20.711 | F5: 18.12 | H5: 23.88
A6: Bonitas - Network | B6: 2025 | C6: 18.56 | D6: 26.293506 | F6: 17.694 | G6: 29.986667
A7: Bonitas - Network | B7: 2026 | C7: =579.1/C2 -> 19.303333 | D7: =2105.6/D2 -> 27.345455 | F7: =920.1/F2 -> 18.402 | G7: =233.9/G2 -> 31.186667
A8: Discovery | B8: 2025 | C8: 17.749 | D8: 25.145 | E8: 19.944 | F8: 16.92 | H8: 23
A9: Discovery | B9: 2026 | C9: 18.423 | D9: 26.101 | E9: 20.702 | F9: 17.563 | G9: =223.3/G2 -> 29.773333 | H9: 23.874
A10: Discovery - GP Network | B10: 2025 | C10: 18.002 | D10: 25.501 | E10: 20.229 | F10: 17.164 | H10: 23.33
A11: Discovery - GP Network | B11: 2026 | C11: 18.722 | D11: 26.101 | E11: 21.038 | F11: 1.3409722 | H11: 24.263
A12: FedHealth - Network | B12: 2025 | C12: 18.556667 | D12: 26.290909 | F12: 17.688 | G12: 29.973333 | H12: 24.752809
A13: FedHealth - Network | B13: 2026 | C13: =574/C2 -> 19.133333 | D13: =2087.2/D2 -> 27.106494 | E13: =281.5/E2 -> 14.73822 | F13: =911.8/F2 -> 18.236 | G13: =231.8/G2 -> 30.906667 | H13: =227.1/13.4 -> 16.947761
A14: GEMS (non) - GP | B14: 2025 | C14: 17.083333 | D14: 24.207792 | E14: 13.167539 | F14: 16.284 | G14: 27.626667 | H14: 22.797753
A15: GEMS (non) - Paeds | B15: 2025 | C15: 17.57 | D15: 24.888312 | E15: 20.303665 | F15: 16.748 | G15: 28.386667 | H15: 23.5
A16: GEMS (non) - Gyn | B16: 2025 | C16: 17.57 | D16: 24.888312 | E16: 20.303665 | F16: 16.748 | G16: 28.386667 | H16: 23.5
A17: GEMS (non) - Physician Fraternity - 17, 18, 19, 20, 21, 31 - Surgical Fraternity - 24, 26, 28, 30, 36, 42, 44, 46, 114 | B17: 2025 | C17: 18.376667 | D17: 26.024675 | E17: 21.240838 | F17: 17.516 | G17: 29.706667 | H17: 22.977612 | K17: 0 | L17: 0 | M17: 0 | N17: 0 | O17: 0 | P17: 0 | Q17: 0 | R17: 0 | S17: 0
A18: GEMS (Con) - GP | B18: 2025 | C18: 19.046667 | D18: 26.980519 | E18: 14.680628 | F18: 18.168 | G18: 30.746667 | H18: 25.438202
A19: GEMS (Con) - Paeds | B19: 2025 | C19: 24.326667 | D19: 34.487013 | E19: 28.136126 | F19: 23.202 | G19: 39.373333 | H19: 32.455224
A20: GEMS (Con) - Gyn | B20: 2025 | C20: 24.326667 | D20: 34.487013 | E20: 28.136126 | F20: 23.202 | G20: 39.373333 | H20: 32.455224
A21: GEMS (Con) - 17 -18 - 19 - 20 - 21 - 31 | B21: 2025 | C21: 24.34 | D21: 34.487013 | E21: 21.649215 | F21: 23.204 | G21: 39.386667 | H21: 24.962687
A22: GEMS (non) - GP | B22: 2026 | C22: =527.1/C2 -> 17.57 | D22: =1917.1/D2 -> 24.897403 | E22: =258.7/E2 -> 13.544503 | F22: =837.4/F2 -> 16.748 | G22: =213.1/G2 -> 28.413333 | H22: =208.7/8.9 -> 23.449438
A23: GEMS (non) - Paeds | B23: 2026 | C23: =542.1/C2 -> 18.07 | D23: =1971/D2 -> 25.597403 | E23: =398.9/E2 -> 20.884817 | F23: =861.3/F2 -> 17.226 | G23: =219/G2 -> 29.2 | H23: =322.9/13.4 -> 24.097015
A24: GEMS (non) - Gyn | B24: 2026 | C24: 18.07 | D24: 25.597403 | E24: 20.884817 | F24: 17.226 | G24: 29.2 | H24: 24.097015
A25: GEMS (non) - Physician Fraternity - 17, 18, 19, 20, 21, 31 - Surgical Fraternity - 24, 26, 28, 30, 36, 42, 44, 46, 114 | B25: 2026 | C25: =568.4/C2 -> 18.946667 | D25: =2066/D2 -> 26.831169 | E25: =418.3/E2 -> 21.900524 | F25: =902.9/F2 -> 18.058 | G25: =229.7/G2 -> 30.626667 | H25: =338.3/13.4 -> 25.246269 | K25: =K31:Z31 -> 0 | L25: =L31:AA31 -> 0 | M25: =M31:AB31 -> 0 | N25: =N31:AC31 -> 0 | O25: =O31:AD31 -> 0 | P25: =P31:AE31 -> 0 | Q25: =Q31:AF31 -> 0 | R25: =R31:AG31 -> 0 | S25: =S31:AH31 -> 0
A26: GEMS (Con) - GP | B26: 2026 | C26: =589.1/C2 -> 19.636667 | D26: =2141.9/D2 -> 27.816883 | E26: =289.1/E2 -> 15.136126 | F26: =936.1/F2 -> 18.722 | G26: =237.7/G2 -> 31.693333 | H26: =233.4/8.9 -> 26.224719
A27: GEMS (Con) - Paeds | B27: 2026 | C27: 25.08 | D27: 35.555844 | E27: 29.010471 | F27: 23.922 | G27: 40.6 | H27: 33.462687
A28: GEMS (Con) - Gyn | B28: 2026 | C28: =752.4/C2 -> 25.08 | D28: =2737.8/D2 -> 35.555844 | E28: =554.1/E2 -> 29.010471 | F28: =1196.1/F2 -> 23.922 | G28: =304.5/G2 -> 40.6 | H28: =448.4/13.4 -> 33.462687
A29: GEMS (Con Phys) - 17 -18 - 19 - 20 - 21 - 31 | B29: 2026 | C29: =752.8/C2 -> 25.093333 | D29: =2737.8/D2 -> 35.555844 | E29: =426.3/E2 -> 22.319372 | F29: =1196.2/F2 -> 23.924 | G29: =304.6/G2 -> 40.613333 | H29: =344.9/13.4 -> 25.738806
A30: GEMS | B30: 2025
A31: GEMS | B31: 2026
A32: KeyHealth | B32: 2025 | C32: 19.366 | D32: 27.433 | E32: 22.388 | F32: 18.46 | H32: 25.82 | I32: 31.272 | J32: 35.058
A33: KeyHealth | B33: 2026 | C33: =C32*1.039 -> 20.121274 | D33: =D32*1.039 -> 28.502887 | E33: =E32*1.039 -> 23.261132 | F33: =F32*1.039 -> 19.17994 | G33: =G32*1.039 -> 0 | H33: =H32*1.039 -> 26.82698 | I33: 32.491 | J33: 36.425
A34: Polmed Network | B34: 2025 | C34: 19.276667 | D34: 27.302597 | E34: 14.848168 | F34: 18.37 | G34: 31.106667 | H34: 13.134328
A35: Polmed Network | B35: 2026 | C35: =785.7/C2 -> 26.19 | D35: =2865/D2 -> 37.207792 | E35: =296.7/E2 -> 15.534031 | F35: =1247.8/F2 -> 24.956 | G35: =317.1/G2 -> 42.28 | H35: =239.1/13.4 -> 17.843284
A36: Bestmed Non-network | B36: 2025 | C36: 18.7 | D36: 26.498701 | E36: 14.418848 | F36: 17.832 | H36: 16.380597
A37: Bestmed Non-network | B37: 2026 | C37: =584.6/C2 -> 19.486667 | D37: =2126.1/D2 -> 27.611688 | E37: =287/E2 -> 15.026178 | F37: =929/F2 -> 18.58 | H37: =228.7/13.4 -> 17.067164
A38: Medihelp | B38: 2025 | C38: 18.323333 | D38: 25.796104 | E38: 18.17801 | F38: 17.36 | H38: 20.955224
A39: Medihelp | B39: 2026 | C39: =568.4/C2 -> 18.946667 | D39: =2107.3/D2 -> 27.367532 | E39: =354.1/E2 -> 18.539267 | F39: =920.8/F2 -> 18.416 | G39: =229.47/G2 -> 30.596 | H39: =286.4/13.4 -> 21.373134
A40: ProfMed | B40: 2025 | C40: 18.247 | D40: 25.849 | E40: 21.095 | F40: 17.73 | H40: 24.799 | I40: 29.465 | J40: 33.672
A41: ProfMed | B41: 2026 | C41: =C40*1.045 -> 19.068115 | D41: =D40*1.045 -> 27.012205 | E41: =E40*1.045 -> 22.044275 | F41: =F40*1.045 -> 18.52785 | G41: =G40*1.045 -> 0 | H41: =H40*1.045 -> 25.914955 | I41: 30.791 | J41: 35.187
A42: HealthMan - Specialists | B42: 2025 | C42: 71.889699 | K42: 57.131115 | L42: 56.761626 | M42: 1112676.9 | N42: 155 | O42: 282 | P42: 267 | Q42: 462 | R42: 447
A43: HealthMan - Specialists | B43: 2026 | C43: =C42*1.047 -> 75.268515 | K43: =($M43/$N43+O43*$C43)/Q43 -> 61.978346 | L43: =($M43/$N43+P43*$C43)/R43 -> 61.532367 | M43: =675300*1.15*1.125*1.125*1.07*1.058*1.032 -> 1148282.6 | N43: 155 | O43: 282 | P43: 267 | Q43: 462 | R43: 447
A44: HealthMan - Psychiatry | B44: 2025 | C44: 61.814602
A45: HealthMan - Psychiatry | B45: 2026 | C45: =C44*1.047 -> 64.719889
A46: HealthMan - GP | B46: 2025 | C46: 56.467509 | K46: 48.208324 | L46: 48.029955 | M46: 1112676.9 | N46: 155 | O46: 282 | P46: 267 | Q46: 462 | R46: 447
A47: HealthMan - GP | B47: 2026 | C47: =C46*1.047 -> 59.121482 | K47: =($M47/$N47+O47*$C47)/Q47 -> 52.122365 | L47: =($M47/$N47+P47*$C47)/R47 -> 51.887495 | M47: =M43 -> 1148282.6 | N47: 155 | O47: 282 | P47: 267 | Q47: 462 | R47: 447
A49: BestMed Network | B49: 2025
A50: BestMed Network | B50: 2026
A51: Bonitas - non Network | B51: 2025
A52: Bonitas - non Network | B52: 2026
A53: Discovery ICU - Non Network | B53: 2025 | S53: =504.3/30 -> 16.81
A54: Discovery ICU - Non Network | B54: 2026 | S54: =523.5/30 -> 17.45
A55: Discovery ICU - Network | B55: 2025 | S55: =537.4/30 -> 17.913333
A56: Discovery ICU - Network | B56: 2026 | S56: =557.8/30 -> 18.593333
A58: GEMS (Con) - Surgeons - Surgical Fraternity - 24, 26, 28, 30, 36, 42, 44, 46, 114 | B58: 2025 | C58: 23.28 | D58: 25.362338 | E58: 20.696335 | F58: 22.186 | G58: 28.946667 | H58: 23.865672
A59: GEMS (Con) - Surgeons - Surgical Fraternity - 24, 26, 28, 30, 36, 42, 44, 46, 114 | B59: 2026 | C59: =753.1/C2 -> 25.103333 | D59: =2106/D2 -> 27.350649 | E59: =426.3/E2 -> 22.319372 | F59: =1196.3/F2 -> 23.926 | G59: =234.1/G2 -> 31.213333 | H59: =334.9/13.4 -> 24.992537
A61: Polmed Non Network | B61: 2025
A62: Polmed Non Network | B62: 2026
A63: CAMAF | B63: 2025 | C63: 18.971 | D63: 27.377 | F63: 18.082
A64: CAMAF | B64: 2026 | C64: =594.8/C2 -> 19.826667 | D64: =2209.9/D2 -> 28.7 | F64: =944.8/F2 -> 18.896
